Workbook
Name Adm: '[1]COSTO DIRECTO'!#REF!
Name Imprev: '[1]COSTO DIRECTO'!#REF!
Name IvaSUtl: '[1]COSTO DIRECTO'!#REF!
Name SbtPpto: '[1]COSTO DIRECTO'!#REF!
Name ssss: '[1]COSTO DIRECTO'!#REF!
Name Utilidad: '[1]COSTO DIRECTO'!#REF!

Sheet PRESUPUESTO
A1: REPÚBLICA DE COLOMBIA
A2: DEPARTAMENTO DE ARAUCA
A3: ALCALDIA DE ARAUCA
A4: SECRETARIA DE OBRAS PÚBLICAS MUNICIPAL
A5: PRESUPUESTO OFICIAL
A7: PROYECTO: RECONSTRUCCION DEL MALECÓN ECOTURISTICO, DEL MUNICIPIO DE ARAUCA, DEPARTAMENTO DE ARAUCA.
A9: ITEM | B9: DESCRIPCIÓN | C9: UNIDAD | D9: CANTIDAD | E9: PRECIO UNITARIO | F9: VALOR PARCIAL
A10: 1 | B10: PRELIMINARES, DESMONTES Y DEMOLICIONES
A11: =+A10+0.01 -> 1.01 | B11: =+'[2]1,1'!$E$16 -> LOCALIZACION Y REPLANTEO TOPOGRAFICO | C11: M2 | D11: =+'[3]1,1'!$Q$160 -> 48139.11 | E11: =+'[2]1,1'!$I$60 -> 6635 | F11: =+D11*E11 -> 3.1940299e+08 | G11: 6458.4 | H11: =+G11*D11 -> 3.1090163e+08 | I11: 6635 | J11: =+I11-E11 -> 0 | K11: =+I11*D11 -> 3.1940299e+08 | M11: =+K11-H11 -> 8501366.8 | N11: 2000 | O11: =+N11*D11 -> 96278220
A12: =+A11+0.01 -> 1.02 | B12: =+'[2]1,2'!$E$16 -> DEMOLICION MANUAL PLACA DE CCTO-ANDEN | C12: M2 | D12: =+'[3]1,2'!$Q$160 -> 9526.51 | E12: =+'[2]1,2'!$I$60 -> 18887 | F12: =+D12*E12 -> 1.7992719e+08 | G12: 18247.95 | H12: =+G12*D12 -> 1.7383928e+08 | I12: 18887 | J12: =+I12-E12 -> 0 | K12: =+I12*D12 -> 1.7992719e+08 | M12: =+K12-H12 -> 6087916.2 | N12: 12000 | O12: =+N12*D12 -> 1.1431812e+08
A13: =+A12+0.01 -> 1.03 | B13: =+'[2]1,3'!$E$16 -> DEMOLICION DE SARDINEL 12X40 | C13: ML | D13: =+'[3]1,3'!$Q$48 -> 1627.2 | E13: =+'[2]1,3'!$I$60 -> 18887 | F13: =+D13*E13 -> 30732926 | G13: 18247.95 | H13: =+G13*D13 -> 29693064 | I13: 18887 | J13: =+I13-E13 -> 0 | K13: =+I13*D13 -> 30732926 | M13: =+K13-H13 -> 1039862.2 | N13: 12000 | O13: =+N13*D13 -> 19526400
A14: =+A13+0.01 -> 1.04 | B14: =+'[2]1,4'!$E$16 -> DEMOLICION MANUAL DE MURO EN BLOQUE DE ARCILLA N° 5 E=0.15 M. | C14: M2 | D14: =+'[3]1,4'!$Q$104 -> 665.17 | E14: =+'[2]1,4'!$I$60 -> 11804 | F14: =+D14*E14 -> 7851666.7 | G14: 11404.8 | H14: =+G14*D14 -> 7586130.8 | I14: 11804 | J14: =+I14-E14 -> 0 | K14: =+I14*D14 -> 7851666.7 | M14: =+K14-H14 -> 265535.86 | N14: 4500 | O14: =+N14*D14 -> 2993265
A15: =+A14+0.01 -> 1.05 | B15: =+#REF! -> #REF! | C15: M3 | D15: =+'[3]1,5'!$Q$48 -> 6.84 | E15: =+#REF! -> #REF! | F15: =+D15*E15 -> #REF! | G15: 124868.25 | H15: =+G15*D15 -> 854098.83 | I15: 125979 | J15: =+I15-E15 -> #REF! | K15: =+I15*D15 -> 861696.36 | M15: =+K15-H15 -> 7597.53 | N15: 54000 | O15: =+N15*D15 -> 369360
A16: =+A15+0.01 -> 1.06 | B16: =+'[2]1,6'!$E$16 -> DESMONTE DE CUBIERTA EXISTENTE EN ADBESTO CEMENTO-FIBROCEMENTO | C16: M2 | D16: =+'[3]1,6'!$Q$48 -> 89.3 | E16: =+'[2]1,6'!$I$60 -> 11191 | F16: =+D16*E16 -> 999356.3 | G16: 10817.55 | H16: =+G16*D16 -> 966007.22 | I16: 11191 | J16: =+I16-E16 -> 0 | K16: =+I16*D16 -> 999356.3 | M16: =+K16-H16 -> 33349.085 | N16: 5000 | O16: =+N16*D16 -> 446500
A17: =+A16+0.01 -> 1.07 | B17: =+'[2]1,7'!$E$16 -> DEMOLICION PISO EN ADOQUIN | C17: M2 | D17: =+'[3]1,7'!$Q$48 -> 2520.51 | E17: =+'[2]1,7'!$I$60 -> 15788 | F17: =+D17*E17 -> 39793812 | G17: 15253.65 | H17: =+G17*D17 -> 38446977 | I17: 15788 | J17: =+I17-E17 -> 0 | K17: =+I17*D17 -> 39793812 | M17: =+K17-H17 -> 1346834.5 | N17: 7000 | O17: =+N17*D17 -> 17643570
A18: =+A17+0.01 -> 1.08 | B18: =+'[2]1,8'!$E$16 -> DESMONTE DE SARDINEL EN LADRILLO PRENSADO | C18: ML | D18: =+'[3]1,8'!$Q$48 -> 1614.52 | E18: =+'[2]1,8'!$I$60 -> 4663 | F18: =+D18*E18 -> 7528506.8 | G18: 4506.3 | H18: =+G18*D18 -> 7275511.5 | I18: 4663 | J18: =+I18-E18 -> 0 | K18: =+I18*D18 -> 7528506.8 | M18: =+K18-H18 -> 252995.28 | N18: 2000 | O18: =+N18*D18 -> 3229040
A19: =+A18+0.01 -> 1.09 | B19: =+#REF! -> #REF! | C19: M2 | D19: =+'[3]1,9'!$Q$48 -> 829.68 | E19: =+#REF! -> #REF! | F19: =+D19*E19 -> #REF! | G19: 88399.35 | H19: =+G19*D19 -> 73343173 | I19: 90175 | J19: =+I19-E19 -> #REF! | K19: =+I19*D19 -> 74816394 | M19: =+K19-H19 -> 1473221.3 | N19: 35000 | O19: =+N19*D19 -> 29038800
A20: =+A19+0.01 -> 1.1 | B20: =+#REF! -> #REF! | C20: KM | D20: =+'[3]1,10'!$Q$48 -> 1.63 | E20: =+#REF! -> #REF! | F20: =+D20*E20 -> #REF! | G20: 2033347.1 | H20: =+G20*D20 -> 3314355.7 | I20: 2639525 | J20: =+I20-E20 -> #REF! | K20: =+I20*D20 -> 4302425.8 | M20: =+K20-H20 -> 988070.06 | N20: 1000000 | O20: =+N20*D20 -> 1630000
A21: =+A20+0.01 -> 1.11 | B21: =+#REF! -> #REF! | C21: UN | D21: =+'[3]1,11'!$Q$48 -> 32 | E21: =+#REF! -> #REF! | F21: =+D21*E21 -> #REF! | G21: 42711.3 | H21: =+G21*D21 -> 1366761.6 | I21: 44207 | J21: =+I21-E21 -> #REF! | K21: =+I21*D21 -> 1414624 | M21: =+K21-H21 -> 47862.4 | N21: 10000 | O21: =+N21*D21 -> 320000
A22: =+A21+0.01 -> 1.12 | B22: =+#REF! -> #REF! | C22: UN | D22: =+'[3]1,12'!$Q$48 -> 164 | E22: =+#REF! -> #REF! | F22: =+D22*E22 -> #REF! | G22: 42711.3 | H22: =+G22*D22 -> 7004653.2 | I22: 44207 | J22: =+I22-E22 -> #REF! | K22: =+I22*D22 -> 7249948 | M22: =+K22-H22 -> 245294.8 | N22: 10000 | O22: =+N22*D22 -> 1640000
A23: =+A22+0.01 -> 1.13 | B23: =+#REF! -> #REF! | C23: M3 | D23: =+'[3]1,13'!$Q$48 -> 1314.54 | E23: =+#REF! -> #REF! | F23: =+D23*E23 -> #REF! | G23: 30071.25 | H23: =+G23*D23 -> 39529861 | I23: 30503 | J23: =+I23-E23 -> #REF! | K23: =+I23*D23 -> 40097414 | M23: =+K23-H23 -> 567552.64 | N23: 15000 | O23: =+N23*D23 -> 19718100
E24: SUBTOTAL PRELIMINARES, DESMONTES Y DEMOLICIONES | F24: =SUM(F11:F23) -> #REF! | J24: =+I24-E24 -> #VALUE! | O24: =+N24*D24 -> 0
A25: 2 | B25: MOVIMIENTOS DE TIERRAS, EXCAVACIONES Y RELLENOS | G25: 0 | H25: =+G25*D25 -> 0 | J25: =+I25-E25 -> 0 | K25: =+I25*D25 -> 0 | M25: =+K25-H25 -> 0 | O25: =+N25*D25 -> 0
A26: =+A25+0.01 -> 2.01 | B26: =+'[2]2,1'!$E$16 -> EXCAVACION MANUAL EN MATERIAL COMUN ENTRE 0-2 M. DE PROFUNDIDAD | C26: M3 | D26: =+'[3]2,1'!$Q$160 -> 19345.14 | E26: =+'[2]2,1'!$I$60 -> 34976 | F26: =+D26*E26 -> 6.7661562e+08 | G26: 33791.85 | H26: =+G26*D26 -> 6.5370807e+08 | I26: 34976 | J26: =+I26-E26 -> 0 | K26: =+I26*D26 -> 6.7661562e+08 | M26: =+K26-H26 -> 22907548 | N26: 18000 | O26: =+N26*D26 -> 348212520
A27: =+A26+0.01 -> 2.02 | B27: =+'[2]2,2'!$E$16 -> NIVELADO DE PISO Y COMPATACION CON RANA | C27: M2 | D27: =+'[3]2,2'!$Q$48 -> 22128.06 | E27: =+'[2]2,2'!$I$60 -> 5504 | F27: =+D27*E27 -> 1.2179284e+08 | G27: 5422.95 | H27: =+G27*D27 -> 1.1999936e+08 | I27: 5504 | J27: =+I27-E27 -> 0 | K27: =+I27*D27 -> 1.2179284e+08 | M27: =+K27-H27 -> 1793479.3 | N27: 2000 | O27: =+N27*D27 -> 44256120
A28: =+A27+0.01 -> 2.03 | B28: =+'[2]2,3'!$E$16 -> RELLENO Y COMPACTACION CON RANA | C28: M3 | D28: =+'[3]2,3'!$Q$160 -> 15588.3 | E28: =+'[2]2,3'!$I$60 -> 63559 | F28: =+D28*E28 -> 9.9077676e+08 | G28: 62920.8 | H28: =+G28*D28 -> 9.8082831e+08 | I28: 63559 | J28: =+I28-E28 -> 0 | K28: =+I28*D28 -> 9.9077676e+08 | M28: =+K28-H28 -> 9948453.1 | N28: 32000 | O28: =+N28*D28 -> 498825600
A29: =+A28+0.01 -> 2.04 | B29: =+'[2]2,4'!$E$16 -> SUB BASE GRANULAR EXTENDIDA Y COMPACTADA CON RANA-CON TOPOGRAFIA | C29: M3 | D29: =+'[3]2,4'!$Q$160 -> 1600.9 | E29: =+'[2]2,4'!$I$60 -> 409005 | F29: =+D29*E29 -> 6.547761e+08 | G29: 396477.45 | H29: =+G29*D29 -> 6.3472075e+08 | I29: 409005 | J29: =+I29-E29 -> 0 | K29: =+I29*D29 -> 6.547761e+08 | M29: =+K29-H29 -> 20055355 | N29: 195000 | O29: =+N29*D29 -> 312175500
A30: =+A29+0.01 -> 2.05 | B30: =+'[2]2,5'!$E$16 -> CARGUE MANUAL TRANSPORTE Y DISPOSICION FINAL DE ESCOMBROS | C30: M3 | D30: =+'[3]2,5'!$Q$48 -> 19345.14 | E30: =+'[2]2,5'!$I$60 -> 30503 | F30: =+D30*E30 -> 5.9008481e+08 | G30: 30071.25 | H30: =+G30*D30 -> 5.8173254e+08 | I30: =+I23 -> 30503 | J30: =+I30-E30 -> 0 | K30: =+I30*D30 -> 5.9008481e+08 | M30: =+K30-H30 -> 8352264.2 | N30: 15000 | O30: =+N30*D30 -> 290177100
A31: =+A30+0.01 -> 2.06 | B31: =+#REF! -> #REF! | C31: M2 | D31: =+'[3]2,6'!$Q$48 -> 22128.06 | E31: =+#REF! -> #REF! | F31: =+D31*E31 -> #REF! | G31: 18191.25 | H31: =+G31*D31 -> 4.0253707e+08 | I31: 18257 | J31: =+I31-E31 -> #REF! | K31: =+I31*D31 -> 4.0399199e+08 | M31: =+K31-H31 -> 1454919.9 | N31: 5500 | O31: =+N31*D31 -> 121704330
E32: SUBTOTAL MOVIMIENTOS DE TIERRAS, EXCAVACIONES Y RELLENOS | F32: =SUM(F26:F31) -> #REF! | J32: =+I32-E32 -> #VALUE! | O32: =+N32*D32 -> 0
A33: 3 | B33: REDES HIDRAULICAS, SANITARIAS Y PLUVIALES | G33: 0 | H33: =+G33*D33 -> 0 | J33: =+I33-E33 -> 0 | K33: =+I33*D33 -> 0 | M33: =+K33-H33 -> 0 | O33: =+N33*D33 -> 0
A34: =+A33+0.01 -> 3.01 | B34: =+'[2]3,1'!$E$16 -> DESMONTE DE MEDIDOR DE AGUA | C34: UN | D34: =+'[3]3,1'!$Q$48 -> 3 | E34: =+'[2]3,1'!$I$60 -> 41683 | F34: =+D34*E34 -> 125049 | G34: 40273.2 | H34: =+G34*D34 -> 120819.6 | I34: 41683 | J34: =+I34-E34 -> 0 | K34: =+I34*D34 -> 125049 | M34: =+K34-H34 -> 4229.4 | N34: 15000 | O34: =+N34*D34 -> 45000
A35: =+A34+0.01 -> 3.02 | B35: =+'[2]3,2'!$E$16 -> MEDIDOR VOLUMETRICO 1/2 pulg. INSTALADO CON CAJA Y VALVULA ANTIFRAUDE | C35: UN | D35: =+'[3]3,2'!$Q$48 -> 6 | E35: =+'[2]3,2'!$I$60 -> 305772 | F35: =+D35*E35 -> 1834632 | G35: 298491.75 | H35: =+G35*D35 -> 1790950.5 | I35: 305772 | J35: =+I35-E35 -> 0 | K35: =+I35*D35 -> 1834632 | M35: =+K35-H35 -> 43681.5 | N35: 145000 | O35: =+N35*D35 -> 870000
B36: REDES MÓDULO VENTAS | G36: 0 | H36: =+G36*D36 -> 0 | J36: =+I36-E36 -> 0 | K36: =+I36*D36 -> 0 | M36: =+K36-H36 -> 0 | O36: =+N36*D36 -> 0
A37: =+A35+0.01 -> 3.03 | B37: =+'[2]3,3'!$E$16 -> CAJA DE INSPECCION 1.00x1.00x1.00 EN LADRILLO TOLETE | C37: UN | D37: =+'[3]3,3'!$Q$48 -> 10 | E37: =+'[2]3,3'!$I$60 -> 1188656 | F37: =+D37*E37 -> 11886560 | G37: 1139960.2 | H37: =+G37*D37 -> 11399602 | I37: 1188656 | J37: =+I37-E37 -> 0 | K37: =+I37*D37 -> 11886560 | M37: =+K37-H37 -> 486957.5 | N37: 400000 | O37: =+N37*D37 -> 4000000
A38: =+A37+0.01 -> 3.04 | B38: =+'[2]3,4'!$E$16 -> PUNTO HIDRAULICO PVC-P 1/2pulg. | C38: UN | D38: =+'[3]3,4'!$Q$48 -> 6 | E38: =+'[2]3,4'!$I$60 -> 41849 | F38: =+D38*E38 -> 251094 | G38: 39339 | H38: =+G38*D38 -> 236034 | I38: 41849 | J38: =+I38-E38 -> 0 | K38: =+I38*D38 -> 251094 | M38: =+K38-H38 -> 15060 | N38: 19000 | O38: =+N38*D38 -> 114000
A39: =+A38+0.01 -> 3.05 | B39: =+'[2]3,5'!$E$16 -> PUNTO SANITARIO TUBERIA PVC 2 PULG. | C39: UN | D39: =+'[3]3,5'!$Q$48 -> 6 | E39: =+'[2]3,5'!$I$60 -> 59469 | F39: =+D39*E39 -> 356814 | G39: 54302.4 | H39: =+G39*D39 -> 325814.4 | I39: 59469 | J39: =+I39-E39 -> 0 | K39: =+I39*D39 -> 356814 | M39: =+K39-H39 -> 30999.6 | N39: 28000 | O39: =+N39*D39 -> 168000
A40: =+A39+0.01 -> 3.06 | B40: =+#REF! -> #REF! | C40: UN | D40: =+'[3]3,6'!$Q$48 -> 8 | E40: =+#REF! -> #REF! | F40: =+D40*E40 -> #REF! | G40: 88581.6 | H40: =+G40*D40 -> 708652.8 | I40: 96485 | J40: =+I40-E40 -> #REF! | K40: =+I40*D40 -> 771880 | M40: =+K40-H40 -> 63227.2 | N40: 42000 | O40: =+N40*D40 -> 336000
A41: =+A40+0.01 -> 3.07 | B41: =+#REF! -> #REF! | C41: UN | D41: =+'[3]3,7'!$Q$48 -> 6 | E41: =+#REF! -> #REF! | F41: =+D41*E41 -> #REF! | G41: 34807.05 | H41: =+G41*D41 -> 208842.3 | I41: 38854 | J41: =+I41-E41 -> #REF! | K41: =+I41*D41 -> 233124 | M41: =+K41-H41 -> 24281.7 | N41: 15000 | O41: =+N41*D41 -> 90000
A42: =+A41+0.01 -> 3.08 | B42: =+#REF! -> #REF! | C42: UN | D42: =+'[3]3,8'!$Q$48 -> 6 | E42: =+#REF! -> #REF! | F42: =+D42*E42 -> #REF! | G42: 70155.45 | H42: =+G42*D42 -> 420932.7 | I42: 75900 | J42: =+I42-E42 -> #REF! | K42: =+I42*D42 -> 455400 | M42: =+K42-H42 -> 34467.3 | N42: 35000 | O42: =+N42*D42 -> 210000
A43: =+A42+0.01 -> 3.09 | B43: =+#REF! -> #REF! | C43: UN | D43: =+'[3]3,9'!$Q$48 -> 6 | E43: =+#REF! -> #REF! | F43: =+D43*E43 -> #REF! | G43: 153843.3 | H43: =+G43*D43 -> 923059.8 | I43: 159155 | J43: =+I43-E43 -> #REF! | K43: =+I43*D43 -> 954930 | M43: =+K43-H43 -> 31870.2 | N43: 65000 | O43: =+N43*D43 -> 390000
A44: =+A43+0.01 -> 3.1 | B44: =+#REF! -> #REF! | C44: ML | D44: =+'[3]3,10'!$Q$48 -> 30 | E44: =+#REF! -> #REF! | F44: =+D44*E44 -> #REF! | G44: 42383.25 | H44: =+G44*D44 -> 1271497.5 | I44: 45610 | J44: =+I44-E44 -> #REF! | K44: =+I44*D44 -> 1368300 | M44: =+K44-H44 -> 96802.5 | N44: 20000 | O44: =+N44*D44 -> 600000
A45: =+A44+0.01 -> 3.11 | B45: =+#REF! -> #REF! | C45: ML | D45: =+'[3]3,11'!$Q$48 -> 30 | E45: =+#REF! -> #REF! | F45: =+D45*E45 -> #REF! | G45: 39833.1 | H45: =+G45*D45 -> 1194993 | I45: 43511 | J45: =+I45-E45 -> #REF! | K45: =+I45*D45 -> 1305330 | M45: =+K45-H45 -> 110337 | N45: 23000 | O45: =+N45*D45 -> 690000
A46: =+A45+0.01 -> 3.12 | B46: =+#REF! -> #REF! | C46: ML | D46: =+'[3]3,12'!$Q$48 -> 40 | E46: =+#REF! -> #REF! | F46: =+D46*E46 -> #REF! | G46: 56808 | H46: =+G46*D46 -> 2272320 | I46: 62014 | J46: =+I46-E46 -> #REF! | K46: =+I46*D46 -> 2480560 | M46: =+K46-H46 -> 208240 | N46: 30000 | O46: =+N46*D46 -> 1200000
A47: =+A46+0.01 -> 3.13 | B47: =+#REF! -> #REF! | C47: ML | D47: =+'[3]3,13'!$Q$48 -> 66 | E47: =+#REF! -> #REF! | F47: =+D47*E47 -> #REF! | G47: 14611.05 | H47: =+G47*D47 -> 964329.3 | I47: 17785 | J47: =+I47-E47 -> #REF! | K47: =+I47*D47 -> 1173810 | M47: =+K47-H47 -> 209480.7 | N47: 8000 | O47: =+N47*D47 -> 528000
E48: SUBTOTAL REDES HIDRAULICAS, SANITARIAS Y PLUVIALES | F48: =SUM(F34:F47) -> #REF! | J48: =+I48-E48 -> #VALUE! | O48: =+N48*D48 -> 0
A49: 4 | B49: SUBESTRUCTURAS, ESTRUCTURAS Y REFUERZOS | G49: 0 | H49: =+G49*D49 -> 0 | J49: =+I49-E49 -> 0 | K49: =+I49*D49 -> 0 | M49: =+K49-H49 -> 0 | O49: =+N49*D49 -> 0
A50: =+A49+0.01 -> 4.01 | B50: =+#REF! -> #REF! | C50: M2 | D50: =+'[3]4,1'!$Q$48 -> 9954.27 | E50: =+#REF! -> #REF! | F50: =+D50*E50 -> #REF! | G50: 31521.15 | H50: =+G50*D50 -> 3.1377004e+08 | I50: 32466 | J50: =+I50-E50 -> #REF! | K50: =+I50*D50 -> 3.2317533e+08 | M50: =+K50-H50 -> 9405292 | N50: 18000 | O50: =+N50*D50 -> 179176860 | Q50: =8*26000 -> 208000
A51: =+A50+0.01 -> 4.02 | B51: =+#REF! -> #REF! | C51: ML | D51: =+'[3]4,2'!$Q$48 -> 2797.91 | E51: =+#REF! -> #REF! | F51: =+D51*E51 -> #REF! | G51: 122748.75 | H51: =+G51*D51 -> 3.4343996e+08 | I51: 124612 | J51: =+I51-E51 -> #REF! | K51: =+I51*D51 -> 3.4865316e+08 | M51: =+K51-H51 -> 5213205.8 | N51: 55000 | O51: =+N51*D51 -> 153885050 | Q51: 50000
A52: =+A51+0.01 -> 4.03 | B52: =+#REF! -> #REF! | C52: ML | D52: =+'[3]4,3'!$Q$48 -> 3077.54 | E52: =+#REF! -> #REF! | F52: =+D52*E52 -> #REF! | G52: 110704.05 | H52: =+G52*D52 -> 3.4069614e+08 | I52: 112440 | J52: =+I52-E52 -> #REF! | K52: =+I52*D52 -> 3.460386e+08 | M52: =+K52-H52 -> 5342455.6 | N52: 50000 | O52: =+N52*D52 -> 153877000
A53: =+A52+0.01 -> 4.04 | B53: =+#REF! -> #REF! | C53: ML | D53: =+'[3]4,4'!$Q$48 -> 252.96 | E53: =+#REF! -> #REF! | F53: =+D53*E53 -> #REF! | G53: 146950.2 | H53: =+G53*D53 -> 37172523 | I53: 163947 | J53: =+I53-E53 -> #REF! | K53: =+I53*D53 -> 41472033 | M53: =+K53-H53 -> 4299510.5 | N53: 65000 | O53: =+N53*D53 -> 16442400
A54: =+A53+0.01 -> 4.05 | B54: =+#REF! -> #REF! | C54: M2 | D54: =+'[3]4,5'!$Q$48 -> 338.63 | E54: =+#REF! -> #REF! | F54: =+D54*E54 -> #REF! | G54: 142150.95 | H54: =+G54*D54 -> 48136576 | I54: 148175 | J54: =+I54-E54 -> #REF! | K54: =+I54*D54 -> 50176500 | M54: =+K54-H54 -> 2039924.1 | N54: 80000 | O54: =+N54*D54 -> 27090400
A55: =+A54+0.01 -> 4.06 | B55: =+#REF! -> #REF! | C55: UN | D55: =+'[3]4,6'!$Q$48 -> 18 | E55: =+#REF! -> #REF! | F55: =+D55*E55 -> #REF! | G55: 858824.1 | H55: =+G55*D55 -> 15458834 | I55: 955948 | J55: =+I55-E55 -> #REF! | K55: =+I55*D55 -> 17207064 | M55: =+K55-H55 -> 1748230.2 | N55: 420000 | O55: =+N55*D55 -> 7560000
B56: CANCHAS MULTIPLES | G56: 0 | H56: =+G56*D56 -> 0 | J56: =+I56-E56 -> 0 | K56: =+I56*D56 -> 0 | M56: =+K56-H56 -> 0 | O56: =+N56*D56 -> 0
A57: =+A55+0.01 -> 4.07 | B57: =+#REF! -> #REF! | C57: M2 | D57: =+'[3]4,7'!$Q$48 -> 1097.3 | E57: =+#REF! -> #REF! | F57: =+D57*E57 -> #REF! | G57: 40050.45 | H57: =+G57*D57 -> 43947359 | I57: 42462 | J57: =+I57-E57 -> #REF! | K57: =+I57*D57 -> 46593553 | M57: =+K57-H57 -> 2646193.8 | N57: 20000 | O57: =+N57*D57 -> 21946000
A58: =+A57+0.01 -> 4.08 | B58: =+#REF! -> #REF! | C58: M2 | D58: =+'[3]4,8'!$Q$48 -> 1037.23 | E58: =+#REF! -> #REF! | F58: =+D58*E58 -> #REF! | G58: 123954.3 | H58: =+G58*D58 -> 1.2856912e+08 | I58: 129375 | J58: =+I58-E58 -> #REF! | K58: =+I58*D58 -> 1.3419163e+08 | M58: =+K58-H58 -> 5622512.7 | N58: 72000 | O58: =+N58*D58 -> 74680560
A59: =+A58+0.01 -> 4.09 | B59: =+#REF! -> #REF! | C59: ML | D59: =+'[3]4,9'!$Q$48 -> 682.98 | E59: =+#REF! -> #REF! | F59: =+D59*E59 -> #REF! | G59: 8121.6 | H59: =+G59*D59 -> 5546890.4 | I59: 8334 | J59: =+I59-E59 -> #REF! | K59: =+I59*D59 -> 5691955.3 | M59: =+K59-H59 -> 145064.95 | N59: 3600 | O59: =+N59*D59 -> 2458728
A60: =+A59+0.01 -> 4.1 | B60: =+#REF! -> #REF! | C60: UND | D60: =+'[3]4,10'!$Q$48 -> 4 | E60: =+#REF! -> #REF! | F60: =+D60*E60 -> #REF! | G60: 6818887.8 | H60: =+G60*D60 -> 27275551 | I60: 7087948 | J60: =+I60-E60 -> #REF! | K60: =+I60*D60 -> 28351792 | M60: =+K60-H60 -> 1076240.8 | N60: 1400000 | O60: =+N60*D60 -> 5600000
A61: =+A60+0.01 -> 4.11 | B61: =+#REF! -> #REF! | C61: M2 | D61: =+'[3]4,11'!$Q$48 -> 2156.71 | E61: =+#REF! -> #REF! | F61: =+D61*E61 -> #REF! | G61: 16753.5 | H61: =+G61*D61 -> 36132441 | I61: 16804 | J61: =+I61-E61 -> #REF! | K61: =+I61*D61 -> 36241355 | M61: =+K61-H61 -> 108913.86 | N61: 7500 | O61: =+N61*D61 -> 16175325
A62: =+A61+0.01 -> 4.12 | B62: =+#REF! -> #REF! | C62: M3 | D62: =+'[3]4,12'!$Q$48 -> 27.49 | E62: =+#REF! -> #REF! | F62: =+D62*E62 -> #REF! | G62: 1700366.9 | H62: =+G62*D62 -> 46743085 | I62: 1765353 | J62: =+I62-E62 -> #REF! | K62: =+I62*D62 -> 48529554 | M62: =+K62-H62 -> 1786469.3 | N62: 800000 | O62: =+N62*D62 -> 21992000
A63: =+A62+0.01 -> 4.13 | B63: =+#REF! -> #REF! | C63: ML | D63: =+'[3]4,13'!$Q$48 -> 160 | E63: =+#REF! -> #REF! | F63: =+D63*E63 -> #REF! | G63: 70144.65 | H63: =+G63*D63 -> 11223144 | I63: 70486 | J63: =+I63-E63 -> #REF! | K63: =+I63*D63 -> 11277760 | M63: =+K63-H63 -> 54616 | N63: 36000 | O63: =+N63*D63 -> 5760000
B64: PARQUE SKATE | G64: 0 | H64: =+G64*D64 -> 0 | J64: =+I64-E64 -> 0 | K64: =+I64*D64 -> 0 | M64: =+K64-H64 -> 0 | O64: =+N64*D64 -> 0
A65: =+A63+0.01 -> 4.14 | B65: =+#REF! -> #REF! | C65: M2 | D65: =+'[3]4,14'!$Q$48 -> 638.49 | E65: =+#REF! -> #REF! | F65: =+D65*E65 -> #REF! | G65: 40050.45 | H65: =+G65*D65 -> 25571812 | I65: =+I57 -> 42462 | J65: =+I65-E65 -> #REF! | K65: =+I65*D65 -> 27111562 | M65: =+K65-H65 -> 1539750.6 | N65: =+N57 -> 20000 | O65: =+N65*D65 -> 12769800
A66: =+A65+0.01 -> 4.15 | B66: =+#REF! -> #REF! | C66: M2 | D66: =+'[3]4,15'!$Q$48 -> 638.49 | E66: =+#REF! -> #REF! | F66: =+D66*E66 -> #REF! | G66: 123954.3 | H66: =+G66*D66 -> 79143581 | I66: =+I58 -> 129375 | J66: =+I66-E66 -> #REF! | K66: =+I66*D66 -> 82604644 | M66: =+K66-H66 -> 3461062.7 | N66: =+N58 -> 72000 | O66: =+N66*D66 -> 45971280
B67: ESTRUCTURA DE CONTENCION | G67: 0 | H67: =+G67*D67 -> 0 | J67: =+I67-E67 -> 0 | K67: =+I67*D67 -> 0 | M67: =+K67-H67 -> 0 | O67: =+N67*D67 -> 0
A68: =+A66+0.01 -> 4.16 | B68: =+#REF! -> #REF! | C68: ML | D68: =+'[3]4,16'!$Q$48 -> 2810.5 | E68: =+#REF! -> #REF! | F68: =+D68*E68 -> #REF! | G68: 486837 | H68: =+G68*D68 -> 1.3682554e+09 | I68: 489447 | J68: =+I68-E68 -> #REF! | K68: =+I68*D68 -> 1.3755908e+09 | M68: =+K68-H68 -> 7335405 | N68: 220000 | O68: =+N68*D68 -> 618310000
A69: =+A68+0.01 -> 4.17 | B69: =+#REF! -> #REF! | C69: M3 | D69: =+'[3]4,17'!$Q$48 -> 2054.28 | E69: =+#REF! -> #REF! | F69: =+D69*E69 -> #REF! | G69: 1630330.2 | H69: =+G69*D69 -> 3.3491547e+09 | I69: 1665472 | J69: =+I69-E69 -> #REF! | K69: =+I69*D69 -> 3.4213458e+09 | M69: =+K69-H69 -> 72191097 | N69: 850000 | O69: =+N69*D69 -> 1.746138e+09
A70: =+A69+0.01 -> 4.18 | B70: =+#REF! -> #REF! | C70: KG | D70: =+'[3]4,18'!$Q$48 -> 332155.89 | E70: =+#REF! -> #REF! | F70: =+D70*E70 -> #REF! | G70: 7543.8 | H70: =+G70*D70 -> 2.5057176e+09 | I70: 9808 | J70: =+I70-E70 -> #REF! | K70: =+I70*D70 -> 3.257785e+09 | M70: =+K70-H70 -> 7.5206737e+08 | N70: 4900 | O70: =+N70*D70 -> 1627563861
A71: =+A70+0.01 -> 4.19 | B71: =+#REF! -> #REF! | C71: UND | D71: =+'[3]4,19'!$Q$48 -> 110 | E71: =+#REF! -> #REF! | F71: =+D71*E71 -> #REF! | G71: 51945.3 | H71: =+G71*D71 -> 5713983 | I71: 52402 | J71: =+I71-E71 -> #REF! | K71: =+I71*D71 -> 5764220 | M71: =+K71-H71 -> 50237 | N71: 25000 | O71: =+N71*D71 -> 2750000
A72: =+A71+0.01 -> 4.2 | B72: =+#REF! -> #REF! | C72: ML | D72: =+'[3]4,20'!$Q$48 -> 312.2 | E72: =+#REF! -> #REF! | F72: =+D72*E72 -> #REF! | G72: 73618.2 | H72: =+G72*D72 -> 22983602 | I72: 74330 | J72: =+I72-E72 -> #REF! | K72: =+I72*D72 -> 23205826 | M72: =+K72-H72 -> 222223.96 | N72: 30000 | O72: =+N72*D72 -> 9366000
E73: SUBTOTAL SUBESTRUCTURAS, ESTRUCTURAS Y REFUERZOS | F73: =SUM(F50:F72) -> #REF! | J73: =+I73-E73 -> #VALUE! | O73: =+N73*D73 -> 0
A74: 5 | B74: ACABADOS DE URBANISMO | G74: 0 | H74: =+G74*D74 -> 0 | J74: =+I74-E74 -> 0 | K74: =+I74*D74 -> 0 | M74: =+K74-H74 -> 0 | O74: =+N74*D74 -> 0
A75: =+A74+0.01 -> 5.01 | B75: =+#REF! -> #REF! | C75: M2 | D75: =+'[3]5,1'!$Q$48 -> 684.87 | E75: =+#REF! -> #REF! | F75: =+D75*E75 -> #REF! | G75: 192663.9 | H75: =+G75*D75 -> 1.3194973e+08 | I75: 193582 | J75: =+I75-E75 -> #REF! | K75: =+I75*D75 -> 1.325785e+08 | M75: =+K75-H75 -> 628779.15 | N75: 72000 | O75: =+N75*D75 -> 49310640
A76: =+A75+0.01 -> 5.02 | B76: =+#REF! -> #REF! | C76: M2 | D76: =+'[3]5,2'!$Q$48 -> 603.65 | E76: =+#REF! -> #REF! | F76: =+D76*E76 -> #REF! | G76: 201521.25 | H76: =+G76*D76 -> 1.216483e+08 | I76: 202669 | J76: =+I76-E76 -> #REF! | K76: =+I76*D76 -> 1.2234114e+08 | M76: =+K76-H76 -> 692839.29 | N76: 72000 | O76: =+N76*D76 -> 43462800
A77: =+A76+0.01 -> 5.03 | B77: =+#REF! -> #REF! | C77: M2 | D77: =+'[3]5,3'!$Q$48 -> 66.72 | E77: =+#REF! -> #REF! | F77: =+D77*E77 -> #REF! | G77: 201237.75 | H77: =+G77*D77 -> 13426583 | I77: 202385 | J77: =+I77-E77 -> #REF! | K77: =+I77*D77 -> 13503127 | M77: =+K77-H77 -> 76544.52 | N77: 72000 | O77: =+N77*D77 -> 4803840
A78: =+A77+0.01 -> 5.04 | B78: =+#REF! -> #REF! | C78: M2 | D78: =+'[3]5,4'!$Q$48 -> 4479.79 | E78: =+#REF! -> #REF! | F78: =+D78*E78 -> #REF! | G78: 3740.85 | H78: =+G78*D78 -> 16758222 | I78: 3752 | J78: =+I78-E78 -> #REF! | K78: =+I78*D78 -> 16808172 | M78: =+K78-H78 -> 49949.658 | N78: 1800 | O78: =+N78*D78 -> 8063622
A79: =+A78+0.01 -> 5.05 | B79: =+#REF! -> #REF! | C79: M3 | D79: =+'[3]5,5'!$Q$48 -> 447.98 | E79: =+#REF! -> #REF! | F79: =+D79*E79 -> #REF! | G79: 958878 | H79: =+G79*D79 -> 4.2955817e+08 | I79: 1525558 | J79: =+I79-E79 -> #REF! | K79: =+I79*D79 -> 6.8341947e+08 | M79: =+K79-H79 -> 2.5386131e+08 | N79: 680000 | O79: =+N79*D79 -> 304626400
A80: =+A79+0.01 -> 5.06 | B80: =+#REF! -> #REF! | C80: M2 | D80: =+'[3]5,6'!$Q$48 -> 9954.27 | E80: =+#REF! -> #REF! | F80: =+D80*E80 -> #REF! | G80: 240868.35 | H80: =+G80*D80 -> 2.3976686e+09 | I80: 247018 | J80: =+I80-E80 -> #REF! | K80: =+I80*D80 -> 2.4588839e+09 | M80: =+K80-H80 -> 61215277 | N80: 114000 | O80: =+N80*D80 -> 1134786780
A81: =+A80+0.01 -> 5.07 | B81: =+#REF! -> #REF! | C81: ML | D81: =+'[3]5,7'!$Q$48 -> 8461.13 | E81: =+#REF! -> #REF! | F81: =+D81*E81 -> #REF! | G81: 17749.8 | H81: =+G81*D81 -> 1.5018337e+08 | I81: 18049 | J81: =+I81-E81 -> #REF! | K81: =+I81*D81 -> 1.5271494e+08 | M81: =+K81-H81 -> 2531570.1 | N81: 8000 | O81: =+N81*D81 -> 67689040
A82: =+A81+0.01 -> 5.08 | B82: =+#REF! -> #REF! | C82: M2 | D82: =+'[3]5,8'!$Q$48 -> 12173.79 | E82: =+#REF! -> #REF! | F82: =+D82*E82 -> #REF! | G82: 209561.85 | H82: =+G82*D82 -> 2.551162e+09 | I82: 211024 | J82: =+I82-E82 -> #REF! | K82: =+I82*D82 -> 2.5689619e+09 | M82: =+K82-H82 -> 17799907 | N82: 87000 | O82: =+N82*D82 -> 1.0591197e+09
B83: PISOS MÓDULO VENTAS | G83: 0 | H83: =+G83*D83 -> 0 | J83: =+I83-E83 -> 0 | K83: =+I83*D83 -> 0 | M83: =+K83-H83 -> 0 | O83: =+N83*D83 -> 0
A84: =+A82+0.01 -> 5.09 | B84: =+#REF! -> #REF! | C84: UND | D84: =+'[3]5,9'!$Q$48 -> 6 | E84: =+#REF! -> #REF! | F84: =+D84*E84 -> #REF! | G84: 10170463 | H84: =+G84*D84 -> 61022776 | I84: 10709592 | J84: =+I84-E84 -> #REF! | K84: =+I84*D84 -> 64257552 | M84: =+K84-H84 -> 3234776.4 | N84: 6000000 | O84: =+N84*D84 -> 36000000
A85: =+A84+0.01 -> 5.1 | B85: =+#REF! -> #REF! | C85: UND | D85: =+'[3]5,10'!$Q$48 -> 6 | E85: =+#REF! -> #REF! | F85: =+D85*E85 -> #REF! | G85: 3467611.4 | H85: =+G85*D85 -> 20805668 | I85: 3469303 | J85: =+I85-E85 -> #REF! | K85: =+I85*D85 -> 20815818 | M85: =+K85-H85 -> 10149.9 | N85: 1470000 | O85: =+N85*D85 -> 8820000
E86: SUBTOTAL ACABADOS DE URBANISMO | F86: =SUM(F75:F85) -> #REF! | J86: =+I86-E86 -> #VALUE! | O86: =+N86*D86 -> 0
A87: 6 | B87: CARPINTERÍAS, MOBILIARIO URBANO Y SEÑALIZACIÓN | G87: 0 | H87: =+G87*D87 -> 0 | J87: =+I87-E87 -> 0 | K87: =+I87*D87 -> 0 | M87: =+K87-H87 -> 0 | O87: =+N87*D87 -> 0
A88: =+A87+0.01 -> 6.01 | B88: =+#REF! -> #REF! | C88: M2 | D88: =+'[3]6,1'!$Q$48 -> 161.2 | E88: =+#REF! -> #REF! | F88: =+D88*E88 -> #REF! | G88: 35036.55 | H88: =+G88*D88 -> 5647891.9 | I88: 35925 | J88: =+I88-E88 -> #REF! | K88: =+I88*D88 -> 5791110 | M88: =+K88-H88 -> 143218.14 | N88: 9800 | O88: =+N88*D88 -> 1579760
A89: =+A88+0.01 -> 6.02 | B89: =+#REF! -> #REF! | C89: UN | D89: =+'[3]6,2'!$Q$48 -> 38 | E89: =+#REF! -> #REF! | F89: =+D89*E89 -> #REF! | G89: 350715.15 | H89: =+G89*D89 -> 13327176 | I89: 353049 | J89: =+I89-E89 -> #REF! | K89: =+I89*D89 -> 13415862 | M89: =+K89-H89 -> 88686.3 | N89: 220000 | O89: =+N89*D89 -> 8360000
A90: =+A89+0.01 -> 6.03 | B90: =+#REF! -> #REF! | C90: UN | D90: =+'[3]6,3'!$Q$48 -> 67 | E90: =+#REF! -> #REF! | F90: =+D90*E90 -> #REF! | G90: 2591233.2 | H90: =+G90*D90 -> 1.7361262e+08 | I90: 2593309 | J90: =+I90-E90 -> #REF! | K90: =+I90*D90 -> 173751703 | M90: =+K90-H90 -> 139078.6 | N90: 980000 | O90: =+N90*D90 -> 65660000
A91: =+A90+0.01 -> 6.04 | B91: =+#REF! -> #REF! | C91: UN | D91: =+'[3]6,4'!$Q$48 -> 32 | E91: =+#REF! -> #REF! | F91: =+D91*E91 -> #REF! | G91: 3354088.5 | H91: =+G91*D91 -> 107330832 | I91: 3356128 | J91: =+I91-E91 -> #REF! | K91: =+I91*D91 -> 107396096 | M91: =+K91-H91 -> 65264 | N91: 1200000 | O91: =+N91*D91 -> 38400000
A92: =+A91+0.01 -> 6.05 | B92: =+#REF! -> #REF! | C92: ML | D92: =+'[3]6,5'!$Q$48 -> 1579.51 | E92: =+#REF! -> #REF! | F92: =+D92*E92 -> #REF! | G92: 622374.3 | H92: =+G92*D92 -> 9.8304643e+08 | I92: 624958 | J92: =+I92-E92 -> #REF! | K92: =+I92*D92 -> 9.8712741e+08 | M92: =+K92-H92 -> 4080980 | N92: 300000 | O92: =+N92*D92 -> 473853000
A93: =+A92+0.01 -> 6.06 | B93: =+#REF! -> #REF! | C93: ML | D93: =+'[3]6,6'!$Q$48 -> 963.2 | E93: =+#REF! -> #REF! | F93: =+D93*E93 -> #REF! | G93: 930957.3 | H93: =+G93*D93 -> 8.9669807e+08 | I93: 933305 | J93: =+I93-E93 -> #REF! | K93: =+I93*D93 -> 898959376 | M93: =+K93-H93 -> 2261304.6 | N93: 360000 | O93: =+N93*D93 -> 346752000
A94: =+A93+0.01 -> 6.07 | B94: =+#REF! -> #REF! | C94: UN | D94: =+'[3]6,7'!$Q$48 -> 42 | E94: =+#REF! -> #REF! | F94: =+D94*E94 -> #REF! | G94: 1658383.2 | H94: =+G94*D94 -> 69652094 | I94: 1659594 | J94: =+I94-E94 -> #REF! | K94: =+I94*D94 -> 69702948 | M94: =+K94-H94 -> 50853.6 | N94: 680000 | O94: =+N94*D94 -> 28560000
A95: =+A94+0.01 -> 6.08 | B95: =+#REF! -> #REF! | C95: UN | D95: =+'[3]6,8'!$Q$48 -> 2 | E95: =+#REF! -> #REF! | F95: =+D95*E95 -> #REF! | G95: 22396777 | H95: =+G95*D95 -> 44793554 | I95: 22457691 | J95: =+I95-E95 -> #REF! | K95: =+I95*D95 -> 44915382 | M95: =+K95-H95 -> 121828.5 | N95: 8900000 | O95: =+N95*D95 -> 17800000
A96: =+A95+0.01 -> 6.09 | B96: =+#REF! -> #REF! | C96: UN | D96: =+#REF! -> #REF! | E96: =+#REF! -> #REF! | F96: =+D96*E96 -> #REF! | G96: 1475162.6 | H96: =+G96*D96 -> #REF! | I96: 1501798 | J96: =+I96-E96 -> #REF! | K96: =+I96*D96 -> #REF! | M96: =+K96-H96 -> #REF! | N96: 950000 | O96: =+N96*D96 -> #REF!
A97: =+A96+0.01 -> 6.1 | B97: =+#REF! -> #REF! | C97: UN | D97: =+'[3]6,10'!$Q$48 -> 2 | E97: =+#REF! -> #REF! | F97: =+D97*E97 -> #REF! | G97: 653198.85 | H97: =+G97*D97 -> 1306397.7 | I97: 653947 | J97: =+I97-E97 -> #REF! | K97: =+I97*D97 -> 1307894 | M97: =+K97-H97 -> 1496.3 | N97: 30000 | O97: =+N97*D97 -> 60000
A98: =+A97+0.01 -> 6.11 | B98: =+#REF! -> #REF! | C98: UN | D98: =+'[3]6,11'!$Q$48 -> 2 | E98: =+#REF! -> #REF! | F98: =+D98*E98 -> #REF! | G98: 10177126 | H98: =+G98*D98 -> 20354252 | I98: 10185437 | J98: =+I98-E98 -> #REF! | K98: =+I98*D98 -> 20370874 | M98: =+K98-H98 -> 16621.6 | N98: 1500000 | O98: =+N98*D98 -> 3000000
A99: =+A98+0.01 -> 6.12 | B99: =+#REF! -> #REF! | C99: UN | D99: =+'[3]6,12'!$Q$48 -> 2 | E99: =+#REF! -> #REF! | F99: =+D99*E99 -> #REF! | G99: 5203450.8 | H99: =+G99*D99 -> 10406902 | I99: 5211762 | J99: =+I99-E99 -> #REF! | K99: =+I99*D99 -> 10423524 | M99: =+K99-H99 -> 16622.4 | N99: 1500000 | O99: =+N99*D99 -> 3000000
A100: =+A99+0.01 -> 6.13 | B100: =+#REF! -> #REF! | C100: UN | D100: =+'[3]6,13'!$Q$48 -> 2 | E100: =+#REF! -> #REF! | F100: =+D100*E100 -> #REF! | G100: 7744350.6 | H100: =+G100*D100 -> 15488701 | I100: 7752661 | J100: =+I100-E100 -> #REF! | K100: =+I100*D100 -> 15505322 | M100: =+K100-H100 -> 16620.8 | N100: 1500000 | O100: =+N100*D100 -> 3000000
A101: =+A100+0.01 -> 6.14 | B101: =+#REF! -> #REF! | C101: UN | D101: =+'[3]6,14'!$Q$48 -> 1 | E101: =+#REF! -> #REF! | F101: =+D101*E101 -> #REF! | G101: 14095461 | H101: =+G101*D101 -> 14095461 | I101: 14103771 | J101: =+I101-E101 -> #REF! | K101: =+I101*D101 -> 14103771 | M101: =+K101-H101 -> 8310.3 | N101: 1500000 | O101: =+N101*D101 -> 1500000
A102: =+A101+0.01 -> 6.15 | B102: =+#REF! -> #REF! | C102: UN | D102: =+'[3]6,15'!$Q$48 -> 1 | E102: =+#REF! -> #REF! | F102: =+D102*E102 -> #REF! | G102: 10130854 | H102: =+G102*D102 -> 10130854 | I102: 10139164 | J102: =+I102-E102 -> #REF! | K102: =+I102*D102 -> 10139164 | M102: =+K102-H102 -> 8310.4 | N102: 2500000 | O102: =+N102*D102 -> 2500000
...

Sheet PRESUPUESTO INCL AIU
A1: REPÚBLICA DE COLOMBIA
A2: DEPARTAMENTO DE ARAUCA
A3: ALCALDIA DE ARAUCA
A4: SECRETARIA DE OBRAS PÚBLICAS MUNICIPAL
A5: PRESUPUESTO OFICIAL
A7: PROYECTO: MALECOM ARAUCA POR LA PAZ: "CONSTRUCCIÓN DE OBRAS DE PROTECCION CONTRA EROSION E INUNDACION, OBRAS DE URBANISMO, Y DOTACION DE MOBILIARIO URBANO EN EL MALECOM ECOTURISTICO EN EL MUNICIPIO DE ARAUCA, DEPARTAMENTO ARAUCA
A9: ITEM | B9: DESCRIPCIÓN | C9: UNIDAD | D9: CANTIDAD | E9: PRECIO UNITARIO | F9: VALOR PARCIAL
A10: 1 | B10: PRELIMINARES, DESMONTES Y DEMOLICIONES
A11: =+A10+0.01 -> 1.01 | B11: LOCALIZACION Y REPLANTEO TOPOGRAFICO | C11: M2 | D11: =+#REF! -> #REF! | E11: =+'[4]1,1'!$I$60 -> 6458 | F11: =+D11*E11 -> #REF!
A12: =+A11+0.01 -> 1.02 | B12: DEMOLICION MANUAL PLACA DE CCTO-ANDEN | C12: M2 | D12: =+#REF! -> #REF! | E12: =+'[4]1,2'!$I$60 -> 18248 | F12: =+D12*E12 -> #REF!
A13: =+A12+0.01 -> 1.03 | B13: DEMOLICION DE SARDINEL 12X40 | C13: ML | D13: =+#REF! -> #REF! | E13: =+'[4]1,3'!$I$60 -> 18248 | F13: =+D13*E13 -> #REF!
A14: =+A13+0.01 -> 1.04 | B14: DEMOLICION MANUAL DE MURO EN BLOQUE DE ARCILLA N° 5 E=0.15 M. | C14: M2 | D14: =+#REF! -> #REF! | E14: =+'[4]1,4'!$I$60 -> 11405 | F14: =+D14*E14 -> #REF!
A15: =+A14+0.01 -> 1.05 | B15: DEMOLICION MECANICA DE ESTRUCTURAS EN CONCRETO INCLUYE RECOLECCION | C15: M3 | D15: =+#REF! -> #REF! | E15: =+'[4]1,5'!$I$60 -> 124868 | F15: =+D15*E15 -> #REF!
A16: =+A15+0.01 -> 1.06 | B16: DESMONTE DE CUBIERTA EXISTENTE EN ADBESTO CEMENTO-FIBROCEMENTO | C16: M2 | D16: =+#REF! -> #REF! | E16: =+'[4]1,6'!$I$60 -> 10818 | F16: =+D16*E16 -> #REF!
A17: =+A16+0.01 -> 1.07 | B17: DEMOLICION PISO EN ADOQUIN | C17: M2 | D17: =+#REF! -> #REF! | E17: =+'[4]1,7'!$I$60 -> 15254 | F17: =+D17*E17 -> #REF!
A18: =+A17+0.01 -> 1.08 | B18: DESMONTE DE SARDINEL EN LADRILLO PRENSADO | C18: ML | D18: =+#REF! -> #REF! | E18: =+'[4]1,8'!$I$60 -> 4506 | F18: =+D18*E18 -> #REF!
A19: =+A18+0.01 -> 1.09 | B19: DEMOLICION PAVIMENTO RIGIDO REFORZADO E=015 M. | C19: M2 | D19: =+#REF! -> #REF! | E19: =+'[4]1,9'!$I$60 -> 88399 | F19: =+D19*E19 -> #REF!
A20: =+A19+0.01 -> 1.1 | B20: DESMONTAJE RED ABIERTA B.T. MONOF. ACSR | C20: KM | D20: =+#REF! -> #REF! | E20: =+#REF! -> #REF! | F20: =+D20*E20 -> #REF!
A21: =+A20+0.01 -> 1.11 | B21: DESMONTE SEÑAL VIAL Y VALLAS INFORMATIVA | C21: UN | D21: =+#REF! -> #REF! | E21: =+'[4]1,11'!$I$60 -> 42712 | F21: =+D21*E21 -> #REF!
A22: =+A21+0.01 -> 1.12 | B22: DESMONTE POSTES METALICOS Y LAMPARAS | C22: UN | D22: =+#REF! -> #REF! | E22: =+'[4]1,12'!$I$60 -> 42712 | F22: =+D22*E22 -> #REF!
A23: =+A22+0.01 -> 1.13 | B23: CARGUE MANUAL TRANSPORTE Y DISPOSICION FINAL DE ESCOMBROS | C23: M3 | D23: =+#REF! -> #REF! | E23: =+'[4]1,13'!$I$60 -> 30072 | F23: =+D23*E23 -> #REF!
E24: SUBTOTAL PRELIMINARES, DESMONTES Y DEMOLICIONES | F24: =SUM(F11:F23) -> #REF!
A25: 2 | B25: MOVIMIENTOS DE TIERRAS, EXCAVACIONES Y RELLENOS
A26: =+A25+0.01 -> 2.01 | B26: EXCAVACION MANUAL EN MATERIAL COMUN ENTRE 0-2 M. DE PROFUNDIDAD | C26: M3 | D26: =+#REF! -> #REF! | E26: =+'[4]2,1'!$I$60 -> 33792 | F26: =+D26*E26 -> #REF!
A27: =+A26+0.01 -> 2.02 | B27: NIVELADO DE PISO Y COMPATACION CON RANA | C27: M2 | D27: =+#REF! -> #REF! | E27: =+'[4]2,2'!$I$60 -> 5424 | F27: =+D27*E27 -> #REF!
A28: =+A27+0.01 -> 2.03 | B28: RELLENO Y COMPACTACION CON RANA | C28: M3 | D28: =+#REF! -> #REF! | E28: =+'[4]2,3'!$I$60 -> 62921 | F28: =+D28*E28 -> #REF!
A29: =+A28+0.01 -> 2.04 | B29: SUB BASE GRANULAR EXTENDIDA Y COMPACTADA CON RANA-CON TOPOGRAFIA | C29: M3 | D29: =+#REF! -> #REF! | E29: =+'[4]2,4'!$I$60 -> 396477 | F29: =+D29*E29 -> #REF!
A30: =+A29+0.01 -> 2.05 | B30: =+B23 -> CARGUE MANUAL TRANSPORTE Y DISPOSICION FINAL DE ESCOMBROS | C30: M3 | D30: =+#REF! -> #REF! | E30: =+'[4]2,5'!$I$60 -> 30072 | F30: =+D30*E30 -> #REF!
A31: =+A30+0.01 -> 2.06 | B31: GEOTEXTIL TR 4000 O SIMILAR | C31: M2 | D31: =+#REF! -> #REF! | E31: =+'[4]2,6'!$I$60 -> 18191 | F31: =+D31*E31 -> #REF!
E32: SUBTOTAL MOVIMIENTOS DE TIERRAS, EXCAVACIONES Y RELLENOS | F32: =SUM(F26:F31) -> #REF!
A33: 3 | B33: REDES HIDRAULICAS, SANITARIAS Y PLUVIALES
A34: =+A33+0.01 -> 3.01 | B34: DESMONTE DE MEDIDOR DE AGUA | C34: UN | D34: =+#REF! -> #REF! | E34: =+'[4]3,1'!$I$60 -> 40273 | F34: =+D34*E34 -> #REF!
A35: =+A34+0.01 -> 3.02 | B35: MEDIDOR VOLUMETRICO 1/2 pulg. INSTALADO CON CAJA Y VALVULA ANTIFRAUDE | C35: UN | D35: =+#REF! -> #REF! | E35: =+'[4]3,2'!$I$60 -> 298492 | F35: =+D35*E35 -> #REF!
B36: REDES MÓDULO VENTAS
A37: =+A35+0.01 -> 3.03 | B37: CAJA DE INSPECCION 1.00x1.00x1.00 EN LADRILLO TOLETE | C37: UN | D37: =+#REF! -> #REF! | E37: =+'[4]3,3'!$I$60 -> 1139960 | F37: =+D37*E37 -> #REF!
A38: =+A37+0.01 -> 3.04 | B38: PUNTO HIDRAULICO PVC-P 1/2pulg. | C38: UN | D38: =+#REF! -> #REF! | E38: =+'[4]3,4'!$I$60 -> 39338 | F38: =+D38*E38 -> #REF!
A39: =+A38+0.01 -> 3.05 | B39: PUNTO SANITARIO TUBERIA PVC 2 PULG. | C39: UN | D39: =+#REF! -> #REF! | E39: =+'[4]3,5'!$I$60 -> 54303 | F39: =+D39*E39 -> #REF!
A40: =+A39+0.01 -> 3.06 | B40: PUNTO SANITARIO TUBERIA PVC 4 PULG. | C40: UN | D40: =+#REF! -> #REF! | E40: =+'[4]3,6'!$I$60 -> 88581 | F40: =+D40*E40 -> #REF!
A41: =+A40+0.01 -> 3.07 | B41: SIFON DE 3 pulg. | C41: UN | D41: =+#REF! -> #REF! | E41: =+'[4]3,7'!$I$60 -> 34807 | F41: =+D41*E41 -> #REF!
A42: =+A41+0.01 -> 3.08 | B42: PUNTO SANITARIO TUBERIA PVC 3 PULG. | C42: UN | D42: =+#REF! -> #REF! | E42: =+'[4]3,8'!$I$60 -> 70155 | F42: =+D42*E42 -> #REF!
A43: =+A42+0.01 -> 3.09 | B43: ACOMETIDA HIDRAULICA EN PVCP 1/2pulg. | C43: UN | D43: =+#REF! -> #REF! | E43: =+'[4]3,9'!$I$60 -> 153844 | F43: =+D43*E43 -> #REF!
A44: =+A43+0.01 -> 3.1 | B44: TUBERIA PVC-SANITARIA 2pulg. | C44: ML | D44: =+#REF! -> #REF! | E44: =+'[4]3,10'!$I$60 -> 42383 | F44: =+D44*E44 -> #REF!
A45: =+A44+0.01 -> 3.11 | B45: TUBERIA PVC-SANITARIA 3pulg. | C45: ML | D45: =+#REF! -> #REF! | E45: =+'[4]3,11'!$I$60 -> 39833 | F45: =+D45*E45 -> #REF!
A46: =+A45+0.01 -> 3.12 | B46: TUBERIA PVC-SANITARIA 4pulg. | C46: ML | D46: =+#REF! -> #REF! | E46: =+'[4]3,12'!$I$60 -> 56808 | F46: =+D46*E46 -> #REF!
A47: =+A46+0.01 -> 3.13 | B47: RED DE DISTRIBUCION PVC-P 1/2pulg. | C47: ML | D47: =+#REF! -> #REF! | E47: =+'[4]3,13'!$I$60 -> 14611 | F47: =+D47*E47 -> #REF!
E48: SUBTOTAL REDES HIDRAULICAS, SANITARIAS Y PLUVIALES | F48: =SUM(F34:F47) -> #REF!
A49: 4 | B49: SUBESTRUCTURAS, ESTRUCTURAS Y REFUERZOS
A50: =+A49+0.01 -> 4.01 | B50: MORTERO DE NIVELACION E=0.04 M | C50: M2 | D50: =+#REF! -> #REF! | E50: =+'[4]4,1'!$I$60 -> 31521 | F50: =+D50*E50 -> #REF!
A51: =+A50+0.01 -> 4.02 | B51: SARDINEL PREF.CCTO 3500 PSI-20*50*80 CMS (A-10) INCLUYE TOPOGRAFIA | C51: ML | D51: 2021 | E51: =+'[4]4,2'!$I$60 -> 122749 | F51: =+D51*E51 -> 248075729
A52: =+A51+0.01 -> 4.03 | B52: SARDINEL PREF.CCTO 3500PSI-.35*.20*.80 M (A-70)-CON TOPOGRAFIA | C52: ML | D52: =+#REF! -> #REF! | E52: =+'[4]4,3'!$I$60 -> 110705 | F52: =+D52*E52 -> #REF!
A53: =+A52+0.01 -> 4.04 | B53: ESCALON EN C/CTO REF. (2 NIV.) H=0.30 M. | C53: ML | D53: =+#REF! -> #REF! | E53: =+'[4]4,4'!$I$60 -> 146950 | F53: =+D53*E53 -> #REF!
A54: =+A53+0.01 -> 4.05 | B54: RAMPA C/CTO 3000 PSI E=0.10 M REFORZADA | C54: M2 | D54: =+#REF! -> #REF! | E54: =+'[4]4,5'!$I$60 -> 142151 | F54: =+D54*E54 -> #REF!
A55: =+A54+0.01 -> 4.06 | B55: CONTENEDOR DE RAIZ CIRCULAR EN CONCRETO REFORZADO D=2.70 M. | C55: UN | D55: =+#REF! -> #REF! | E55: =+'[4]4,6'!$I$60 -> 858824 | F55: =+D55*E55 -> #REF!
B56: CANCHAS MULTIPLES
A57: =+A55+0.01 -> 4.07 | B57: CONCRETO DE LIMPIEZA E=0.05 M (SOLADO) | C57: M2 | D57: =+#REF! -> #REF! | E57: =+'[4]4,7'!$I$60 -> 40050 | F57: =+D57*E57 -> #REF!
A58: =+A57+0.01 -> 4.08 | B58: PLACA CONCRETO 3000 PSI E=0.10 M. INCL. CORTES | C58: M2 | D58: =+#REF! -> #REF! | E58: =+'[4]4,8'!$I$60 -> 123955 | F58: =+D58*E58 -> #REF!
A59: =+A58+0.01 -> 4.09 | B59: PINTURA DEMARCACION LINEAS DE CAMPO DEPORTIVO A=0.12 M. | C59: ML | D59: =+#REF! -> #REF! | E59: =+'[4]4,9'!$I$60 -> 8121 | F59: =+D59*E59 -> #REF!
A60: =+A59+0.01 -> 4.1 | B60: CANCHA MULTIPLE METALICA | C60: UND | D60: =+#REF! -> #REF! | E60: =+'[4]4,10'!$I$61 -> 6818888 | F60: =+D60*E60 -> #REF!
A61: =+A60+0.01 -> 4.11 | B61: CERRAMIENTO CANCHA EN MALLA DE NYLON | C61: M2 | D61: =+#REF! -> #REF! | E61: =+'[4]4,11'!$I$60 -> 16754 | F61: =+D61*E61 -> #REF!
A62: =+A61+0.01 -> 4.12 | B62: CONCRETO 3000 PSI CON FORMALETA PARA GRADERIAS | C62: M3 | D62: =+#REF! -> #REF! | E62: =+'[4]4,12'!$I$60 -> 1700366 | F62: =+D62*E62 -> #REF!
A63: =+A62+0.01 -> 4.13 | B63: BRAZO TENSOR EN TUBERIA METALICA REDONDA ESTRUCTURAL PARA MALLA DE NYLON | C63: ML | D63: =+#REF! -> #REF! | E63: =+'[4]4,13'!$I$60 -> 70145 | F63: =+D63*E63 -> #REF!
B64: PARQUE SKATE
A65: =+A63+0.01 -> 4.14 | B65: CONCRETO DE LIMPIEZA E=0.05 M (SOLADO) | C65: M2 | D65: =+#REF! -> #REF! | E65: =+'[4]4,14'!$I$60 -> 40050 | F65: =+D65*E65 -> #REF!
A66: =+A65+0.01 -> 4.15 | B66: PLACA CONCRETO 3000 PSI E=0.10 M. INCL. CORTES | C66: M2 | D66: =+#REF! -> #REF! | E66: =+'[4]4,15'!$I$60 -> 123955 | F66: =+D66*E66 -> #REF!
B67: ESTRUCTURA DE CONTENCION
A68: =+A66+0.01 -> 4.16 | B68: PILOTE PREEXCAVADO EN CONCRETO 4000 PSI 28 MPA. D=0,3 | C68: ML | D68: =+#REF! -> #REF! | E68: =+'[4]4,16'!$I$60 -> 486837 | F68: =+D68*E68 -> #REF!
A69: =+A68+0.01 -> 4.17 | B69: CONCRETO PARA MURO DE CONTENCION DOS CARAS (1 VERTICAL 1 INCLINADA) 4000 PSI 28 MPA, H= 4M>= 6M, PARA PROTECCION ORILLA DE RIO, INCLUYE ANDAMIOS, BOMBA DE CONCRETO Y FORMALETA | C69: M3 | D69: =+#REF! -> #REF! | E69: =+'[4]4,17'!$I$62 -> 1630330 | F69: =+D69*E69 -> #REF!
A70: =+A69+0.01 -> 4.18 | B70: ACERO Fy : 60000 PSI. PARA MURO DE CONTENCION H=6 M | C70: KG | D70: =+#REF! -> #REF! | E70: =+'[4]4,18'!$I$62 -> 7544 | F70: =+D70*E70 -> #REF! | I70: 3000
A71: =+A70+0.01 -> 4.19 | B71: DESCABECE DE PILOTE D= 0,30 M EN CONCRETO | C71: UND | D71: =+#REF! -> #REF! | E71: =+'[4]4,19 (3)'!$I$62 -> 51945 | F71: =+D71*E71 -> #REF! | I71: =+I70/G70 -> #DIV/0!
A72: =+A71+0.01 -> 4.2 | B72: CINTA P'VC 0-22 O SIMILAR (INSTALADA) | C72: ML | D72: =+#REF! -> #REF! | E72: =+'[4]4,20'!$I$60 -> 73618 | F72: =+D72*E72 -> #REF!
E73: SUBTOTAL SUBESTRUCTURAS, ESTRUCTURAS Y REFUERZOS | F73: =SUM(F50:F72) -> #REF!
A74: 5 | B74: ACABADOS DE URBANISMO
A75: =+A74+0.01 -> 5.01 | B75: LOSETA DE CONCRETO 6 RALLAS 0.40*0.40*0.06 M.-INCLUYE INSTALACION | C75: M2 | D75: =+#REF! -> #REF! | E75: =+'[4]5,01'!$I$60 -> 192664 | F75: =+D75*E75 -> #REF!
A76: =+A75+0.01 -> 5.02 | B76: LOSETA PREFABRICADA DE CONCRETO TIPO A50 DE 40*40*6 CMS. | C76: M2 | D76: =+#REF! -> #REF! | E76: =+'[4]5,02'!$I$60 -> 201522 | F76: =+D76*E76 -> #REF!
A77: =+A76+0.01 -> 5.03 | B77: LOSETA DE CONCRETO TOPEROLES 0.40*0.40*0.06 M. INCLUYE INSTALACION | C77: M2 | D77: =+#REF! -> #REF! | E77: =+'[4]5,03'!$I$60 -> 201238 | F77: =+D77*E77 -> #REF!
A78: =+A77+0.01 -> 5.04 | B78: IMPRIMACION MANUAL CON EMULSIÓN ASFALTICA CRN-0OCRL-1 | C78: M2 | D78: =+#REF! -> #REF! | E78: =+'[4]5,04'!$I$60 -> 3741 | F78: =+D78*E78 -> #REF!
A79: =+A78+0.01 -> 5.05 | B79: MEZCLA ASFALTICA MDC-19 EN CALIENTE SUMINISTRO TRANSPORTE Y COLOCACION | C79: M3 | D79: =+#REF! -> #REF! | E79: =+'[4]5,05'!$I$60 -> 958878 | F79: =+D79*E79 -> #REF!
A80: =+A79+0.01 -> 5.06 | B80: ANDEN EN CONCRETO ESTAMPADO 3000 PSI COLORES, E= 0.12 M | C80: M2 | D80: =+#REF! -> #REF! | E80: =+'[4]5,06'!$I$64 -> 240868 | F80: =+D80*E80 -> #REF!
A81: =+A80+0.01 -> 5.07 | B81: SELLADO DE JUNTA DE CONSTRUCCIÓN CON SIKAFLEX-401 PAVEMENT SL. | C81: ML | D81: =+#REF! -> #REF! | E81: =+'[4]5,07'!$I$59 -> 17750 | F81: =+D81*E81 -> #REF!
A82: =+A81+0.01 -> 5.08 | B82: PISO EN BLOQUE C/CTO T-ADOQUIN GRIS 0.06*0.10*0.20 M. | C82: M2 | D82: =+#REF! -> #REF! | E82: =+'[4]5,08'!$I$60 -> 209562 | F82: =+D82*E82 -> #REF!
B83: PISOS MÓDULO VENTAS
A84: =+A82+0.01 -> 5.09 | B84: KIOSCO TIPO 1 - 5 MESAS SILLAS EN CONCRETO CUBIERTA EN POLICARBONATO CON ESTRUCTURA METALICA | C84: UND | D84: =+#REF! -> #REF! | E84: =+'[4]5,09'!$I$70 -> 10170463 | F84: =+D84*E84 -> #REF!
A85: =+A84+0.01 -> 5.1 | B85: MESON ACERO INOX 3*1 M. CON 2 POCETAS | C85: UND | D85: =+#REF! -> #REF! | E85: =+'[4]5,10'!$I$60 -> 3467611 | F85: =+D85*E85 -> #REF!
E86: SUBTOTAL ACABADOS DE URBANISMO | F86: =SUM(F75:F85) -> #REF!
A87: 6 | B87: CARPINTERÍAS, MOBILIARIO URBANO Y SEÑALIZACIÓN
A88: =+A87+0.01 -> 6.01 | B88: LINEAS DE DEMARCACION CON PINTURA EN FRIO | C88: M2 | D88: =+#REF! -> #REF! | E88: =+'[4]6,01'!$I$60 -> 35036 | F88: =+D88*E88 -> #REF!
A89: =+A88+0.01 -> 6.02 | B89: SEÑAL DE TRANSITO PREVENTIVA | C89: UN | D89: =+#REF! -> #REF! | E89: =+'[4]6,02'!$I$60 -> 350715 | F89: =+D89*E89 -> #REF!
A90: =+A89+0.01 -> 6.03 | B90: BANCA EN CONCRETO PREFABRICADA TIPO MC KONKRETUS | C90: UN | D90: =+#REF! -> #REF! | E90: =+'[4]6,03'!$I$60 -> 2591233 | F90: =+D90*E90 -> #REF!
A91: =+A90+0.01 -> 6.04 | B91: BANCA EN CONCRETO PREFABRICADA TIPO MALMO SIN ESPALDAR KONKRETUS - INCLUYE INSTALACION | C91: UN | D91: =+#REF! -> #REF! | E91: =+'[4]6,04'!$I$60 -> 3354088 | F91: =+D91*E91 -> #REF!
A92: =+A91+0.01 -> 6.05 | B92: BARANDA TUBO SCH-40 3p-PERF.IPE 220 PARA | C92: ML | D92: =+#REF! -> #REF! | E92: =+'[4]6,05'!$I$60 -> 622375 | F92: =+D92*E92 -> #REF!
A93: =+A92+0.01 -> 6.06 | B93: PASAMANOS EN TUBERIA DE ACERO INOXIDABLE 2 PULG.-PARALES 1+1/2 PULG. DISTANCIADORES DE 3/4 PULG. Y ESTERILLA 1/2 PULG. | C93: ML | D93: =+#REF! -> #REF! | E93: =+'[4]6,06'!$I$60 -> 930958 | F93: =+D93*E93 -> #REF!
A94: =+A93+0.01 -> 6.07 | B94: CANECA TIPO BARCELONA GRANDE INSTALADA | C94: UN | D94: =+#REF! -> #REF! | E94: =+'[4]6,07'!$I$60 -> 1658383 | F94: =+D94*E94 -> #REF!
A95: =+A94+0.01 -> 6.08 | B95: MODULO DE JUEGOS INFANTILES METALICOS CON ACCESORIOS EN FIBRA DE VIDRIO O SIMILAR,AREA APROX.8*9 M. TRES RESBALADEROS-DOS COLUMPIOS-DOS TORRES-UN TRICKIE-UN TUNEL Y PASAMANOS. | C95: UN | D95: =+#REF! -> #REF! | E95: =+'[4]6,08'!$I$60 -> 22396776 | F95: =+D95*E95 -> #REF!
A96: =+A95+0.01 -> 6.09 | B96: BALANCIN RESORTADO DE 1 PUESTO INCLUYE PEDESTAL EN CONCRETO DE 3000 PSI DE (0.80*0.80*0.15 M.) | C96: UN | D96: =+#REF! -> #REF! | E96: =+'[4]6,09'!$I$60 -> 1475163 | F96: =+D96*E96 -> #REF!
A97: =+A96+0.01 -> 6.1 | B97: CICLOPARQUEADERO TIPO IDU M-101 | C97: UN | D97: =+#REF! -> #REF! | E97: =+'[4]6,10'!$I$60 -> 653199 | F97: =+D97*E97 -> #REF!
A98: =+A97+0.01 -> 6.11 | B98: MODULO BIOSALUDABLE DISCAPACITADOS PECTO | C98: UN | D98: =+#REF! -> #REF! | E98: =+'[4]6,11'!$I$60 -> 10177126 | F98: =+D98*E98 -> #REF!
A99: =+A98+0.01 -> 6.12 | B99: MODULO BIOSALUDABLE DISCAPACITADOS BICIC | C99: UN | D99: =+#REF! -> #REF! | E99: =+'[4]6,12'!$I$60 -> 5203451 | F99: =+D99*E99 -> #REF!
A100: =+A99+0.01 -> 6.13 | B100: MODULO BIOSALUDABLE DISCAPACITADOS AUTOB | C100: UN | D100: =+#REF! -> #REF! | E100: =+'[4]6,13'!$I$60 -> 7744351 | F100: =+D100*E100 -> #REF!
A101: =+A100+0.01 -> 6.14 | B101: MODULO BIOSALUDABLE DORSAL ANCHO | C101: UN | D101: =+#REF! -> #REF! | E101: =+'[4]6,14'!$I$60 -> 14095461 | F101: =+D101*E101 -> #REF!
A102: =+A101+0.01 -> 6.15 | B102: MODULO BIOSALUDABLE DOBLE SWING REF. | C102: UN | D102: =+#REF! -> #REF! | E102: =+'[4]6,15'!$I$60 -> 10130854 | F102: =+D102*E102 -> #REF!
...

Sheet PRESUPUESTO OFICIAL
A2: REPÚBLICA DE COLOMBIA
A3: DEPARTAMENTO DE CUNDINAMARCA
A4: ALCALDIA DE GIRARDOT
A5: SECRETARIA DE EDUCACION MUNICIPAL
A8: PROYECTO: CONSTRUCCIÓN Y MEJORAMIENTO BATERÍAS DE BAÑOS PARA PREESCOLAR Y BÁSICA PRIMARIA DE LA INSTITUCIÓN EDUCATIVA RURAL LUIS ANTONIO DUQUE PEÑA GIRARDOT – CUNDINAMARCA
A10: CONSTRUCCIÓN BATERIA DE BAÑOS PARA PREESCOLAR
A11: ITEM | B11: ICCU | C11: DESCRIPCIÓN | D11: UNIDAD | E11: CANTIDAD | F11: PRECIO UNITARIO | G11: VALOR PARCIAL
A12: NORM INV | C12: EXCAVACION Y EXPLANEACIONES
B13: 210.1.1 | C13: EXPLANACIÓN Y EXCAVACIONES | D13: m3 | E13: =SUM(+excavacion!J19) -> 14.7 | F13: 13103 | G13: =E13*F13 -> 192614.1
G14: =SUM(G13) -> 192614.1
A15: CAPITULO 1,0 | C15: PRELIMINARES
A16: 1.3 | B16: 1.46 | C16: RETIRO DE SOBRANTES A UNA DISTANCIA DE 5 KM (INCLUYE CARGUE Y BOTADERO AUTORIZADO) | D16: m³ | E16: =SUM(+'retiro de sobrantes'!J19) -> 12.09 | F16: 17343 | G16: =F16*E16 -> 209676.87
G17: =SUM(G16:G16) -> 209676.87
A18: CAPITULO 2,0 | C18: CIMIENTOS
A19: 2.1 | B19: 2.7 | C19: VIGA DE AMARRE EN CONCRETO 3500 PSI | D19: M3 | E19: =SUM(+viga!J20) -> 0.79 | F19: 830106 | G19: =ROUND(E19*F19,2) -> 655783.74
A20: 2.2 | B20: 2.8 | C20: ZAPATAS EN CONCRETO 3500 PSI | D20: M3 | E20: =SUM(+zapata!J19) -> 0.59 | F20: 778175 | G20: =ROUND(E20*F20,2) -> 459123.25
G21: =SUM(G19:G20) -> 1114907
A22: CAPITULO 3,0 | C22: DESAGÜES E INSTALACIONES SUBTERRÁNEAS
A23: 3.1 | B23: 3.5 | C23: CAJA DE INSPECCIÓN DE 80X80 | D23: UN | E23: 1 | F23: 375078 | G23: =SUM(E23*F23) -> 375078
G24: =SUM(G23) -> 375078
A25: CAPITULO 4,0 | C25: ESTRUCTURAS EN CONCRETO
A26: 4.1 | B26: 4.3 | C26: COLUMNAS 3500 PSI | D26: M3 | E26: =SUM(+columnas!J22) -> 0.7 | F26: 1101603 | G26: =ROUND(E26*F26,2) -> 771122.1
A27: 4.2 | B27: 4.26 | C27: VIGA AÉREA 3500 PSI | D27: m3 | E27: =SUM(+'viga aerea'!J23) -> 0.47475 | F27: 1179863 | G27: =ROUND(E27*F27,2) -> 560139.96
A28: 4.4 | B28: 4.22 | C28: ACERO FIGURADO 60000 PSI | D28: KG | E28: =SUM(+'acero 60000'!K20) -> 161.76 | F28: 8062 | G28: =ROUND(E28*F28,2) -> 1304109.1
A29: 4.5 | B29: 4.21 | C29: ACERO FIGURADO 37000 PSI | D29: KG | E29: =SUM(+'acero de 37000'!J22) -> 160.08 | F29: 7800 | G29: =SUM(E29*F29) -> 1248624
A30: 4.6 | B30: 4.23 | C30: REFUERZO MALLA ELECTROSOLDADA | D30: KG | E30: =SUM(+malla!J21) -> 26.69 | F30: 10618 | G30: =SUM(E30*F30) -> 283394.42
G31: =SUM(G26:G30) -> 4167389.6
A32: CAPITULO 5,0 | C32: MAMPOSTERIA
A33: 5.1 | B33: 5.17 | C33: MURO EN BLOQUE Nº 5 E=0.12 M | D33: m² | E33: =SUM(+'muros '!J23) -> 25.4505 | F33: 60726 | G33: =E33*F33 -> 1545507.1
G34: =SUM(G33) -> 1545507.1
A35: CAPITULO 6,0 | C35: PAÑETES, REVOQUES Y REPELLOS
A36: 6.1 | B36: 6.19 | C36: PAÑETE LISO MUROS 1:5, E=1.5 CM | D36: m² | E36: =SUM(+pañete!J27) -> 42.9643 | F36: 27068 | G36: =ROUND(E36*F36,2) -> 1162957.7
G37: =SUM(G36:G36) -> 1162957.7
A38: CAPITULO 7,0 | C38: CUBIERTA
A39: 7.1 | B39: 7.2 | C39: TEJA EN LÁMINA GALVANIZADA CAL 26 PINTADA | D39: m² | E39: =SUM(+cubierta!J22) -> 15.8 | F39: 67001 | G39: =ROUND(E39*F39,2) -> 1058615.8
A40: 7.2 | B40: APU | C40: ESTRUCTURA PARA CUBIERTA EN LÁMINA GALVANIZADA | D40: m² | E40: =SUM(+'estruc. cubierta'!J22) -> 15.8 | F40: 84955 | G40: =ROUND(E40*F40,2) -> 1342289
G41: =SUM(G39:G40) -> 2400904.8
A42: CAPITULO 10,0 | C42: CARPINTERIA METALICA
A43: 10.1 | B43: 10.4 | C43: MARCO PARA PUERTA EN LÁMINA CAL 18 -0.8 | D43: und | E43: =SUM(+'marco puerta'!J22) -> 1 | F43: 230693 | G43: =F43*E43 -> 230693
A44: 10.2 | B44: 10.7 | C44: PUERTA EN LÁMINA CAL 18 INC. ANTICORROSIVO | D44: m² | E44: =SUM(+'puerta metalica'!J22) -> 6.32 | F44: 312947 | G44: =F44*E44 -> 1977825
A45: 10.3 | B45: 10.2 | C45: VENTANA LÁMINA CALIBRE 18 INC. ANTICORROSIVO | D45: m² | E45: =SUM(+ventana!J21) -> 0.804 | F45: 194160 | G45: =F45*E45 -> 156104.64
G46: =SUM(G43:G45) -> 2364622.7
A47: CAPITULO 11,0 | C47: INSTALACIONES HIDROSANITARIAS
A48: 11.1 | B48: 11.8 | C48: CONEXIÓN TANQUE ELEVADO PVC | D48: und | E48: =SUM(+'conexion tanque'!J22) -> 1 | F48: 353029 | G48: =F48*E48 -> 353029
A49: 11.2 | B49: 11.12 | C49: LLAVE MANGUERA | D49: und | E49: =SUM(+'llave manguera'!J22) -> 2 | F49: 55955 | G49: =F49*E49 -> 111910
A50: 11.3 | B50: 11.16 | C50: PUNTO HIDRÁULICO PVC-P/PARAL 1/2" | D50: und | E50: =SUM(+'puntos hidraulicos'!J21) -> 5 | F50: 104338 | G50: =F50*E50 -> 521690
A51: 11.4 | B51: 11.31 | C51: RED SANITARIA PVC-S 2" | D51: ml | E51: =SUM(+'red sanitaria 2"'!J22) -> 6.9 | F51: 38311 | G51: =F51*E51 -> 264345.9
A52: 11.5 | B52: 11.33 | C52: RED SANITARIA PVC-S 4" | D52: ml, | E52: 10 | F52: 70751 | G52: =F52*E52 -> 707510
A53: 11.6 | B53: 11.19 | C53: SALIDA SANITARIA PVC-S/PARAL 2" | D53: und | E53: =SUM(+'salida sanitaria 2"'!J22) -> 2 | F53: 109109 | G53: =F53*E53 -> 218218
A54: 11.7 | B54: 11.21 | C54: SALIDA SANITARIA PVC-S/PARAL 4" | D54: und | E54: =SUM(+'salida sanitaria 4"'!J22) -> 3 | F54: 139668 | G54: =F54*E54 -> 419004
A55: 11.8 | B55: 11.27 | C55: RED SUMINISTRO PVC 1/2" | D55: ml | E55: =SUM(+'red suministro'!J24) -> 12 | F55: 13257 | G55: =F55*E55 -> 159084
G56: =SUM(G48:G55) -> 2754790.9
A57: CAPITULO 12,0 | C57: INSTALACIONES ELÉCTRICAS
A58: 12.1 | B58: 12.1 | C58: ACOMETIDA AÉREA 10 M. PVC | D58: und | E58: =SUM(+'acometida electr.'!J24) -> 1 | F58: 521664 | G58: =F58*E58 -> 521664
A59: 12.2 | B59: 12.2 | C59: SALIDA LÁMPARA TOMA EMT COMPLETA | D59: und | E59: =SUM(+'salida lampara'!J24) -> 3 | F59: 82937 | G59: =F59*E59 -> 248811
A60: 12.3 | B60: 12.16 | C60: TUBERÍA PVC CONDUIT 1/2" | D60: ml | E60: =SUM(+'tuberia conduit'!J24) -> 15 | F60: 5176 | G60: =F60*E60 -> 77640
G61: =SUM(G58:G60) -> 848115
A62: CAPITULO 10,0 | C62: PISOS BASES
A63: 10.1 | B63: 13.4 | C63: ALISTADO PISOS 1:3, E=0.04 | D63: m² | E63: =SUM(+'alistado piso'!J22) -> 9.928 | F63: 36492 | G63: =F63*E63 -> 362292.58
A64: 10.2 | B64: 13.13 | C64: PLACA BASE CONCRETO 0.10 2500 PSI | D64: m² | E64: =SUM(+'placa piso'!J22) -> 9.928 | F64: 70410 | G64: =F64*E64 -> 699030.48
G65: =SUM(G63:G64) -> 1061323.1
A66: CAPITULO 14,0 | C66: PISOS,ACABADOS,ENCHAPES Y ACCESORIOS
A67: 14.1 | B67: 14.1 | C67: BALDOSA CERÁMICA PISO-PARED 20X20 CALIDAD PRIMERA | D67: m2 | E67: =SUM(+'baldosa pared'!L22) -> 13.152 | F67: 85437 | G67: =ROUND(E67*F67,2) -> 1123667.4
A68: 14.2 | B68: 14.41 | C68: CERÁMICA PISO TRÁFICO 5, CALIDAD PRIMERA | D68: m2 | E68: =SUM(+'baldosa piso'!L22) -> 9.928 | F68: 94321 | G68: =ROUND(E68*F68,2) -> 936418.89
A69: 14.3 | B69: 14.32 | C69: REJILLA METÁLICA TRADICIONAL 3X2 SOSCO | D69: und | E69: =SUM(+rejilla!J22) -> 1 | F69: 22954 | G69: =F69*E69 -> 22954
A70: 14.4 | B70: 14.8 | C70: ACABADO EN GRANITO (INCLUYE DILATACIÓN EN BRONCE Y PULIDA) | D70: m2 | E70: =SUM(+'granito pulido'!L22) -> 1.14 | F70: 248548 | G70: =F70*E70 -> 283344.72
G71: =SUM(G67:G70) -> 2366385
A72: CAPITULO 17,0 | C72: APARATOS SANITARIOS
A73: 17.1 | B73: 17.1 | C73: SUMINISTRO E INSTALACIÓN SANITARIO TANQUE (INCLUYE GRIFERÍA) | D73: und | E73: =SUM(+sanitario!J22) -> 3 | F73: 429487 | G73: =ROUND(E73*F73,2) -> 1288461
A74: 17.3 | B74: 17.6 | C74: SUMINISTRO E INSTALACIÓN LAVAMANOS DE EMPOTRAR(INCLUYE GRIFERÍA) | D74: und | E74: =SUM(+'lavamanos empotrar'!J21) -> 2 | F74: 267126 | G74: =F74*E74 -> 534252
G75: =SUM(G73:G74) -> 1822713
A76: CAPITULO 18,0 | C76: PINTURA
A77: 18.1 | B77: 18.9 | C77: ESMALTE SOBRE LÁMINA LLENA | D77: m² | E77: =SUM(+'pintura esmalte'!J21) -> 11.56 | F77: 22832 | G77: =F77*E77 -> 263937.92
A78: 18.2 | B78: 18.12 | C78: ESMALTE SOBRE MARCOS LÁMINA | D78: ml | E78: =SUM(+'esmalte marcos'!J22) -> 10.96 | F78: 8627 | G78: =F78*E78 -> 94551.92
A79: 18.3 | B79: 18.27 | C79: PINTURA EPÓXICA (LINEAL) | D79: ml | E79: =SUM(+'pintura epoxica'!J22) -> 3.168 | F79: 13396 | G79: =F79*E79 -> 42438.528
A80: 18.4 | B80: 18.23 | C80: VINILO SOBRE PAÑETE 2 MANOS | D80: m² | E80: 34.66 | F80: 11650 | G80: =F80*E80 -> 403789
G81: =SUM(G77:G80) -> 804717.37
A83: TOTAL CONSTRUCCIÓN BATERIA DE BAÑOS PARA PREESCOLAR | G83: =SUM(G14+G17+G21+G24+G31+G34+G37+G41+G46+G56+G61+G65+G71+G75+G81) -> 23191702
A85: MEJORAMIENTO BATERIA DE BAÑOS BASICA PRIMARIA
A86: ITEM | B86: ICCU | C86: DESCRIPCIÓN | D86: UNIDAD | E86: CANTIDAD | F86: PRECIO UNITARIO | G86: VALOR PARCIAL
A88: CAPITULO 6,0 | C88: PAÑETES, REVOQUES Y REPELLOS
A89: 6.1 | B89: 6.19 | C89: PAÑETE LISO MUROS 1:5, E=1.5 CM | D89: m² | E89: =SUM(+pañete!J60) -> 33.2 | F89: 27068 | G89: =ROUND(E89*F89,2) -> 898657.6
G90: =SUM(G89:G89) -> 898657.6
A91: CAPITULO 10,0 | C91: CARPINTERIA METALICA
A92: 10.1 | B92: 10.7 | C92: PUERTA EN LÁMINA CAL 18 INC. ANTICORROSIVO | D92: m² | E92: =SUM(+'puerta metalica'!J50) -> 6.12 | F92: 312947 | G92: =F92*E92 -> 1915235.6
G93: =SUM(G92:G92) -> 1915235.6
A94: CAPITULO 11,0 | C94: INSTALACIONES HIDROSANITARIAS
A95: 11.1 | B95: 11.12 | C95: LLAVE MANGUERA | D95: und | E95: =SUM(+'llave manguera'!J50) -> 4 | F95: 55955 | G95: =F95*E95 -> 223820
G96: =SUM(G95:G95) -> 223820
A97: CAPITULO 14,0 | C97: PISOS,ACABADOS,ENCHAPES Y ACCESORIOS
A98: 14.1 | B98: 14.1 | C98: BALDOSA CERÁMICA PISO-PARED 20X20 CALIDAD PRIMERA | D98: m² | E98: =SUM(+'baldosa pared'!L49) -> 32.85 | F98: 85437 | G98: =ROUND(E98*F98,2) -> 2806605.5
A99: 14.2 | B99: 14.41 | C99: CERÁMICA PISO TRÁFICO 5, CALIDAD PRIMERA | D99: m² | E99: =SUM(+'baldosa piso'!L50) -> 8.083 | F99: 94321 | G99: =ROUND(E99*F99,2) -> 762396.64
G100: =SUM(G98:G99) -> 3569002.1
A101: CAPITULO 17,0 | C101: APARATOS SANITARIOS
A102: 17.1 | B102: 17.1 | C102: SUMINISTRO E INSTALACIÓN SANITARIO TANQUE (INCLUYE GRIFERÍA) | D102: und | E102: =SUM(+sanitario!J50) -> 5 | F102: 429487 | G102: =ROUND(E102*F102,2) -> 2147435
A103: 17.2 | B103: 17.6 | C103: SUMINISTRO E INSTALACIÓN LAVAMANOS DE EMPOTRAR(INCLUYE GRIFERÍA) | D103: und | E103: =SUM(+'lavamanos empotrar'!J48) -> 2 | F103: 267126 | G103: =F103*E103 -> 534252
G104: =SUM(G102:G103) -> 2681687
A105: CAPITULO 18,0 | C105: PINTURA
A106: 18.1 | B106: 18.9 | C106: ESMALTE SOBRE LÁMINA LLENA | D106: m² | E106: =SUM(+'pintura esmalte'!J48) -> 12.24 | F106: 22832 | G106: =F106*E106 -> 279463.68
A107: 18.2 | B107: 18.23 | C107: VINILO SOBRE PAÑETE 2 MANOS | D107: m² | E107: =SUM(+vinilo!J56) -> 20 | F107: 11650 | G107: =F107*E107 -> 233000
...

Sheet ANEXO 5 - OFERTA ECONÓMICA
A3: ANEXO 5 - OFERTA ECONÓMICA
A6: PROYECTO: CONSTRUCCIÓN Y MEJORAMIENTO BATERÍAS DE BAÑOS PARA PREESCOLAR Y BÁSICA PRIMARIA DE LA INSTITUCIÓN EDUCATIVA RURAL LUIS ANTONIO DUQUE PEÑA GIRARDOT – CUNDINAMARCA
A8: CONSTRUCCIÓN BATERIA DE BAÑOS PARA PREESCOLAR
A9: ITEM | B9: ICCU | C9: DESCRIPCIÓN | D9: UNIDAD | E9: CANTIDAD | F9: PRECIO UNITARIO | G9: VALOR PARCIAL
A10: NORM INV | C10: EXCAVACION Y EXPLANEACIONES
B11: 210.1.1 | C11: EXPLANACIÓN Y EXCAVACIONES | D11: m3 | E11: =SUM(+excavacion!J19) -> 14.7
A13: CAPITULO 1,0 | C13: PRELIMINARES
A14: 1.3 | B14: 1.46 | C14: RETIRO DE SOBRANTES A UNA DISTANCIA DE 5 KM (INCLUYE CARGUE Y BOTADERO AUTORIZADO) | D14: m³ | E14: =SUM(+'retiro de sobrantes'!J19) -> 12.09
A16: CAPITULO 2,0 | C16: CIMIENTOS
A17: 2.1 | B17: 2.7 | C17: VIGA DE AMARRE EN CONCRETO 3500 PSI | D17: M3 | E17: =SUM(+viga!J20) -> 0.79
A18: 2.2 | B18: 2.8 | C18: ZAPATAS EN CONCRETO 3500 PSI | D18: M3 | E18: =SUM(+zapata!J19) -> 0.59
A21: CAPITULO 3,0 | C21: DESAGÜES E INSTALACIONES SUBTERRÁNEAS
A22: 3.1 | B22: 3.5 | C22: CAJA DE INSPECCIÓN DE 80X80 | D22: UN | E22: 1
A25: CAPITULO 4,0 | C25: ESTRUCTURAS EN CONCRETO
A26: 4.1 | B26: 4.3 | C26: COLUMNAS 3500 PSI | D26: M3 | E26: =SUM(+columnas!J22) -> 0.7
A27: 4.2 | B27: 4.26 | C27: VIGA AÉREA 3500 PSI | D27: m3 | E27: =SUM(+'viga aerea'!J23) -> 0.47475
A28: 4.4 | B28: 4.22 | C28: ACERO FIGURADO 60000 PSI | D28: KG | E28: =SUM(+'acero 60000'!K20) -> 161.76
A29: 4.5 | B29: 4.21 | C29: ACERO FIGURADO 37000 PSI | D29: KG | E29: =SUM(+'acero de 37000'!J22) -> 160.08
A30: 4.6 | B30: 4.23 | C30: REFUERZO MALLA ELECTROSOLDADA | D30: KG | E30: =SUM(+malla!J21) -> 26.69
A33: CAPITULO 5,0 | C33: MAMPOSTERIA
A34: 5.1 | B34: 5.17 | C34: MURO EN BLOQUE Nº 5 E=0.12 M | D34: m² | E34: =SUM(+'muros '!J23) -> 25.4505
A37: CAPITULO 6,0 | C37: PAÑETES, REVOQUES Y REPELLOS
A38: 6.1 | B38: 6.19 | C38: PAÑETE LISO MUROS 1:5, E=1.5 CM | D38: m² | E38: =SUM(+pañete!J27) -> 42.9643
A41: CAPITULO 7,0 | C41: CUBIERTA
A42: 7.1 | B42: 7.2 | C42: TEJA EN LÁMINA GALVANIZADA CAL 26 PINTADA | D42: m² | E42: =SUM(+cubierta!J22) -> 15.8
A43: 7.2 | B43: APU | C43: ESTRUCTURA PARA CUBIERTA EN LÁMINA GALVANIZADA | D43: m² | E43: =SUM(+'estruc. cubierta'!J22) -> 15.8
A46: CAPITULO 10,0 | C46: CARPINTERIA METALICA
A47: 10.1 | B47: 10.4 | C47: MARCO PARA PUERTA EN LÁMINA CAL 18 -0.8 | D47: und | E47: =SUM(+'marco puerta'!J22) -> 1
A48: 10.2 | B48: 10.7 | C48: PUERTA EN LÁMINA CAL 18 INC. ANTICORROSIVO | D48: m² | E48: =SUM(+'puerta metalica'!J22) -> 6.32
A49: 10.3 | B49: 10.2 | C49: VENTANA LÁMINA CALIBRE 18 INC. ANTICORROSIVO | D49: m² | E49: =SUM(+ventana!J21) -> 0.804
A52: CAPITULO 11,0 | C52: INSTALACIONES HIDROSANITARIAS
A53: 11.1 | B53: 11.8 | C53: CONEXIÓN TANQUE ELEVADO PVC | D53: und | E53: =SUM(+'conexion tanque'!J22) -> 1
A54: 11.2 | B54: 11.12 | C54: LLAVE MANGUERA | D54: und | E54: =SUM(+'llave manguera'!J22) -> 2
A55: 11.3 | B55: 11.16 | C55: PUNTO HIDRÁULICO PVC-P/PARAL 1/2" | D55: und | E55: =SUM(+'puntos hidraulicos'!J21) -> 5
A56: 11.4 | B56: 11.31 | C56: RED SANITARIA PVC-S 2" | D56: ml | E56: =SUM(+'red sanitaria 2"'!J22) -> 6.9
A57: 11.5 | B57: 11.33 | C57: RED SANITARIA PVC-S 4" | D57: ml, | E57: 10
A58: 11.6 | B58: 11.19 | C58: SALIDA SANITARIA PVC-S/PARAL 2" | D58: und | E58: =SUM(+'salida sanitaria 2"'!J22) -> 2
A59: 11.7 | B59: 11.21 | C59: SALIDA SANITARIA PVC-S/PARAL 4" | D59: und | E59: =SUM(+'salida sanitaria 4"'!J22) -> 3
A60: 11.8 | B60: 11.27 | C60: RED SUMINISTRO PVC 1/2" | D60: ml | E60: =SUM(+'red suministro'!J24) -> 12
A63: CAPITULO 12,0 | C63: INSTALACIONES ELÉCTRICAS
A64: 12.1 | B64: 12.1 | C64: ACOMETIDA AÉREA 10 M. PVC | D64: und | E64: =SUM(+'acometida electr.'!J24) -> 1
A65: 12.2 | B65: 12.2 | C65: SALIDA LÁMPARA TOMA EMT COMPLETA | D65: und | E65: =SUM(+'salida lampara'!J24) -> 3
A66: 12.3 | B66: 12.16 | C66: TUBERÍA PVC CONDUIT 1/2" | D66: ml | E66: =SUM(+'tuberia conduit'!J24) -> 15
A69: CAPITULO 10,0 | C69: PISOS BASES
A70: 10.1 | B70: 13.4 | C70: ALISTADO PISOS 1:3, E=0.04 | D70: m² | E70: =SUM(+'alistado piso'!J22) -> 9.928
A71: 10.2 | B71: 13.13 | C71: PLACA BASE CONCRETO 0.10 2500 PSI | D71: m² | E71: =SUM(+'placa piso'!J22) -> 9.928
A74: CAPITULO 14,0 | C74: PISOS,ACABADOS,ENCHAPES Y ACCESORIOS
A75: 14.1 | B75: 14.1 | C75: BALDOSA CERÁMICA PISO-PARED 20X20 CALIDAD PRIMERA | D75: m2 | E75: =SUM(+'baldosa pared'!L22) -> 13.152
A76: 14.2 | B76: 14.41 | C76: CERÁMICA PISO TRÁFICO 5, CALIDAD PRIMERA | D76: m2 | E76: =SUM(+'baldosa piso'!L22) -> 9.928
A77: 14.3 | B77: 14.32 | C77: REJILLA METÁLICA TRADICIONAL 3X2 SOSCO | D77: und | E77: =SUM(+rejilla!J22) -> 1
A78: 14.4 | B78: 14.8 | C78: ACABADO EN GRANITO (INCLUYE DILATACIÓN EN BRONCE Y PULIDA) | D78: m2 | E78: =SUM(+'granito pulido'!L22) -> 1.14
A81: CAPITULO 17,0 | C81: APARATOS SANITARIOS
A82: 17.1 | B82: 17.1 | C82: SUMINISTRO E INSTALACIÓN SANITARIO TANQUE (INCLUYE GRIFERÍA) | D82: und | E82: =SUM(+sanitario!J22) -> 3
A83: 17.3 | B83: 17.6 | C83: SUMINISTRO E INSTALACIÓN LAVAMANOS DE EMPOTRAR(INCLUYE GRIFERÍA) | D83: und | E83: =SUM(+'lavamanos empotrar'!J21) -> 2
A86: CAPITULO 18,0 | C86: PINTURA
A87: 18.1 | B87: 18.9 | C87: ESMALTE SOBRE LÁMINA LLENA | D87: m² | E87: =SUM(+'pintura esmalte'!J21) -> 11.56
A88: 18.2 | B88: 18.12 | C88: ESMALTE SOBRE MARCOS LÁMINA | D88: ml | E88: =SUM(+'esmalte marcos'!J22) -> 10.96
A89: 18.3 | B89: 18.27 | C89: PINTURA EPÓXICA (LINEAL) | D89: ml | E89: =SUM(+'pintura epoxica'!J22) -> 3.168
A90: 18.4 | B90: 18.23 | C90: VINILO SOBRE PAÑETE 2 MANOS | D90: m² | E90: 34.66
A93: TOTAL CONSTRUCCIÓN BATERIA DE BAÑOS PARA PREESCOLAR
A95: MEJORAMIENTO BATERIA DE BAÑOS BASICA PRIMARIA
A96: ITEM | B96: ICCU | C96: DESCRIPCIÓN | D96: UNIDAD | E96: CANTIDAD | F96: PRECIO UNITARIO | G96: VALOR PARCIAL
A98: CAPITULO 6,0 | C98: PAÑETES, REVOQUES Y REPELLOS
A99: 6.1 | B99: 6.19 | C99: PAÑETE LISO MUROS 1:5, E=1.5 CM | D99: m² | E99: =SUM(+pañete!J60) -> 33.2
A102: CAPITULO 10,0 | C102: CARPINTERIA METALICA
A103: 10.1 | B103: 10.7 | C103: PUERTA EN LÁMINA CAL 18 INC. ANTICORROSIVO | D103: m² | E103: =SUM(+'puerta metalica'!J50) -> 6.12
A106: CAPITULO 11,0 | C106: INSTALACIONES HIDROSANITARIAS
A107: 11.1 | B107: 11.12 | C107: LLAVE MANGUERA | D107: und | E107: =SUM(+'llave manguera'!J50) -> 4
A110: CAPITULO 14,0 | C110: PISOS,ACABADOS,ENCHAPES Y ACCESORIOS
A111: 14.1 | B111: 14.1 | C111: BALDOSA CERÁMICA PISO-PARED 20X20 CALIDAD PRIMERA | D111: m² | E111: =SUM(+'baldosa pared'!L49) -> 32.85
A112: 14.2 | B112: 14.41 | C112: CERÁMICA PISO TRÁFICO 5, CALIDAD PRIMERA | D112: m² | E112: =SUM(+'baldosa piso'!L50) -> 8.083
A115: CAPITULO 17,0 | C115: APARATOS SANITARIOS
A116: 17.1 | B116: 17.1 | C116: SUMINISTRO E INSTALACIÓN SANITARIO TANQUE (INCLUYE GRIFERÍA) | D116: und | E116: =SUM(+sanitario!J50) -> 5
A117: 17.2 | B117: 17.6 | C117: SUMINISTRO E INSTALACIÓN LAVAMANOS DE EMPOTRAR(INCLUYE GRIFERÍA) | D117: und | E117: =SUM(+'lavamanos empotrar'!J48) -> 2
A120: CAPITULO 18,0 | C120: PINTURA
A121: 18.1 | B121: 18.9 | C121: ESMALTE SOBRE LÁMINA LLENA | D121: m² | E121: =SUM(+'pintura esmalte'!J48) -> 12.24
A122: 18.2 | B122: 18.23 | C122: VINILO SOBRE PAÑETE 2 MANOS | D122: m² | E122: =SUM(+vinilo!J56) -> 20
A125: TOTAL MEJORAMIENTO BATERIA DE BAÑOS BASICA PRIMARIA
A127: TOTAL COSTO DIRECTO
A129: ADMINISTRACION 10%
A130: IMPREVISTO 3%
A131: UTILIDAD 7%
A132: TOTAL COSTOS INDIRECTOS
A134: COSTO TOTAL DEL PROYECTO

Sheet excavacion
C2: MEMORIA DE CANTIDADES DE OBRA
B5: SOPORTE DEL MEMORIA DE CALCULO | K5: SEPTIEMBRE DE 2025
B6: OBJETO | C6: PRESUPUESTO CONSTRUCCION DE BATERIA DE BAÑOS INSTITUCIÓN EDUCATIVA LUIS A. DUQUE PEÑA SEDE PRINCIPAL BARZALOZA
B7: CAPITULO | C7: 2 | D7: CIMIENTOS
B8: ITEM | C8: 2.8 | D8: ZAPATAS EN CONCRETO 3500 PSI | N8: UNIDAD
N9: M3
B11: FECHA | C11: LOCALIZACIÓN | E11: DIMENSIONES | H11: CANTIDAD | I11: UNIDAD | J11: TOTAL | K11: ESQUEMA Y/O REGISTRO FOTOGRAFICO
E12: long | F12: alto | G12: ancho | J12: ACUMULADO
C13: Zapatas de 0,70x0,70 | E13: 0.7 | F13: 1 | G13: 0.7 | H13: 4 | J13: =SUM(E13*F13*G13*H13) -> 1.96
C14: viga | E14: =SUM(3.1+2.93+3.1+2.93) -> 12.06 | H14: 1 | J14: =SUM(E14*H14) -> 12.06
C15: redes sanitarias 2" | E15: =SUM(1.22+1.5+1.06) -> 3.78 | F15: 0.3 | G15: 0.25 | J15: =SUM(E15*F15*G15) -> 0.2835
C16: redes sanitarias 4" | E16: =SUM(1.22+1.5+1.06) -> 3.78 | F16: 0.3 | G16: 0.35 | J16: =SUM(E16*F16*G16) -> 0.3969
B17: TOTAL ACUMULADO | J17: =ROUND(SUM(J13:J16),2) -> 14.7
B18: TOTAL ANTERIOR | J18: 0
B19: TOTAL | J19: =J17-J18 -> 14.7
B21: Elaboró | I21: Aprobó
B22: EL CONTRATISTA: | I22: LA INTERVENTORIA
AC27: =+X28*0.01 -> 0
AC31: =+AA31-AB31 -> 0

Sheet retiro de sobrantes
C2: MEMORIA DE CANTIDADES DE OBRA
B5: SOPORTE DEL MEMORIA DE CALCULO | K5: SEPTIEMBRE DE 2025
B6: OBJETO | C6: PRESUPUESTO CONSTRUCCION DE BATERIA DE BAÑOS INSTITUCIÓN EDUCATIVA LUIS A. DUQUE PEÑA SEDE PRINCIPAL BARZALOZA
B7: CAPITULO | C7: 1 | D7: PRELIMINARES
B8: ITEM | C8: 1.46 | D8: RETIRO DE SOBRANTES A UNA DISTANCIA DE 5 KM (INCLUYE CARGUE Y BOTADERO AUTORIZADO) | N8: UNIDAD
N9: M3
B11: FECHA | C11: LOCALIZACIÓN | E11: DIMENSIONES | H11: FACTOR EXPANSION | I11: CANT, M3 | J11: TOTAL | K11: ESQUEMA Y/O REGISTRO FOTOGRAFICO
E12: long | F12: alto | G12: ancho | J12: ACUMULADO
C13: DEMOLICION DE PLACA PISO | E13: 1 | F13: 0.1 | G13: 0.7 | H13: 0.25 | J13: =SUM(E13*F13*G13)*1.25 -> 0.0875
C14: EXCAVACIONES | H14: 0.25 | I14: 8 | J14: =SUM(I14*1.25) -> 10
C15: RESIDUOS DE OBRA | I15: 2 | J15: =SUM(+I15) -> 2
B17: TOTAL ACUMULADO | J17: =ROUND(SUM(J13:J16),2) -> 12.09
B18: TOTAL ANTERIOR | J18: 0
B19: TOTAL | J19: =J17-J18 -> 12.09
B21: Elaboró | I21: Aprobó
B22: EL CONTRATISTA: | I22: LA INTERVENTORIA
AC27: =+X28*0.01 -> 0
AC31: =+AA31-AB31 -> 0

Sheet viga
C2: MEMORIA DE CANTIDADES DE OBRA
B5: SOPORTE DEL MEMORIA DE CALCULO | K5: SEPTIEMBRE DE 2025
B6: OBJETO | C6: PRESUPUESTO CONSTRUCCION DE BATERIA DE BAÑOS INSTITUCIÓN EDUCATIVA LUIS A. DUQUE PEÑA SEDE PRINCIPAL BARZALOZA
B7: CAPITULO | C7: 2 | D7: CIMIENTOS
B8: ITEM | C8: 2.7 | D8: VIGA DE AMARRE EN CONCRETO 3500 PSI | N8: UNIDAD
N9: M3
B11: FECHA | C11: LOCALIZACIÓN | E11: DIMENSIONES | H11: CANTIDAD | I11: UNIDAD | J11: TOTAL | K11: ESQUEMA Y/O REGISTRO FOTOGRAFICO
E12: alto | F12: long | G12: ancho | J12: ACUMULADO
C13: FACHADA FRONTAL | E13: 0.25 | F13: 3.4 | G13: 0.25 | J13: =SUM(E13*F13*G13) -> 0.2125
C14: FECHADA LATERAL DERECHA | E14: 0.25 | F14: 2.93 | G14: 0.25 | J14: =SUM(E14*F14*G14) -> 0.183125
C15: FACHADA LATERAL IZQUIERDA | E15: 0.25 | F15: 3.4 | G15: 0.25 | J15: =SUM(E15*F15*G15) -> 0.2125
C16: FACHADA POSTERIOR | E16: 0.25 | F16: 2.93 | G16: 0.25 | J16: =SUM(E16*F16*G16) -> 0.183125
C17: longitud total de viga | F17: =SUM(F13:F16) -> 12.66
B18: TOTAL ACUMULADO | J18: =ROUND(SUM(J13:J17),2) -> 0.79
B19: TOTAL ANTERIOR | J19: 0
B20: TOTAL | J20: =J18-J19 -> 0.79
B22: Elaboró | I22: Aprobó
B23: EL CONTRATISTA: | I23: LA INTERVENTORIA
AC28: =+X29*0.01 -> 0
AC32: =+AA32-AB32 -> 0

Sheet zapata
C2: MEMORIA DE CANTIDADES DE OBRA
B5: SOPORTE DEL MEMORIA DE CALCULO | K5: SEPTIEMBRE DE 2025
B6: OBJETO | C6: PRESUPUESTO CONSTRUCCION DE BATERIA DE BAÑOS INSTITUCIÓN EDUCATIVA LUIS A. DUQUE PEÑA SEDE PRINCIPAL BARZALOZA
B7: CAPITULO | C7: 2 | D7: CIMIENTOS
B8: ITEM | C8: 2.8 | D8: ZAPATAS EN CONCRETO 3500 PSI | N8: UNIDAD
N9: M3
B11: FECHA | C11: LOCALIZACIÓN | E11: DIMENSIONES | H11: CANTIDAD | I11: UNIDAD | J11: TOTAL | K11: ESQUEMA Y/O REGISTRO FOTOGRAFICO
E12: long | F12: alto | G12: ancho | J12: ACUMULADO
C13: Zapatas de 0,70x0,70 | E13: 0.7 | F13: 0.3 | G13: 0.7 | H13: 4 | J13: =SUM(E13*F13*G13*H13) -> 0.588
J14: =SUM(E14*F14*G14*H14) -> 0
B17: TOTAL ACUMULADO | J17: =ROUND(SUM(J13:J16),2) -> 0.59
B18: TOTAL ANTERIOR | J18: 0
B19: TOTAL | J19: =J17-J18 -> 0.59
B21: Elaboró | I21: Aprobó
B22: EL CONTRATISTA: | I22: LA INTERVENTORIA
AC27: =+X28*0.01 -> 0
AC31: =+AA31-AB31 -> 0

Sheet columnas
C2: MEMORIA DE CANTIDADES DE OBRA
B5: SOPORTE DEL MEMORIA DE CALCULO | K5: SEPTIEMBRE DE 2025
B6: OBJETO | C6: PRESUPUESTO CONSTRUCCION DE BATERIA DE BAÑOS INSTITUCIÓN EDUCATIVA LUIS A. DUQUE PEÑA SEDE PRINCIPAL BARZALOZA
B7: CAPITULO | C7: 4 | D7: ESTRUCTURAS EN CONCRETO
B8: ITEM | C8: 4.3 | D8: COLUMNAS 3500 PSI | N8: UNIDAD
N9: M3
B11: FECHA | C11: LOCALIZACIÓN | E11: DIMENSIONES | H11: CANTIDAD | I11: log columnas | J11: TOTAL | K11: ESQUEMA Y/O REGISTRO FOTOGRAFICO
E12: alto | F12: ancho | G12: ancho | J12: ACUMULADO
E13: 2.47 | F13: 0.25 | G13: 0.25 | H13: 2 | J13: =SUM(E13*F13*G13*H13) -> 0.30875
E14: 3.09 | F14: 0.25 | G14: 0.25 | H14: 2 | J14: =SUM(E14*F14*G14*H14) -> 0.38625
B20: TOTAL ACUMULADO | J20: =ROUND(SUM(J13:J19),2) -> 0.7
B21: TOTAL ANTERIOR | J21: 0
B22: TOTAL | J22: =J20-J21 -> 0.7
B24: Elaboró | I24: Aprobó
B25: EL CONTRATISTA: | I25: LA INTERVENTORIA
AC30: =+X31*0.01 -> 0
AC34: =+AA34-AB34 -> 0

Sheet viga aerea
C2: MEMORIA DE CANTIDADES DE OBRA
B5: SOPORTE DEL MEMORIA DE CALCULO | K5: SEPTIEMBRE DE 2025
B6: OBJETO | C6: PRESUPUESTO CONSTRUCCION DE BATERIA DE BAÑOS INSTITUCIÓN EDUCATIVA LUIS A. DUQUE PEÑA SEDE PRINCIPAL BARZALOZA
B7: CAPITULO | C7: 4 | D7: ESTRUCTURAS EN CONCRETO
B8: ITEM | C8: 4.26 | D8: VIGA AÉREA 3500 PSI | N8: UNIDAD
N9: M3
B11: FECHA | C11: LOCALIZACIÓN | E11: DIMENSIONES | H11: CANTIDAD | I11: UNIDAD | J11: TOTAL | K11: ESQUEMA Y/O REGISTRO FOTOGRAFICO
E12: alto | F12: ancho | G12: ancho | J12: ACUMULADO
C13: FACHADA FRONTAL | E13: 0.25 | F13: 3.4 | G13: 0.15 | J13: =SUM(E13*F13*G13) -> 0.1275
C14: FECHADA LATERAL DERECHA | E14: 0.25 | F14: 2.93 | G14: 0.15 | J14: =SUM(E14*F14*G14) -> 0.109875
C15: FACHADA LATERAL IZQUIERDA | E15: 0.25 | F15: 3.4 | G15: 0.15 | J15: =SUM(E15*F15*G15) -> 0.1275
C16: FACHADA POSTERIOR | E16: 0.25 | F16: 2.93 | G16: 0.15 | J16: =SUM(E16*F16*G16) -> 0.109875
J17: =SUM(E17*F17*G17) -> 0
J18: =SUM(E18*F18*G18) -> 0
J19: =SUM(E19*F19*G19) -> 0
B21: TOTAL ACUMULADO | J21: =ROUND(SUM(J13:J20),2) -> 0.47
B22: TOTAL ANTERIOR | J22: 0
B23: TOTAL | J23: =SUM(J13:J20) -> 0.47475
B25: Elaboró | I25: Aprobó
B26: EL CONTRATISTA: | I26: LA INTERVENTORIA
AC31: =+X32*0.01 -> 0
AC35: =+AA35-AB35 -> 0

Sheet acero 60000
C2: MEMORIA DE CANTIDADES DE OBRA
B5: SOPORTE DEL MEMORIA DE CALCULO | L5: SEPTIEMBRE DE 2025
B6: OBJETO | C6: PRESUPUESTO CONSTRUCCION DE BATERIA DE BAÑOS INSTITUCIÓN EDUCATIVA LUIS A. DUQUE PEÑA SEDE PRINCIPAL BARZALOZA
B7: CAPITULO | C7: 4 | D7: ESTRUCTURAS EN CONCRETO
B8: ITEM | C8: 4.22 | D8: ACERO FIGURADO 60000 PSI | O8: UNIDAD
O9: KG
B11: FECHA | C11: LOCALIZACIÓN | E11: DIMENSIONES | H11: CANTIDAD | J11: FACTOR CONVERSION | K11: TOTAL | L11: ESQUEMA Y/O REGISTRO FOTOGRAFICO
E12: LONG | F12: varillas | G12: long parcial | I12: long total | K12: ACUMULADO
C13: ZAPATAS | E13: 0.8 | F13: 5 | G13: =SUM(E13*F13) -> 4 | H13: 4 | I13: =SUM(G13*H13) -> 16 | J13: 1 | K13: =SUM(E13*F13*H13*J13) -> 16
C14: TOTAL ML DE VIGA AMARRE | E14: {=SUM(+viga!F13:F16)} -> 12.66 | F14: 4 | G14: =SUM(E14*F14) -> 50.64 | H14: 1 | I14: =SUM(G14*H14) -> 50.64 | J14: 1 | K14: =SUM(E14*F14*H14*J14) -> 50.64
C15: TOTAL ML COLUMNAS | E15: 2.47 | F15: 4 | G15: =SUM(E15*F15) -> 9.88 | H15: 2 | I15: =SUM(G15*H15) -> 19.76 | J15: 1 | K15: =SUM(E15*F15*H15*J15) -> 19.76
E16: 3.09 | F16: 4 | G16: =SUM(E16*F16) -> 12.36 | H16: 2 | I16: =SUM(G16*H16) -> 24.72 | J16: 1 | K16: =SUM(E16*F16*H16*J16) -> 24.72
C17: TOTAL ML VIGA AEREA | E17: 12.66 | F17: 4 | G17: =SUM(E17*F17) -> 50.64 | H17: 1 | I17: =SUM(G17*H17) -> 50.64 | J17: 1 | K17: =SUM(E17*F17*H17*J17) -> 50.64
K18: =ROUND(SUM(K13:K17),2) -> 161.76
B19: TOTAL ANTERIOR | K19: 0
B20: TOTAL | K20: =K18-K19 -> 161.76
B22: Elaboró | J22: Aprobó
B23: EL CONTRATISTA: | J23: LA INTERVENTORIA
AD28: =+Y29*0.01 -> 0
AD32: =+AB32-AC32 -> 0

Sheet acero de 37000
C2: MEMORIA DE CANTIDADES DE OBRA
B5: SOPORTE DEL MEMORIA DE CALCULO | K5: SEPTIEMBRE DE 2025
B6: OBJETO | C6: PRESUPUESTO CONSTRUCCION DE BATERIA DE BAÑOS INSTITUCIÓN EDUCATIVA LUIS A. DUQUE PEÑA SEDE PRINCIPAL BARZALOZA
B7: CAPITULO | C7: 4 | D7: ESTRUCTURAS EN CONCRETO
B8: ITEM | C8: 4.21 | D8: ACERO FIGURADO 37000 PSI | N8: UNIDAD
N9: KG
B11: FECHA | C11: LOCALIZACIÓN | E11: DIMENSIONES | H11: LONG TOTAL FLEJE | I11: FACTOR CONVERSION | J11: TOTAL | K11: ESQUEMA Y/O REGISTRO FOTOGRAFICO
E12: LONG | F12: LONG FLEJE | G12: numero de flejes | J12: ACUMULADO
C13: viga de amarre | E13: =SUM(+viga!F17) -> 12.66 | F13: 0.9 | G13: =SUM(E13/0.1) -> 126.6 | H13: =SUM(F13*G13) -> 113.94 | I13: 0.65 | J13: =SUM(H13*I13) -> 74.061
C14: viga aerea | E14: 12.66 | F14: 0.65 | G14: =SUM(E14/0.1) -> 126.6 | H14: =SUM(F14*G14) -> 82.29 | I14: 0.65 | J14: =SUM(H14*I14) -> 53.4885
C15: columnas | E15: 2.47 | F15: 0.9 | G15: =SUM(E15/0.1) -> 24.7 | H15: =SUM(F15*G15) -> 22.23 | I15: 0.65 | J15: =SUM(H15*I15) -> 14.4495
E16: 3.09 | F16: 0.9 | G16: =SUM(E16/0.1) -> 30.9 | H16: =SUM(F16*G16) -> 27.81 | I16: 0.65 | J16: =SUM(H16*I16) -> 18.0765
B20: | | J20: =ROUND(SUM(J13:J19),2) -> 160.08
B21: TOTAL ANTERIOR | J21: 0
B22: TOTAL | J22: =J20-J21 -> 160.08
B24: Elaboró | I24: Aprobó
B25: EL CONTRATISTA: | I25: LA INTERVENTORIA
AC30: =+X31*0.01 -> 0
AC34: =+AA34-AB34 -> 0

Sheet malla
C2: MEMORIA DE CANTIDADES DE OBRA
B5: SOPORTE DEL MEMORIA DE CALCULO | K5: SEPTIEMBRE DE 2025
B6: OBJETO | C6: PRESUPUESTO CONSTRUCCION DE BATERIA DE BAÑOS INSTITUCIÓN EDUCATIVA LUIS A. DUQUE PEÑA SEDE PRINCIPAL BARZALOZA
B7: CAPITULO | C7: 4 | D7: ESTRUCTURAS EN CONCRETO
B8: ITEM | C8: 4.23 | D8: REFUERZO MALLA ELECTROSOLDADA | N8: UNIDAD
N9: M3
B11: FECHA | C11: LOCALIZACIÓN | E11: DIMENSIONES | H11: peso de malla por m2 | I11: FACTOR CONVERSION malla 0,15x0,15 | J11: TOTAL | K11: ESQUEMA Y/O REGISTRO FOTOGRAFICO
E12: largo | F12: ancho | G12: area | J12: ACUMULADO
C13: area piso baños niñas | E13: 3.1 | F13: 2.88 | G13: =SUM(E13*F13) -> 8.928 | H13: 2.99 | J13: =SUM(G13*H13) -> 26.69472
B19: TOTAL ACUMULADO | J19: =ROUND(SUM(J13:J18),2) -> 26.69
B20: TOTAL ANTERIOR | J20: 0
B21: TOTAL | J21: =J19-J20 -> 26.69
B23: Elaboró | I23: Aprobó
B24: EL CONTRATISTA: | I24: LA INTERVENTORIA
AC29: =+X30*0.01 -> 0
AC33: =+AA33-AB33 -> 0

Sheet muros 
C2: MEMORIA DE CANTIDADES DE OBRA
B5: SOPORTE DEL MEMORIA DE CALCULO | K5: SEPTIEMBRE DE 2025
B6: OBJETO | C6: PRESUPUESTO CONSTRUCCION DE BATERIA DE BAÑOS INSTITUCIÓN EDUCATIVA LUIS A. DUQUE PEÑA SEDE PRINCIPAL BARZALOZA
B7: CAPITULO | C7: 5 | D7: MAMPOSTERÍA
B8: ITEM | C8: 5.17 | D8: MURO EN BLOQUE Nº 5 E=0.12 M | N8: UNIDAD
N9: M2
B11: FECHA | C11: LOCALIZACIÓN | E11: DIMENSIONES | H11: CANTIDAD | I11: AREA TOTAL | J11: TOTAL | K11: ESQUEMA Y/O REGISTRO FOTOGRAFICO
E12: largo | F12: ALTO | G12: AREA | J12: ACUMULADO
C13: fachada frontal | E13: 2 | F13: 2.1 | J13: =SUM(E13*F13) -> 4.2
C14: cuchilla | F14: 1.36 | J14: =SUM(+F14) -> 1.36
C15: fachada lateral derecha | E15: 2.71 | F15: 1.7 | J15: =SUM(E15*F15) -> 4.607
E16: 2.71 | F16: 0.14 | J16: =SUM(E16*F16) -> 0.3794
C17: fachada lateral izquierda | E17: 2.71 | F17: 2 | J17: =SUM(E17*F17) -> 5.42
C18: cuchilla | E18: 2.71 | F18: 0.71 | J18: =SUM(E18*F18) -> 1.9241
C19: fachada posterior | E19: 3.1 | F19: 2 | J19: =SUM(E19*F19) -> 6.2
C20: cuchilla | F20: 1.36 | J20: =SUM(+F20) -> 1.36
B21: TOTAL ACUMULADO | J21: =SUM(J13:J20) -> 25.4505
B22: TOTAL ANTERIOR | J22: 0
B23: TOTAL | J23: =J21-J22 -> 25.4505
B25: Elaboró | I25: Aprobó
B26: EL CONTRATISTA: | I26: LA INTERVENTORIA
AC31: =+X32*0.01 -> 0
AC35: =+AA35-AB35 -> 0

Sheet pañete
C2: MEMORIA DE CANTIDADES DE OBRA
B5: SOPORTE DEL MEMORIA DE CALCULO | K5: SEPTIEMBRE DE 2025
B6: OBJETO | C6: PRESUPUESTO CONSTRUCCION DE BATERIA DE BAÑOS INSTITUCIÓN EDUCATIVA LUIS A. DUQUE PEÑA SEDE PRINCIPAL BARZALOZA
B7: CAPITULO | C7: 6 | D7: MAMPOSTERÍA
B8: ITEM | C8: 6.17 | D8: PAÑETE LISO MUROS 1:4, E=1.5 CM | N8: UNIDAD
N9: M3
B11: FECHA | C11: LOCALIZACIÓN | E11: DIMENSIONES | H11: CANTIDAD | I11: menos area puerta | J11: TOTAL | K11: ESQUEMA Y/O REGISTRO FOTOGRAFICO
E12: largo | F12: ALTO | G12: AREA | J12: ACUMULADO
C13: fachada frontal exterior | G13: 8.31 | I13: 2 | J13: =SUM(G13-I13) -> 6.31
C14: fachada frontal interior | G14: 8.31 | I14: 2 | J14: =SUM(G14-I14) -> 6.31
C15: fachada lateral derecha exterior | E15: 2.71 | F15: 1.7 | G15: =SUM(E15*F15) -> 4.607 | J15: =SUM(+G15) -> 4.607
C16: fachada lateral derecha exterior | E16: 2.71 | F16: =SUM(0.14+0.25) -> 0.39 | G16: =SUM(E16*F16) -> 1.0569 | J16: =SUM(+G16) -> 1.0569
C17: fachada lateral izquierda exterior | E17: 2.71 | F17: 1.7 | G17: =SUM(E17*F17) -> 4.607 | J17: =SUM(+G17) -> 4.607
C18: fachada lateral izquierda exterior | E18: 2.71 | F18: =SUM(0.14+0.25) -> 0.39 | G18: =SUM(E18*F18) -> 1.0569 | J18: =SUM(+G18) -> 1.0569
C19: fachada lateral izquierda interior | E19: 2.71 | F19: 2.95 | G19: =SUM(E19*F19) -> 7.9945 | J19: =SUM(+G19) -> 7.9945
C20: fachada posterior interior | G20: 8.31 | J20: =SUM(+G20) -> 8.31
C21: meson | E21: 1.9 | F21: 0.6 | G21: =SUM(E21*F21) -> 1.14 | J21: =SUM(+G21) -> 1.14
E22: 0.87 | F22: 0.6 | G22: =SUM(E22*F22) -> 0.522 | J22: =SUM(+G22) -> 0.522
E23: 1.75 | F23: 0.6 | G23: =SUM(E23*F23) -> 1.05 | J23: =SUM(+G23) -> 1.05
B25: TOTAL ACUMULADO | J25: =SUM(J13:J23) -> 42.9643
B26: TOTAL ANTERIOR | J26: 0
B27: TOTAL | J27: =J25-J26 -> 42.9643
B29: Elaboró | I29: Aprobó
B30: EL CONTRATISTA: | I30: LA INTERVENTORIA
C35: MEMORIA DE CANTIDADES DE OBRA | AC35: =+X36*0.01 -> 0
B38: SOPORTE DEL MEMORIA DE CALCULO | K38: SEPTIEMBRE DE 2025
B39: OBJETO | C39: PRESUPUESTO CONSTRUCCION DE BATERIA DE BAÑOS INSTITUCIÓN EDUCATIVA LUIS A. DUQUE PEÑA SEDE PRINCIPAL BARZALOZA | AC39: =+AA39-AB39 -> 0
B40: CAPITULO | C40: 6 | D40: MAMPOSTERÍA
B41: ITEM | C41: 6.17 | D41: PAÑETE LISO MUROS 1:4, E=1.5 CM | N41: UNIDAD
N42: M3
B44: FECHA | C44: LOCALIZACIÓN | E44: DIMENSIONES | H44: CANTIDAD | I44: menos area puerta | J44: TOTAL | K44: ESQUEMA Y/O REGISTRO FOTOGRAFICO
E45: largo | F45: ALTO | G45: AREA | J45: ACUMULADO
E46: 0.75566978 | F46: 2.14 | G46: =SUM(E46*F46) -> 1.6171333 | H46: 6 | J46: =SUM(G46*H46) -> 9.7028
E47: 1.37 | F47: 2.14 | G47: =SUM(E47*F47) -> 2.9318 | H47: 6 | J47: =SUM(G47*H47) -> 17.5908
E48: 0.34 | F48: 2.14 | G48: =SUM(E48*F48) -> 0.7276 | H48: 6 | J48: =SUM(G48*H48) -> 4.3656
E49: 0.12 | F49: 2.14 | G49: =SUM(E49*F49) -> 0.2568 | H49: 6 | J49: =SUM(G49*H49) -> 1.5408
B58: TOTAL ACUMULADO | J58: =SUM(J46:J56) -> 33.2
B59: TOTAL ANTERIOR | J59: 0
B60: TOTAL | J60: =J58-J59 -> 33.2
B62: Elaboró | I62: Aprobó
B63: EL CONTRATISTA: | I63: LA INTERVENTORIA

Sheet cubierta
C2: MEMORIA DE CANTIDADES DE OBRA
B5: SOPORTE DEL MEMORIA DE CALCULO | K5: SEPTIEMBRE DE 2025
B6: OBJETO | C6: PRESUPUESTO CONSTRUCCION DE BATERIA DE BAÑOS INSTITUCIÓN EDUCATIVA LUIS A. DUQUE PEÑA SEDE PRINCIPAL BARZALOZA
B7: CAPITULO | C7: 7 | D7: CUBIERTAS
B8: ITEM | C8: 7.2 | D8: TEJA EN LÁMINA GALVANIZADA CAL 26 PINTADA | N8: UNIDAD
N9: m2
B11: FECHA | C11: LOCALIZACIÓN | E11: DIMENSIONES | H11: CANTIDAD | I11: AREA TOTAL | J11: TOTAL | K11: ESQUEMA Y/O REGISTRO FOTOGRAFICO
E12: largo | F12: ancho | G12: AREA | J12: ACUMULADO
C13: cubierta baños niñas | E13: 4 | F13: 3.95 | G13: =SUM(E13*F13) -> 15.8 | J13: =SUM(+G13) -> 15.8
B20: TOTAL ACUMULADO | J20: =SUM(J13:J19) -> 15.8
B21: TOTAL ANTERIOR | J21: 0
B22: TOTAL | J22: =J20-J21 -> 15.8
B24: Elaboró | I24: Aprobó
B25: EL CONTRATISTA: | I25: LA INTERVENTORIA
AC30: =+X31*0.01 -> 0
AC34: =+AA34-AB34 -> 0

Sheet estruc. cubierta
C2: MEMORIA DE CANTIDADES DE OBRA
B5: SOPORTE DEL MEMORIA DE CALCULO | K5: SEPTIEMBRE DE 2025
B6: OBJETO | C6: PRESUPUESTO CONSTRUCCION DE BATERIA DE BAÑOS INSTITUCIÓN EDUCATIVA LUIS A. DUQUE PEÑA SEDE PRINCIPAL BARZALOZA
B7: CAPITULO | D7: ESTRUCTURA PARA CUBIERTA
B8: ITEM | C8: APU | D8: ESTRUCTURA PARA CUBIERTA EN LÁMINA GALVANIZADA | N8: UNIDAD
N9: m2
B11: FECHA | C11: LOCALIZACIÓN | E11: DIMENSIONES | H11: CANTIDAD | I11: AREA TOTAL | J11: TOTAL | K11: ESQUEMA Y/O REGISTRO FOTOGRAFICO
E12: largo | F12: ancho | G12: AREA | J12: ACUMULADO
C13: cubierta baños niñas | E13: 4 | F13: 3.95 | G13: =SUM(E13*F13) -> 15.8 | J13: =SUM(+G13) -> 15.8
B20: TOTAL ACUMULADO | J20: =SUM(J13:J19) -> 15.8
B21: TOTAL ANTERIOR | J21: 0
B22: TOTAL | J22: =J20-J21 -> 15.8
B24: Elaboró | I24: Aprobó
B25: EL CONTRATISTA: | I25: LA INTERVENTORIA
AC30: =+X31*0.01 -> 0
AC34: =+AA34-AB34 -> 0

Sheet marco puerta
C2: MEMORIA DE CANTIDADES DE OBRA
B5: SOPORTE DEL MEMORIA DE CALCULO | K5: SEPTIEMBRE DE 2025
B6: OBJETO | C6: PRESUPUESTO CONSTRUCCION DE BATERIA DE BAÑOS INSTITUCIÓN EDUCATIVA LUIS A. DUQUE PEÑA SEDE PRINCIPAL BARZALOZA
B7: CAPITULO | C7: 10 | D7: CARPINTERIA METALICA
B8: ITEM | C8: 10.4 | D8: MARCO PARA PUERTA EN LÁMINA CAL 18 -0.8 | N8: UNIDAD
N9: UNIDAD
B11: FECHA | C11: LOCALIZACIÓN | E11: DIMENSIONES | H11: CANTIDAD | I11: AREA TOTAL | J11: TOTAL | K11: ESQUEMA Y/O REGISTRO FOTOGRAFICO
E12: largo | F12: ancho | G12: AREA | J12: ACUMULADO
C13: baños niñas y discapacidad | H13: 1 | J13: =SUM(+H13) -> 1
B20: TOTAL ACUMULADO | J20: =SUM(J13:J19) -> 1
B21: TOTAL ANTERIOR | J21: 0
B22: TOTAL | J22: =J20-J21 -> 1
B24: Elaboró | I24: Aprobó
B25: EL CONTRATISTA: | I25: LA INTERVENTORIA
AC30: =+X31*0.01 -> 0
AC34: =+AA34-AB34 -> 0

Sheet puerta metalica
C2: MEMORIA DE CANTIDADES DE OBRA
B5: SOPORTE DEL MEMORIA DE CALCULO | K5: SEPTIEMBRE DE 2025
B6: OBJETO | C6: PRESUPUESTO CONSTRUCCION DE BATERIA DE BAÑOS INSTITUCIÓN EDUCATIVA LUIS A. DUQUE PEÑA SEDE PRINCIPAL BARZALOZA
B7: CAPITULO | C7: 10 | D7: CARPINTERIA METALICA
B8: ITEM | C8: 10.7 | D8: PUERTA EN LÁMINA CAL 18 INC. ANTICORROSIVO | N8: UNIDAD
N9: m2
B11: FECHA | C11: LOCALIZACIÓN | E11: DIMENSIONES | H11: CANTIDAD | I11: AREA TOTAL | J11: TOTAL | K11: ESQUEMA Y/O REGISTRO FOTOGRAFICO
E12: largo | F12: ancho | G12: AREA | J12: ACUMULADO
C13: baños niñas y discapacidad | E13: 2 | F13: 1 | H13: 1 | J13: =SUM(E13*F13*H13) -> 2
E14: 1.6 | F14: 0.9 | H14: 3 | J14: =SUM(E14*F14*H14) -> 4.32
B20: TOTAL ACUMULADO | J20: =SUM(J13:J19) -> 6.32
B21: TOTAL ANTERIOR | J21: 0
B22: TOTAL | J22: =J20-J21 -> 6.32
B24: Elaboró | I24: Aprobó
B25: EL CONTRATISTA: | I25: LA INTERVENTORIA
C30: MEMORIA DE CANTIDADES DE OBRA | AC30: =+X31*0.01 -> 0
B33: SOPORTE DEL MEMORIA DE CALCULO | K33: SEPTIEMBRE DE 2025
B34: OBJETO | C34: PRESUPUESTO CONSTRUCCION DE BATERIA DE BAÑOS INSTITUCIÓN EDUCATIVA LUIS A. DUQUE PEÑA SEDE PRINCIPAL BARZALOZA | AC34: =+AA34-AB34 -> 0
B35: CAPITULO | C35: 10 | D35: CARPINTERIA METALICA
B36: ITEM | C36: 10.7 | D36: PUERTA EN LÁMINA CAL 18 INC. ANTICORROSIVO | N36: UNIDAD
N37: m2
B39: FECHA | C39: LOCALIZACIÓN | E39: DIMENSIONES | H39: CANTIDAD | I39: AREA TOTAL | J39: TOTAL | K39: ESQUEMA Y/O REGISTRO FOTOGRAFICO
E40: largo | F40: ancho | G40: AREA | J40: ACUMULADO
C41: baños niñas y discapacidad | E41: 1.7 | F41: 0.6 | G41: =SUM(E41*F41) -> 1.02 | H41: 6 | J41: =SUM(E41*F41*H41) -> 6.12
B48: TOTAL ACUMULADO | J48: =SUM(J41:J47) -> 6.12
B49: TOTAL ANTERIOR | J49: 0
B50: TOTAL | J50: =J48-J49 -> 6.12

Sheet ventana
C2: MEMORIA DE CANTIDADES DE OBRA
B5: SOPORTE DEL MEMORIA DE CALCULO | K5: SEPTIEMBRE DE 2025
B6: OBJETO | C6: PRESUPUESTO CONSTRUCCION DE BATERIA DE BAÑOS INSTITUCIÓN EDUCATIVA LUIS A. DUQUE PEÑA SEDE PRINCIPAL BARZALOZA
B7: CAPITULO | C7: 10 | D7: CARPINTERIA METALICA
B8: ITEM | C8: 10.2 | D8: VENTANA LÁMINA CALIBRE 18 INC. ANTICORROSIVO | N8: UNIDAD
N9: m2
B11: FECHA | C11: LOCALIZACIÓN | E11: DIMENSIONES | H11: CANTIDAD | I11: AREA TOTAL | J11: TOTAL | K11: ESQUEMA Y/O REGISTRO FOTOGRAFICO
E12: largo | F12: ancho | G12: AREA | J12: ACUMULADO
C13: baños niñas | E13: 2.68 | F13: 0.3 | J13: =SUM(E13*F13) -> 0.804
B19: TOTAL ACUMULADO | J19: =SUM(J13:J18) -> 0.804
B20: TOTAL ANTERIOR | J20: 0
B21: TOTAL | J21: =J19-J20 -> 0.804
B23: Elaboró | I23: Aprobó
B24: EL CONTRATISTA: | I24: LA INTERVENTORIA
AC29: =+X30*0.01 -> 0
AC33: =+AA33-AB33 -> 0

Sheet conexion tanque
C2: MEMORIA DE CANTIDADES DE OBRA
B5: SOPORTE DEL MEMORIA DE CALCULO | K5: SEPTIEMBRE DE 2025
B6: OBJETO | C6: PRESUPUESTO CONSTRUCCION DE BATERIA DE BAÑOS INSTITUCIÓN EDUCATIVA LUIS A. DUQUE PEÑA SEDE PRINCIPAL BARZALOZA
B7: CAPITULO | C7: 11 | D7: INSTALACIONES HIDROSANITARIAS
B8: ITEM | C8: 11.8 | D8: CONEXIÓN TANQUE ELEVADO PVC
N9: unidad
B11: FECHA | C11: LOCALIZACIÓN | E11: DIMENSIONES | H11: CANTIDAD | I11: LONG TOTAL | J11: TOTAL | K11: ESQUEMA Y/O REGISTRO FOTOGRAFICO
E12: largo | F12: ancho | G12: AREA | J12: ACUMULADO
C13: baños niñas y discapacidad | H13: 1 | J13: =SUM(+H13) -> 1
B20: TOTAL ACUMULADO | J20: =SUM(J13:J19) -> 1
B21: TOTAL ANTERIOR | J21: 0
B22: TOTAL | J22: =J20-J21 -> 1
B24: Elaboró | I24: Aprobó
B25: EL CONTRATISTA: | I25: LA INTERVENTORIA
AC30: =+X31*0.01 -> 0
AC34: =+AA34-AB34 -> 0

Sheet llave manguera
C2: MEMORIA DE CANTIDADES DE OBRA
B5: SOPORTE DEL MEMORIA DE CALCULO | K5: SEPTIEMBRE DE 2025
B6: OBJETO | C6: PRESUPUESTO CONSTRUCCION DE BATERIA DE BAÑOS INSTITUCIÓN EDUCATIVA LUIS A. DUQUE PEÑA SEDE PRINCIPAL BARZALOZA
B7: CAPITULO | C7: 11 | D7: INSTALACIONES HIDROSANITARIAS
B8: ITEM | C8: 11.12 | D8: LLAVE MANGUERA
N9: m2
B11: FECHA | C11: LOCALIZACIÓN | E11: DIMENSIONES | H11: CANTIDAD | I11: AREA TOTAL | J11: TOTAL | K11: ESQUEMA Y/O REGISTRO FOTOGRAFICO
E12: largo | F12: ancho | G12: AREA | J12: ACUMULADO
C13: baños niñas | H13: 2 | J13: =SUM(+H13) -> 2
B20: TOTAL ACUMULADO | J20: =SUM(J13:J19) -> 2
B21: TOTAL ANTERIOR | J21: 0
B22: TOTAL | J22: =J20-J21 -> 2
B24: Elaboró | I24: Aprobó
B25: EL CONTRATISTA: | I25: LA INTERVENTORIA
C30: MEMORIA DE CANTIDADES DE OBRA | AC30: =+X31*0.01 -> 0
B33: SOPORTE DEL MEMORIA DE CALCULO | K33: SEPTIEMBRE DE 2025
B34: OBJETO | C34: PRESUPUESTO CONSTRUCCION DE BATERIA DE BAÑOS INSTITUCIÓN EDUCATIVA LUIS A. DUQUE PEÑA SEDE PRINCIPAL BARZALOZA | AC34: =+AA34-AB34 -> 0
B35: CAPITULO | C35: 11 | D35: INSTALACIONES HIDROSANITARIAS
B36: ITEM | C36: 11.12 | D36: LLAVE MANGUERA
N37: m2
B39: FECHA | C39: LOCALIZACIÓN | E39: DIMENSIONES | H39: CANTIDAD | I39: AREA TOTAL | J39: TOTAL | K39: ESQUEMA Y/O REGISTRO FOTOGRAFICO
E40: largo | F40: ancho | G40: AREA | J40: ACUMULADO
C41: baños niñas | H41: 4 | J41: =SUM(+H41) -> 4
B48: TOTAL ACUMULADO | J48: =SUM(J41:J47) -> 4
B49: TOTAL ANTERIOR | J49: 0
B50: TOTAL | J50: =J48-J49 -> 4
B52: Elaboró | I52: Aprobó
B53: EL CONTRATISTA: | I53: LA INTERVENTORIA

Sheet puntos hidraulicos
C2: MEMORIA DE CANTIDADES DE OBRA
B5: SOPORTE DEL MEMORIA DE CALCULO | K5: SEPTIEMBRE DE 2025
B6: OBJETO | C6: PRESUPUESTO CONSTRUCCION DE BATERIA DE BAÑOS INSTITUCIÓN EDUCATIVA LUIS A. DUQUE PEÑA SEDE PRINCIPAL BARZALOZA
B7: CAPITULO | C7: 11 | D7: INSTALACIONES HIDROSANITARIAS
B8: ITEM | C8: 11.16 | D8: PUNTO HIDRÁULICO PVC-P/PARAL 1/2"
N9: un
B11: FECHA | C11: LOCALIZACIÓN | E11: PUNTOS | I11: TOTAL PUNTOS | J11: TOTAL | K11: ESQUEMA Y/O REGISTRO FOTOGRAFICO
E12: DUCHA | F12: LAVAMANOS | G12: SANITARIO | H12: ORINAL | J12: ACUMULADO
C13: baños niñas | F13: 2 | G13: 3 | J13: =SUM(+F13+G13) -> 5
B19: TOTAL ACUMULADO | J19: =SUM(J13:J18) -> 5
B20: TOTAL ANTERIOR | J20: 0
B21: TOTAL | J21: =J19-J20 -> 5
B23: Elaboró | I23: Aprobó
B24: EL CONTRATISTA: | I24: LA INTERVENTORIA
AC29: =+X30*0.01 -> 0
AC33: =+AA33-AB33 -> 0

Sheet salida sanitaria 2"
C2: MEMORIA DE CANTIDADES DE OBRA
B5: SOPORTE DEL MEMORIA DE CALCULO | K5: SEPTIEMBRE DE 2025
B6: OBJETO | C6: PRESUPUESTO CONSTRUCCION DE BATERIA DE BAÑOS INSTITUCIÓN EDUCATIVA LUIS A. DUQUE PEÑA SEDE PRINCIPAL BARZALOZA
B7: CAPITULO | C7: 11 | D7: INSTALACIONES HIDROSANITARIAS
B8: ITEM | C8: 11.19 | D8: SALIDA SANITARIA PVC-S/PARAL 2"
N9: m2
B11: FECHA | C11: LOCALIZACIÓN | I11: unidad | J11: TOTAL | K11: ESQUEMA Y/O REGISTRO FOTOGRAFICO
C13: baños niñas | I13: 2 | J13: =SUM(+I13) -> 2
B20: TOTAL ACUMULADO | J20: =SUM(J12:J19) -> 2
B21: TOTAL ANTERIOR | J21: 0
B22: TOTAL | J22: =J20-J21 -> 2
B24: Elaboró | I24: Aprobó
B25: EL CONTRATISTA: | I25: LA INTERVENTORIA
AC30: =+X31*0.01 -> 0
AC34: =+AA34-AB34 -> 0

Sheet salida sanitaria 4"
C2: MEMORIA DE CANTIDADES DE OBRA
B5: SOPORTE DEL MEMORIA DE CALCULO | K5: SEPTIEMBRE DE 2025
B6: OBJETO | C6: PRESUPUESTO CONSTRUCCION DE BATERIA DE BAÑOS INSTITUCIÓN EDUCATIVA LUIS A. DUQUE PEÑA SEDE PRINCIPAL BARZALOZA
B7: CAPITULO | C7: 11 | D7: INSTALACIONES HIDROSANITARIAS
B8: ITEM | C8: 11.21 | D8: SALIDA SANITARIA PVC-S/PARAL 4"
N9: ml
B11: FECHA | C11: LOCALIZACIÓN | I11: unidades | J11: TOTAL | K11: ESQUEMA Y/O REGISTRO FOTOGRAFICO
C13: baños niñas | I13: 3 | J13: =SUM(+I13) -> 3
B20: TOTAL ACUMULADO | J20: =SUM(J12:J19) -> 3
B21: TOTAL ANTERIOR | J21: 0
B22: TOTAL | J22: =J20-J21 -> 3
B24: Elaboró | I24: Aprobó
B25: EL CONTRATISTA: | I25: LA INTERVENTORIA
AC30: =+X31*0.01 -> 0
AC34: =+AA34-AB34 -> 0

Sheet red sanitaria 2"
C2: MEMORIA DE CANTIDADES DE OBRA
B5: SOPORTE DEL MEMORIA DE CALCULO | K5: SEPTIEMBRE DE 2025
B6: OBJETO | C6: PRESUPUESTO CONSTRUCCION DE BATERIA DE BAÑOS INSTITUCIÓN EDUCATIVA LUIS A. DUQUE PEÑA SEDE PRINCIPAL BARZALOZA
B7: CAPITULO | C7: 11 | D7: INSTALACIONES HIDROSANITARIAS
B8: ITEM | C8: 11.31 | D8: RED SANITARIA PVC-S/PARAL 2"
N9: ml
B11: FECHA | C11: LOCALIZACIÓN | I11: unidades | J11: TOTAL | K11: ESQUEMA Y/O REGISTRO FOTOGRAFICO
E12: longitud
C13: baños niñas y discapacitados | E13: =SUM(3.42+3.48) -> 6.9 | J13: =SUM(+E13) -> 6.9
B20: TOTAL ACUMULADO | J20: =SUM(J12:J19) -> 6.9
B21: TOTAL ANTERIOR | J21: 0
B22: TOTAL | J22: =J20-J21 -> 6.9
B24: Elaboró | I24: Aprobó
B25: EL CONTRATISTA: | I25: LA INTERVENTORIA
AC30: =+X31*0.01 -> 0
AC34: =+AA34-AB34 -> 0

Sheet red sanitaria de 4"
C2: MEMORIA DE CANTIDADES DE OBRA
B5: SOPORTE DEL MEMORIA DE CALCULO | K5: SEPTIEMBRE DE 2025
B6: OBJETO | C6: PRESUPUESTO CONSTRUCCION DE BATERIA DE BAÑOS INSTITUCIÓN EDUCATIVA LUIS A. DUQUE PEÑA SEDE PRINCIPAL BARZALOZA
B7: CAPITULO | C7: 11 | D7: INSTALACIONES HIDROSANITARIAS
B8: ITEM | C8: 11.33 | D8: RED SANITARIA PVC-S/PARAL 4"
N9: ml
B11: FECHA | C11: LOCALIZACIÓN | E11: longitud | I11: unidades | J11: TOTAL | K11: ESQUEMA Y/O REGISTRO FOTOGRAFICO
C13: baños niñas | E13: 10 | J13: =SUM(+E13) -> 10
B20: TOTAL ACUMULADO | J20: =SUM(J12:J19) -> 10
B21: TOTAL ANTERIOR | J21: 0
B22: TOTAL | J22: =J20-J21 -> 10
B24: Elaboró | I24: Aprobó
B25: EL CONTRATISTA: | I25: LA INTERVENTORIA
AC30: =+X31*0.01 -> 0
AC34: =+AA34-AB34 -> 0

Sheet caja inspeccion
C2: MEMORIA DE CANTIDADES DE OBRA
B5: SOPORTE DEL MEMORIA DE CALCULO | K5: SEPTIEMBRE DE 2025
B6: OBJETO | C6: PRESUPUESTO CONSTRUCCION DE BATERIA DE BAÑOS INSTITUCIÓN EDUCATIVA LUIS A. DUQUE PEÑA SEDE PRINCIPAL BARZALOZA
B7: CAPITULO | D7: INSTALACIONES HIDROSANITARIAS
B8: ITEM | D8: CAJA DE INSPECCION DE 0,60X0,60
N9: ml
B11: FECHA | C11: LOCALIZACIÓN | I11: unidades | J11: TOTAL | K11: ESQUEMA Y/O REGISTRO FOTOGRAFICO
C13: baños niñas y discapacitados | I13: 1 | J13: 2
B20: TOTAL ACUMULADO | J20: =SUM(J12:J19) -> 2
B21: TOTAL ANTERIOR | J21: 0
B22: TOTAL | J22: =J20-J21 -> 2
B24: Elaboró | I24: Aprobó
B25: EL CONTRATISTA: | I25: LA INTERVENTORIA
AC30: =+X31*0.01 -> 0
AC34: =+AA34-AB34 -> 0

Sheet red suministro
C2: MEMORIA DE CANTIDADES DE OBRA
B5: SOPORTE DEL MEMORIA DE CALCULO | K5: SEPTIEMBRE DE 2025
B6: OBJETO | C6: PRESUPUESTO CONSTRUCCION DE BATERIA DE BAÑOS INSTITUCIÓN EDUCATIVA LUIS A. DUQUE PEÑA SEDE PRINCIPAL BARZALOZA
B7: CAPITULO | C7: 11 | D7: INSTALACIONES HIDROSANITARIAS
B8: ITEM | C8: 11.23 | D8: RED SUMINISTRO PVC 1/2"
N9: ML
B11: FECHA | C11: LOCALIZACIÓN | E11: DIMENSIONES | H11: CANTIDAD | I11: AREA TOTAL | J11: TOTAL | K11: ESQUEMA Y/O REGISTRO FOTOGRAFICO
E12: largo | F12: alto | G12: AREA | J12: ACUMULADO
C13: baños niñas y discapacitados | E13: 12 | J13: =SUM(+E13) -> 12
B22: TOTAL ACUMULADO
B23: TOTAL ANTERIOR | J23: 0
B24: =+F13 -> 0 | J24: =SUM(J13:J19) -> 12
B26: Elaboró | I26: Aprobó
B27: EL CONTRATISTA: | I27: LA INTERVENTORIA
AC32: =+X33*0.01 -> 0
AC36: =+AA36-AB36 -> 0

Sheet acometida electr.
C2: MEMORIA DE CANTIDADES DE OBRA
B5: SOPORTE DEL MEMORIA DE CALCULO | K5: SEPTIEMBRE DE 2025
B6: OBJETO | C6: PRESUPUESTO CONSTRUCCION DE BATERIA DE BAÑOS INSTITUCIÓN EDUCATIVA LUIS A. DUQUE PEÑA SEDE PRINCIPAL BARZALOZA
B7: CAPITULO | C7: 12 | D7: INSTALACIONES HIDROSANITARIAS
B8: ITEM | C8: 12.1 | D8: ACOMETIDA AÉREA 10 M. PVC
N9: ML
B11: FECHA | C11: LOCALIZACIÓN | E11: DIMENSIONES | H11: CANTIDAD | I11: AREA TOTAL | J11: TOTAL | K11: ESQUEMA Y/O REGISTRO FOTOGRAFICO
E12: largo | F12: alto | G12: AREA | J12: ACUMULADO
C13: acometida aerea 10m | H13: 1 | J13: =SUM(+H13) -> 1
B22: TOTAL ACUMULADO
B23: TOTAL ANTERIOR | J23: 0
B24: =+F13 -> 0 | J24: =SUM(J13:J19) -> 1
B26: Elaboró | I26: Aprobó
B27: EL CONTRATISTA: | I27: LA INTERVENTORIA
AC32: =+X33*0.01 -> 0
AC36: =+AA36-AB36 -> 0

Sheet salida lampara
C2: MEMORIA DE CANTIDADES DE OBRA
B5: SOPORTE DEL MEMORIA DE CALCULO | K5: SEPTIEMBRE DE 2025
B6: OBJETO | C6: PRESUPUESTO CONSTRUCCION DE BATERIA DE BAÑOS INSTITUCIÓN EDUCATIVA LUIS A. DUQUE PEÑA SEDE PRINCIPAL BARZALOZA
B7: CAPITULO | C7: 12 | D7: INSTALACIONES HIDROSANITARIAS
B8: ITEM | C8: 12.2 | D8: SALIDA LÁMPARA TOMA EMT COMPLETA
N9: ML
B11: FECHA | C11: LOCALIZACIÓN | E11: DIMENSIONES | H11: CANTIDAD | I11: AREA TOTAL | J11: TOTAL | K11: ESQUEMA Y/O REGISTRO FOTOGRAFICO
E12: largo | F12: alto | G12: AREA | J12: ACUMULADO
C13: baños niñas y discapacitados | H13: 3 | J13: =SUM(+H13) -> 3
B22: TOTAL ACUMULADO
B23: TOTAL ANTERIOR | J23: 0
B24: =+F13 -> 0 | J24: =SUM(J13:J19) -> 3
B26: Elaboró | I26: Aprobó
B27: EL CONTRATISTA: | I27: LA INTERVENTORIA
AC32: =+X33*0.01 -> 0
AC36: =+AA36-AB36 -> 0

Sheet tuberia conduit
C2: MEMORIA DE CANTIDADES DE OBRA
B5: SOPORTE DEL MEMORIA DE CALCULO | K5: SEPTIEMBRE DE 2025
B6: OBJETO | C6: PRESUPUESTO CONSTRUCCION DE BATERIA DE BAÑOS INSTITUCIÓN EDUCATIVA LUIS A. DUQUE PEÑA SEDE PRINCIPAL BARZALOZA
B7: CAPITULO | C7: 12
B8: ITEM | C8: 12.16 | D8: TUBERÍA PVC CONDUIT 1/2"
N9: ML
B11: FECHA | C11: LOCALIZACIÓN | E11: DIMENSIONES | H11: CANTIDAD | I11: AREA TOTAL | J11: TOTAL | K11: ESQUEMA Y/O REGISTRO FOTOGRAFICO
E12: largo | F12: alto | G12: AREA | J12: ACUMULADO
C13: baños niñas y discapacitados | E13: 15 | J13: =SUM(+E13) -> 15
B22: TOTAL ACUMULADO
B23: TOTAL ANTERIOR | J23: 0
B24: =+F13 -> 0 | J24: =SUM(J13:J19) -> 15
B26: Elaboró | I26: Aprobó
B27: EL CONTRATISTA: | I27: LA INTERVENTORIA
AC32: =+X33*0.01 -> 0
AC36: =+AA36-AB36 -> 0

Sheet placa piso
C2: MEMORIA DE CANTIDADES DE OBRA
B5: SOPORTE DEL MEMORIA DE CALCULO | K5: SEPTIEMBRE DE 2025
B6: OBJETO | C6: PRESUPUESTO CONSTRUCCION DE BATERIA DE BAÑOS INSTITUCIÓN EDUCATIVA LUIS A. DUQUE PEÑA SEDE PRINCIPAL BARZALOZA
B7: CAPITULO | C7: 13 | D7: PISOS BASES
B8: ITEM | C8: 13.13 | D8: PLACA BASE CONCRETO 0.10 2500 PSI | N8: UNIDAD
N9: M2
B11: FECHA | C11: LOCALIZACIÓN | E11: DIMENSIONES | H11: CANTIDAD | I11: AREA TOTAL | J11: TOTAL | K11: ESQUEMA Y/O REGISTRO FOTOGRAFICO
E12: largo | F12: ancho | G12: AREA | J12: ACUMULADO
C13: area piso baños niñas | E13: 3.1 | F13: 2.88 | G13: =SUM(E13*F13) -> 8.928 | J13: =SUM(+G13) -> 8.928
C14: anden de entrada | E14: 1 | F14: 1 | G14: =SUM(E14*F14) -> 1 | J14: =SUM(+G14) -> 1
B20: TOTAL ACUMULADO | J20: =SUM(J13:J19) -> 9.928
B21: TOTAL ANTERIOR | J21: 0
B22: TOTAL | J22: =J20-J21 -> 9.928
B24: Elaboró | I24: Aprobó
B25: EL CONTRATISTA: | I25: LA INTERVENTORIA
J29: 2
J30: 3.1 | AC30: =+X31*0.01 -> 0
J31: 5.1
J32: 2.3
J33: 1.7
J34: 0.88 | AC34: =+AA34-AB34 -> 0
J35: 2.25
J37: =SUM(J29:J36) -> 17.33
J38: 0.15
J40: =SUM(J37*J38) -> 2.5995

Sheet alistado piso
C2: MEMORIA DE CANTIDADES DE OBRA
B5: SOPORTE DEL MEMORIA DE CALCULO | K5: SEPTIEMBRE DE 2025
B6: OBJETO | C6: PRESUPUESTO CONSTRUCCION DE BATERIA DE BAÑOS INSTITUCIÓN EDUCATIVA LUIS A. DUQUE PEÑA SEDE PRINCIPAL BARZALOZA
B7: CAPITULO | C7: 10 | D7: PISOS BASES
B8: ITEM | C8: 10.4 | D8: ALISTADO PISOS 1:3, E=0.04 | N8: UNIDAD
N9: M2
B11: FECHA | C11: LOCALIZACIÓN | E11: DIMENSIONES | H11: CANTIDAD | I11: AREA TOTAL | J11: TOTAL | K11: ESQUEMA Y/O REGISTRO FOTOGRAFICO
E12: largo | F12: ancho | G12: AREA | J12: ACUMULADO
C13: area piso baños niñas | E13: 3.1 | F13: 2.88 | G13: =SUM(E13*F13) -> 8.928 | J13: =SUM(+G13) -> 8.928
C14: anden de entrada | E14: 1 | F14: 1 | G14: =SUM(E14*F14) -> 1 | J14: =SUM(+G14) -> 1
B20: TOTAL ACUMULADO | J20: =SUM(J13:J19) -> 9.928
B21: TOTAL ANTERIOR | J21: 0
B22: TOTAL | J22: =J20-J21 -> 9.928
B24: Elaboró | I24: Aprobó
B25: EL CONTRATISTA: | I25: LA INTERVENTORIA
AC30: =+X31*0.01 -> 0
AC34: =+AA34-AB34 -> 0

Sheet baldosa pared
C2: MEMORIA DE CANTIDADES DE OBRA
B5: SOPORTE DEL MEMORIA DE CALCULO | M5: SEPTIEMBRE DE 2025
B6: OBJETO | C6: PRESUPUESTO CONSTRUCCION DE BATERIA DE BAÑOS INSTITUCIÓN EDUCATIVA LUIS A. DUQUE PEÑA SEDE PRINCIPAL BARZALOZA
B7: CAPITULO | C7: 14 | D7: PISOS,ACABADOS,ENCHAPES Y ACCESORIOS
B8: ITEM | C8: 14.1 | D8: BALDOSA CERÁMICA PISO-PARED 20X20 CALIDAD PRIMERA
P9: M2
B11: FECHA | C11: LOCALIZACIÓN | E11: DIMENSIONES | I11: menos area ventanas y puertas | J11: AREA TOTAL | K11: unidades | L11: TOTAL | M11: ESQUEMA Y/O REGISTRO FOTOGRAFICO
E12: alto | F12: ancho | G12: largo | H12: AREA | L12: ACUMULADO
C13: baño niñas | E13: 1.2 | G13: 3.1 | H13: =SUM(E13*G13) -> 3.72 | L13: =SUM(+H13) -> 3.72
E14: 1.2 | G14: 2.88 | H14: =SUM(E14*G14) -> 3.456 | L14: =SUM(+H14) -> 3.456
E15: 1.2 | G15: 2.1 | H15: =SUM(E15*G15) -> 2.52 | L15: =SUM(+H15) -> 2.52
E16: 1.2 | G16: 2.88 | H16: =SUM(E16*G16) -> 3.456 | L16: =SUM(+H16) -> 3.456
B20: TOTAL ACUMULADO | L20: =SUM(L13:L19) -> 13.152
B21: TOTAL ANTERIOR | L21: 0
B22: TOTAL | L22: =L20-L21 -> 13.152
B24: Elaboró | J24: Aprobó
B25: EL CONTRATISTA: | J25: LA INTERVENTORIA
C29: MEMORIA DE CANTIDADES DE OBRA
AE30: =+Z31*0.01 -> 0
B32: SOPORTE DEL MEMORIA DE CALCULO | M32: SEPTIEMBRE DE 2025
B33: OBJETO | C33: PRESUPUESTO CONSTRUCCION DE BATERIA DE BAÑOS INSTITUCIÓN EDUCATIVA LUIS A. DUQUE PEÑA SEDE PRINCIPAL BARZALOZA
B34: CAPITULO | C34: 14 | D34: PISOS,ACABADOS,ENCHAPES Y ACCESORIOS | AE34: =+AC34-AD34 -> 0
B35: ITEM | C35: 14.1 | D35: BALDOSA CERÁMICA PISO-PARED 20X20 CALIDAD PRIMERA
P36: M2
B38: FECHA | C38: LOCALIZACIÓN | E38: DIMENSIONES | I38: menos area ventanas y puertas | J38: AREA TOTAL | K38: unidades | L38: TOTAL | M38: ESQUEMA Y/O REGISTRO FOTOGRAFICO
E39: alto | F39: ancho | G39: largo | H39: AREA | L39: ACUMULADO
C40: baño niñas | E40: 1.5 | F40: 1.18 | H40: =SUM(E40*F40) -> 1.77 | I40: 1 | K40: 5 | L40: =SUM(H40*I40*K40) -> 8.85
E41: 1.5 | F41: 1.37 | H41: =SUM(E41*F41) -> 2.055 | I41: 2 | K41: 5 | L41: =SUM(H41*I41*K41) -> 20.55
E42: 1.5 | F42: 0.34 | H42: =SUM(E42*F42) -> 0.51 | I42: 1 | K42: 5 | L42: =SUM(H42*I42*K42) -> 2.55
E43: 1.5 | F43: 0.12 | H43: =SUM(E43*F43) -> 0.18 | I43: 1 | K43: 5 | L43: =SUM(H43*I43*K43) -> 0.9
B47: TOTAL ACUMULADO | L47: =SUM(L40:L46) -> 32.85
B48: TOTAL ANTERIOR | L48: 0
B49: TOTAL | L49: =L47-L48 -> 32.85
B51: Elaboró | J51: Aprobó
B52: EL CONTRATISTA: | J52: LA INTERVENTORIA

Sheet baldosa piso
C2: MEMORIA DE CANTIDADES DE OBRA
B5: SOPORTE DEL MEMORIA DE CALCULO | M5: SEPTIEMBRE DE 2025
B6: OBJETO | C6: PRESUPUESTO CONSTRUCCION DE BATERIA DE BAÑOS INSTITUCIÓN EDUCATIVA LUIS A. DUQUE PEÑA SEDE PRINCIPAL BARZALOZA
B7: CAPITULO | C7: 3.2 | D7: PISOS,ACABADOS,ENCHAPES Y ACCESORIOS
B8: ITEM | C8: 14.41 | D8: CERÁMICA PISO TRÁFICO 5, CALIDAD PRIMERA
P9: M2
B11: FECHA | C11: LOCALIZACIÓN | E11: DIMENSIONES | I11: menos area ventanas y puertas | J11: AREA TOTAL | K11: unidades | L11: TOTAL | M11: ESQUEMA Y/O REGISTRO FOTOGRAFICO
E12: largo | F12: ancho | G12: AREA | H12: AREA | L12: ACUMULADO
C13: area piso baños niñas | E13: 3.1 | F13: 2.88 | G13: =SUM(E13*F13) -> 8.928 | H13: =SUM(+G13) -> 8.928 | L13: =SUM(H13-I13) -> 8.928
E14: 1 | F14: 1 | G14: =SUM(E14*F14) -> 1 | H14: =SUM(+G14) -> 1 | L14: =SUM(H14-I14) -> 1
B20: TOTAL ACUMULADO | L20: =SUM(L13:L19) -> 9.928
B21: TOTAL ANTERIOR | L21: 0
B22: TOTAL | L22: =L20-L21 -> 9.928
B24: Elaboró | J24: Aprobó
B25: EL CONTRATISTA: | J25: LA INTERVENTORIA
C30: MEMORIA DE CANTIDADES DE OBRA | AE30: =+Z31*0.01 -> 0
B33: SOPORTE DEL MEMORIA DE CALCULO | M33: SEPTIEMBRE DE 2025
B34: OBJETO | C34: PRESUPUESTO CONSTRUCCION DE BATERIA DE BAÑOS INSTITUCIÓN EDUCATIVA LUIS A. DUQUE PEÑA SEDE PRINCIPAL BARZALOZA | AE34: =+AC34-AD34 -> 0
B35: CAPITULO | C35: 3.2 | D35: PISOS,ACABADOS,ENCHAPES Y ACCESORIOS
B36: ITEM | C36: 14.41 | D36: CERÁMICA PISO TRÁFICO 5, CALIDAD PRIMERA
P37: M2
B39: FECHA | C39: LOCALIZACIÓN | E39: DIMENSIONES | I39: menos area ventanas y puertas | J39: AREA TOTAL | K39: unidades | L39: TOTAL | M39: ESQUEMA Y/O REGISTRO FOTOGRAFICO
E40: largo | F40: ancho | G40: largo | H40: AREA | L40: ACUMULADO
F41: 1.18 | G41: 1.37 | H41: =SUM(F41*G41) -> 1.6166 | K41: 5 | L41: =SUM(H41*K41) -> 8.083
B48: TOTAL ACUMULADO | L48: =SUM(L41:L47) -> 8.083
B49: TOTAL ANTERIOR | L49: 0
B50: TOTAL | L50: =L48-L49 -> 8.083
B52: Elaboró | J52: Aprobó
B53: EL CONTRATISTA: | J53: LA INTERVENTORIA

Sheet granito pulido
C2: MEMORIA DE CANTIDADES DE OBRA
B5: SOPORTE DEL MEMORIA DE CALCULO | M5: SEPTIEMBRE DE 2025
B6: OBJETO | C6: PRESUPUESTO CONSTRUCCION DE BATERIA DE BAÑOS INSTITUCIÓN EDUCATIVA LUIS A. DUQUE PEÑA SEDE PRINCIPAL BARZALOZA
B7: CAPITULO | C7: 14 | D7: PISOS,ACABADOS,ENCHAPES Y ACCESORIOS
B8: ITEM | C8: 14.8 | D8: ACABADO EN GRANITO (INCLUYE DILATACIÓN EN BRONCE Y PULIDA)
P9: M2
B11: FECHA | C11: LOCALIZACIÓN | E11: DIMENSIONES | I11: menos area ventanas y puertas | J11: AREA TOTAL | K11: unidades | L11: TOTAL | M11: ESQUEMA Y/O REGISTRO FOTOGRAFICO
E12: alto | F12: ancho | G12: largo | H12: AREA | L12: ACUMULADO
C13: baño niñas | E13: 1.9 | G13: 0.6 | H13: =SUM(E13*G13) -> 1.14 | L13: =SUM(H13-I13) -> 1.14
L14: =SUM(H14-I14) -> 0
L15: =SUM(+H15) -> 0
L16: =SUM(+H16) -> 0
B20: TOTAL ACUMULADO | L20: =SUM(L13:L19) -> 1.14
B21: TOTAL ANTERIOR | L21: 0
B22: TOTAL | L22: =L20-L21 -> 1.14
B24: Elaboró | J24: Aprobó
B25: EL CONTRATISTA: | J25: LA INTERVENTORIA
AE30: =+Z31*0.01 -> 0
AE34: =+AC34-AD34 -> 0

Sheet rejilla
C2: MEMORIA DE CANTIDADES DE OBRA
B5: SOPORTE DEL MEMORIA DE CALCULO | K5: SEPTIEMBRE DE 2025
B6: OBJETO | C6: PRESUPUESTO CONSTRUCCION DE BATERIA DE BAÑOS INSTITUCIÓN EDUCATIVA LUIS A. DUQUE PEÑA SEDE PRINCIPAL BARZALOZA
B7: CAPITULO | C7: 14 | D7: PISOS,ACABADOS,ENCHAPES Y ACCESORIOS
B8: ITEM | C8: 14.32 | D8: REJILLA METÁLICA TRADICIONAL 3X2 SOSCO
N9: M2
B11: FECHA | C11: LOCALIZACIÓN | E11: DIMENSIONES | H11: CANTIDAD | I11: AREA TOTAL | J11: TOTAL | K11: ESQUEMA Y/O REGISTRO FOTOGRAFICO
E12: largo | F12: ancho | G12: AREA | J12: ACUMULADO
H13: 1 | J13: =SUM(+H13) -> 1
B20: TOTAL ACUMULADO | J20: =SUM(J13:J19) -> 1
B21: TOTAL ANTERIOR | J21: 0
B22: TOTAL | J22: =J20-J21 -> 1
B24: Elaboró | I24: Aprobó
B25: EL CONTRATISTA: | I25: LA INTERVENTORIA
AC30: =+X31*0.01 -> 0
AC34: =+AA34-AB34 -> 0

Sheet sanitario
C2: MEMORIA DE CANTIDADES DE OBRA
B5: SOPORTE DEL MEMORIA DE CALCULO | K5: SEPTIEMBRE DE 2025
B6: OBJETO | C6: PRESUPUESTO CONSTRUCCION DE BATERIA DE BAÑOS INSTITUCIÓN EDUCATIVA LUIS A. DUQUE PEÑA SEDE PRINCIPAL BARZALOZA
B7: CAPITULO | C7: 17 | D7: APARATOS SANITARIOS
B8: ITEM | C8: 17.1 | D8: SUMINISTRO E INSTALACIÓN SANITARIO TANQUE (INCLUYE GRIFERÍA)
N9: M2
B11: FECHA | C11: LOCALIZACIÓN | E11: DIMENSIONES | H11: CANTIDAD | I11: AREA TOTAL | J11: TOTAL | K11: ESQUEMA Y/O REGISTRO FOTOGRAFICO
E12: largo | F12: ancho | G12: AREA | J12: ACUMULADO
C13: baños niñas | H13: 3 | J13: =SUM(+H13) -> 3
B20: TOTAL ACUMULADO | J20: =SUM(J13:J19) -> 3
B21: TOTAL ANTERIOR | J21: 0
B22: TOTAL | J22: =J20-J21 -> 3
B24: Elaboró | I24: Aprobó
B25: EL CONTRATISTA: | I25: LA INTERVENTORIA
C30: MEMORIA DE CANTIDADES DE OBRA | AC30: =+X31*0.01 -> 0
B33: SOPORTE DEL MEMORIA DE CALCULO | K33: SEPTIEMBRE DE 2025
B34: OBJETO | C34: PRESUPUESTO CONSTRUCCION DE BATERIA DE BAÑOS INSTITUCIÓN EDUCATIVA LUIS A. DUQUE PEÑA SEDE PRINCIPAL BARZALOZA | AC34: =+AA34-AB34 -> 0
B35: CAPITULO | C35: 17 | D35: APARATOS SANITARIOS
B36: ITEM | C36: 17.1 | D36: SUMINISTRO E INSTALACIÓN SANITARIO TANQUE (INCLUYE GRIFERÍA)
N37: M2
B39: FECHA | C39: LOCALIZACIÓN | E39: DIMENSIONES | H39: CANTIDAD | I39: AREA TOTAL | J39: TOTAL | K39: ESQUEMA Y/O REGISTRO FOTOGRAFICO
E40: largo | F40: ancho | G40: AREA | J40: ACUMULADO
C41: baños niñas | H41: 5 | J41: =SUM(+H41) -> 5
B48: TOTAL ACUMULADO | J48: =SUM(J41:J47) -> 5
B49: TOTAL ANTERIOR | J49: 0
B50: TOTAL | J50: =J48-J49 -> 5
B52: Elaboró | I52: Aprobó
B53: EL CONTRATISTA: | I53: LA INTERVENTORIA

Sheet lavamanos empotrar
C2: MEMORIA DE CANTIDADES DE OBRA
B5: SOPORTE DEL MEMORIA DE CALCULO | K5: SEPTIEMBRE DE 2025
B6: OBJETO | C6: PRESUPUESTO CONSTRUCCION DE BATERIA DE BAÑOS INSTITUCIÓN EDUCATIVA LUIS A. DUQUE PEÑA SEDE PRINCIPAL BARZALOZA
B7: CAPITULO | C7: 17 | D7: APARATOS SANITARIOS
B8: ITEM | C8: 17.6 | D8: SUMINISTRO E INSTALACIÓN LAVAMANOS COLGAR (INCLUYE GRIFERÍA)
N9: un
B11: FECHA | C11: LOCALIZACIÓN | E11: DIMENSIONES | H11: CANTIDAD | I11: AREA TOTAL | J11: TOTAL | K11: ESQUEMA Y/O REGISTRO FOTOGRAFICO
E12: largo | F12: ancho | G12: AREA | J12: ACUMULADO
C13: baños discapacitados | H13: 2 | J13: =SUM(+H13) -> 2
B19: TOTAL ACUMULADO | J19: =SUM(J13:J18) -> 2
B20: TOTAL ANTERIOR | J20: 0
B21: TOTAL | J21: =J19-J20 -> 2
B23: Elaboró | I23: Aprobó
B24: EL CONTRATISTA: | I24: LA INTERVENTORIA
C29: MEMORIA DE CANTIDADES DE OBRA | AC29: =+X30*0.01 -> 0
B32: SOPORTE DEL MEMORIA DE CALCULO | K32: SEPTIEMBRE DE 2025
B33: OBJETO | C33: PRESUPUESTO CONSTRUCCION DE BATERIA DE BAÑOS INSTITUCIÓN EDUCATIVA LUIS A. DUQUE PEÑA SEDE PRINCIPAL BARZALOZA | AC33: =+AA33-AB33 -> 0
B34: CAPITULO | C34: 17 | D34: APARATOS SANITARIOS
B35: ITEM | C35: 17.6 | D35: SUMINISTRO E INSTALACIÓN LAVAMANOS COLGAR (INCLUYE GRIFERÍA)
N36: un
B38: FECHA | C38: LOCALIZACIÓN | E38: DIMENSIONES | H38: CANTIDAD | I38: AREA TOTAL | J38: TOTAL | K38: ESQUEMA Y/O REGISTRO FOTOGRAFICO
E39: largo | F39: ancho | G39: AREA | J39: ACUMULADO
C40: baños discapacitados | H40: 2 | J40: =SUM(+H40) -> 2
B46: TOTAL ACUMULADO | J46: =SUM(J40:J45) -> 2
B47: TOTAL ANTERIOR | J47: 0
B48: TOTAL | J48: =J46-J47 -> 2
B50: Elaboró | I50: Aprobó
B51: EL CONTRATISTA: | I51: LA INTERVENTORIA

Sheet pintura esmalte
C2: MEMORIA DE CANTIDADES DE OBRA
B5: SOPORTE DEL MEMORIA DE CALCULO | K5: SEPTIEMBRE DE 2025
B6: OBJETO | C6: PRESUPUESTO CONSTRUCCION DE BATERIA DE BAÑOS INSTITUCIÓN EDUCATIVA LUIS A. DUQUE PEÑA SEDE PRINCIPAL BARZALOZA
B7: CAPITULO | C7: 18 | D7: PINTURA
B8: ITEM | C8: 18.9 | D8: ESMALTE SOBRE LÁMINA LLENA
N9: M2
B11: FECHA | C11: LOCALIZACIÓN | E11: DIMENSIONES | H11: CANTIDAD caras | I11: UNIDADES | J11: TOTAL | K11: ESQUEMA Y/O REGISTRO FOTOGRAFICO
E12: alto | F12: ancho | G12: AREA | J12: ACUMULADO
C13: puertas baños niñas | E13: 2.1 | F13: 0.6 | G13: =SUM(E13*F13) -> 1.26 | H13: 2 | I13: 3 | J13: =SUM(G13*H13*I13) -> 7.56
E14: 2 | F14: 1 | G14: =SUM(E14*F14) -> 2 | H14: 2 | I14: 1 | J14: =SUM(G14*H14*I14) -> 4
B19: TOTAL ACUMULADO | J19: =SUM(J13:J18) -> 11.56
B20: TOTAL ANTERIOR | J20: 0
B21: TOTAL | J21: =J19-J20 -> 11.56
B23: Elaboró | I23: Aprobó
B24: EL CONTRATISTA: | I24: LA INTERVENTORIA
C29: MEMORIA DE CANTIDADES DE OBRA | AC29: =+X30*0.01 -> 0
B32: SOPORTE DEL MEMORIA DE CALCULO | K32: SEPTIEMBRE DE 2025
B33: OBJETO | C33: PRESUPUESTO CONSTRUCCION DE BATERIA DE BAÑOS INSTITUCIÓN EDUCATIVA LUIS A. DUQUE PEÑA SEDE PRINCIPAL BARZALOZA | AC33: =+AA33-AB33 -> 0
B34: CAPITULO | C34: 18 | D34: PINTURA
B35: ITEM | C35: 18.9 | D35: ESMALTE SOBRE LÁMINA LLENA
N36: M2
B38: FECHA | C38: LOCALIZACIÓN | E38: DIMENSIONES | H38: CANTIDAD caras | I38: UNIDADES | J38: TOTAL | K38: ESQUEMA Y/O REGISTRO FOTOGRAFICO
E39: alto | F39: ancho | G39: AREA | J39: ACUMULADO
C40: puertas baños niñas | E40: 1.7 | F40: 0.6 | G40: =SUM(E40*F40) -> 1.02 | H40: 2 | I40: 6 | J40: =SUM(G40*H40*I40) -> 12.24
B46: TOTAL ACUMULADO | J46: =SUM(J40:J45) -> 12.24
B47: TOTAL ANTERIOR | J47: 0
B48: TOTAL | J48: =J46-J47 -> 12.24
B50: Elaboró | I50: Aprobó
B51: EL CONTRATISTA: | I51: LA INTERVENTORIA

Sheet esmalte marcos
C2: MEMORIA DE CANTIDADES DE OBRA
B5: SOPORTE DEL MEMORIA DE CALCULO | K5: SEPTIEMBRE DE 2025
B6: OBJETO | C6: PRESUPUESTO CONSTRUCCION DE BATERIA DE BAÑOS INSTITUCIÓN EDUCATIVA LUIS A. DUQUE PEÑA SEDE PRINCIPAL BARZALOZA
B7: CAPITULO | C7: 18 | D7: PINTURA
B8: ITEM | C8: 18.12 | D8: ESMALTE SOBRE MARCOS LÁMINA
N9: ml
B11: FECHA | C11: LOCALIZACIÓN | E11: DIMENSIONES | H11: CANTIDAD | I11: AREA TOTAL | J11: TOTAL | K11: ESQUEMA Y/O REGISTRO FOTOGRAFICO
E12: largo | F12: ancho | G12: AREA | J12: ACUMULADO
C13: puertas | E13: 5 | H13: 1 | J13: =SUM(E13*H13) -> 5
C14: ventanas | E14: =SUM(2.68+2.68+0.3+0.3) -> 5.96 | H14: 1 | J14: =SUM(E14*H14) -> 5.96
B20: TOTAL ACUMULADO | J20: =SUM(J13:J19) -> 10.96
B21: TOTAL ANTERIOR | J21: 0
B22: TOTAL | J22: =J20-J21 -> 10.96
B24: Elaboró | I24: Aprobó
B25: EL CONTRATISTA: | I25: LA INTERVENTORIA
AC30: =+X31*0.01 -> 0
I31: VINILO SOBRE PAÑETE 2 MANOS
AC34: =+AA34-AB34 -> 0

Sheet pintura epoxica
C2: MEMORIA DE CANTIDADES DE OBRA
B5: SOPORTE DEL MEMORIA DE CALCULO | K5: SEPTIEMBRE DE 2025
B6: OBJETO | C6: PRESUPUESTO CONSTRUCCION DE BATERIA DE BAÑOS INSTITUCIÓN EDUCATIVA LUIS A. DUQUE PEÑA SEDE PRINCIPAL BARZALOZA
B7: CAPITULO | C7: 18 | D7: PINTURA
B8: ITEM | C8: 18.27 | D8: PINTURA EPOXICA
N9: ML
B11: FECHA | C11: LOCALIZACIÓN | E11: DIMENSIONES | H11: CANTIDAD | I11: AREA TOTAL | J11: TOTAL | K11: ESQUEMA Y/O REGISTRO FOTOGRAFICO
E12: largo | F12: ancho | G12: AREA | J12: ACUMULADO
C13: pared perimetral | E13: 2.1 | F13: 0.6 | G13: =SUM(E13*F13) -> 1.26 | J13: =SUM(+G13) -> 1.26
E14: 3.18 | F14: 0.6 | G14: =SUM(E14*F14) -> 1.908 | J14: =SUM(+G14) -> 1.908
B20: TOTAL ACUMULADO | J20: =SUM(J13:J19) -> 3.168
B21: TOTAL ANTERIOR | J21: 0
B22: TOTAL | J22: =J20-J21 -> 3.168
B24: Elaboró | I24: Aprobó
B25: EL CONTRATISTA: | I25: LA INTERVENTORIA
AC30: =+X31*0.01 -> 0
I31: VINILO SOBRE PAÑETE 2 MANOS
AC34: =+AA34-AB34 -> 0

Sheet vinilo
C2: MEMORIA DE CANTIDADES DE OBRA
B5: SOPORTE DEL MEMORIA DE CALCULO | K5: SEPTIEMBRE DE 2025
B6: OBJETO | C6: PRESUPUESTO CONSTRUCCION DE BATERIA DE BAÑOS INSTITUCIÓN EDUCATIVA LUIS A. DUQUE PEÑA SEDE PRINCIPAL BARZALOZA
B7: CAPITULO | C7: 18 | D7: PINTURA
B8: ITEM | C8: 18.23 | D8: VINILO SOBRE PAÑETE 2 MANOS | N8: UNIDAD
N9: M3
B11: FECHA | C11: LOCALIZACIÓN | E11: DIMENSIONES | H11: CANTIDAD | I11: AREA TOTAL | J11: TOTAL | K11: ESQUEMA Y/O REGISTRO FOTOGRAFICO
E12: largo | F12: ALTO | G12: AREA | J12: ACUMULADO
H13: fachada posterior
C14: area total de pañete menos enchape muros y menos fachada posterior | G14: =SUM(+pañete!J27) -> 42.9643 | H14: 8.306177 | J14: =SUM(G14-H14) -> 34.658123
B23: TOTAL ACUMULADO | J23: =SUM(J14:J22) -> 34.658123
B24: TOTAL ANTERIOR | J24: 0
B25: TOTAL | J25: =SUM(J23+J24) -> 34.658123
B27: Elaboró | I27: Aprobó
B28: EL CONTRATISTA: | I28: LA INTERVENTORIA
C33: MEMORIA DE CANTIDADES DE OBRA | AC33: =+X34*0.01 -> 0
B36: SOPORTE DEL MEMORIA DE CALCULO | K36: SEPTIEMBRE DE 2025
B37: OBJETO | C37: PRESUPUESTO CONSTRUCCION DE BATERIA DE BAÑOS INSTITUCIÓN EDUCATIVA LUIS A. DUQUE PEÑA SEDE PRINCIPAL BARZALOZA | AC37: =+AA37-AB37 -> 0
B38: CAPITULO | C38: 18 | D38: PINTURA
B39: ITEM | C39: 18.23 | D39: VINILO SOBRE PAÑETE 2 MANOS | N39: UNIDAD
N40: M3
B42: FECHA | C42: LOCALIZACIÓN | E42: DIMENSIONES | H42: CANTIDAD | I42: AREA TOTAL | J42: TOTAL | K42: ESQUEMA Y/O REGISTRO FOTOGRAFICO
E43: largo | F43: ALTO | G43: AREA | J43: ACUMULADO
C45: PINTURA GENERAL MUROS | H45: 20 | J45: =SUM(+H45) -> 20
B54: TOTAL ACUMULADO | J54: =SUM(J45:J53) -> 20
B55: TOTAL ANTERIOR | J55: 0
B56: TOTAL | J56: =SUM(J54+J55) -> 20
B58: Elaboró | I58: Aprobó
B59: EL CONTRATISTA: | I59: LA INTERVENTORIA

Sheet PRESUPUESTO x CAPITULOS
A1: REPÚBLICA DE COLOMBIA
A2: DEPARTAMENTO DE ARAUCA
A3: ALCALDIA DE ARAUCA
A4: SECRETARIA DE OBRAS PÚBLICAS MUNICIPAL
A5: PRESUPUESTO OFICIAL
A7: PROYECTO: "CONSTRUCCIÓN DE OBRAS DE PROTECCION CONTRA EROSION E INUNDACION, OBRAS DE URBANISMO, Y DOTACION DE MOBILIARIO URBANO EN EL MALECOM ECOTURISTICO EN EL MUNICIPIO DE ARAUCA, DEPARTAMENTO ARAUCA
A9: ITEM | B9: DESCRIPCIÓN | C9: UNIDAD | D9: CANTIDAD | E9: PRECIO UNITARIO | F9: VALOR PARCIAL
A10: 1 | B10: PRELIMINARES, DESMONTES Y DEMOLICIONES
A11: =+A10+0.01 -> 1.01 | B11: LOCALIZACION Y REPLANTEO TOPOGRAFICO | C11: M2 | D11: =+#REF! -> #REF! | E11: =+'[5]1,1'!$I$55 -> 4784 | F11: =+D11*E11 -> #REF!
A12: =+A11+0.01 -> 1.02 | B12: DEMOLICION MANUAL PLACA DE CCTO-ANDEN | C12: M2 | D12: =+#REF! -> #REF! | E12: =+'[5]1,2'!$I$55 -> 13517 | F12: =+D12*E12 -> #REF!
A13: =+A12+0.01 -> 1.03 | B13: DEMOLICION DE SARDINEL 12X40 | C13: ML | D13: =+#REF! -> #REF! | E13: =+'[5]1,3'!$I$55 -> 13517 | F13: =+D13*E13 -> #REF!
A14: =+A13+0.01 -> 1.04 | B14: DEMOLICION MANUAL DE MURO EN BLOQUE DE ARCILLA N° 5 E=0.15 M. | C14: M2 | D14: =+#REF! -> #REF! | E14: =+'[5]1,5'!$I$55 -> 8448 | F14: =+D14*E14 -> #REF!
A15: =+A14+0.01 -> 1.05 | B15: DEMOLICION MECANICA DE ESTRUCTURAS EN CONCRETO INCLUYE RECOLECCION | C15: M3 | D15: =+#REF! -> #REF! | E15: =+'[5]1,6'!$I$55 -> 92495 | F15: =+D15*E15 -> #REF!
A16: =+A15+0.01 -> 1.06 | B16: DESMONTE DE CUBIERTA EXISTENTE EN ADBESTO CEMENTO-FIBROCEMENTO | C16: M2 | D16: =+#REF! -> #REF! | E16: =+'[5]1,7'!$I$55 -> 8013 | F16: =+D16*E16 -> #REF!
A17: =+A16+0.01 -> 1.07 | B17: DEMOLICION PISO EN ADOQUIN | C17: M2 | D17: =+#REF! -> #REF! | E17: =+'[5]1,8'!$I$55 -> 11299 | F17: =+D17*E17 -> #REF!
A18: =+A17+0.01 -> 1.08 | B18: DESMONTE DE SARDINEL EN LADRILLO PRENSADO | C18: ML | D18: =+#REF! -> #REF! | E18: =+'[5]1,9'!$I$55 -> 3338 | F18: =+D18*E18 -> #REF!
A19: =+A18+0.01 -> 1.09 | B19: DEMOLICION PAVIMENTO RIGIDO REFORZADO E=015 M. | C19: M2 | D19: =+#REF! -> #REF! | E19: =+'[5]1,10'!$I$55 -> 65481 | F19: =+D19*E19 -> #REF!
A20: =+A19+0.01 -> 1.1 | B20: DESMONTAJE RED ABIERTA B.T. MONOF. ACSR | C20: KM | D20: =+#REF! -> #REF! | E20: =+'[5]1,11'!$I$56 -> 1506183 | F20: =+D20*E20 -> #REF!
A21: =+A20+0.01 -> 1.11 | B21: DESMONTE SEÑAL VIAL Y VALLAS INFORMATIVA | C21: UN | D21: =+#REF! -> #REF! | E21: =+'[5]1,12'!$I$55 -> 31638 | F21: =+D21*E21 -> #REF!
A22: =+A21+0.01 -> 1.12 | B22: DESMONTE POSTES METALICOS Y LAMPARAS | C22: UN | D22: =+#REF! -> #REF! | E22: =+'[5]1,13'!$I$55 -> 31638 | F22: =+D22*E22 -> #REF!
A23: =+A22+0.01 -> 1.13 | B23: CARGUE Y RETIRO DE ESCOMBROS MANUALMENTE | C23: M3 | D23: =+#REF! -> #REF! | E23: =+'[5]1,14'!$I$55 -> 22275 | F23: =+D23*E23 -> #REF!
E24: SUBTOTAL PRELIMINARES, DESMONTES Y DEMOLICIONES | F24: =SUM(F11:F23) -> #REF! | G24: =+F24/F173 -> #REF!
A25: 2 | B25: MOVIMIENTOS DE TIERRAS, EXCAVACIONES Y RELLENOS
A26: =+A25+0.01 -> 2.01 | B26: EXCAVACION MANUAL EN MATERIAL COMUN ENTRE 0-2 M. DE PROFUNDIDAD | C26: M3 | D26: =+#REF! -> #REF! | E26: =+'[5]2,1'!$I$55 -> 25031 | F26: =+D26*E26 -> #REF!
A27: =+A26+0.01 -> 2.02 | B27: NIVELADO DE PISO Y COMPATACION CON RANA | C27: M2 | D27: =+#REF! -> #REF! | E27: =+'[5]2,2'!$I$55 -> 4017 | F27: =+D27*E27 -> #REF!
A28: =+A27+0.01 -> 2.03 | B28: RELLENO Y COMPACTACION CON RANA | C28: M3 | D28: =+#REF! -> #REF! | E28: =+'[5]2,4'!$I$55 -> 46608 | F28: =+D28*E28 -> #REF! | G28: OJO MATERIAL DE RELLENO NOI SUBBASE
A29: =+A28+0.01 -> 2.04 | B29: SUB BASE GRANULAR EXT. Y COMPACTADA | C29: M3 | D29: =+#REF! -> #REF! | E29: =+'[5]2,5'!$I$55 -> 293687 | F29: =+D29*E29 -> #REF!
A30: =+A29+0.01 -> 2.05 | B30: =+B23 -> CARGUE Y RETIRO DE ESCOMBROS MANUALMENTE | C30: M3 | D30: =+#REF! -> #REF! | E30: =+'[5]2,7'!$I$55 -> 22275 | F30: =+D30*E30 -> #REF!
A31: =+A30+0.01 -> 2.06 | B31: GEOTEXTIL TR 4000 O SIMILAR | C31: M2 | D31: =+#REF! -> #REF! | E31: =+'[5]2,8'!$I$55 -> 13475 | F31: =+D31*E31 -> #REF!
E32: SUBTOTAL MOVIMIENTOS DE TIERRAS, EXCAVACIONES Y RELLENOS | F32: =SUM(F26:F31) -> #REF!
A33: 3 | B33: REDES HIDRAULICAS, SANITARIAS Y PLUVIALES
A34: =+A33+0.01 -> 3.01 | B34: DESMONTE DE MEDIDOR DE AGUA | C34: UN | D34: =+#REF! -> #REF! | E34: =+'[5]3,2'!$I$55 -> 29832 | F34: =+D34*E34 -> #REF!
A35: =+A34+0.01 -> 3.02 | B35: MEDIDOR VOLUMETRICO 1/2 pulg. INSTALADO CON CAJA Y VALVULA ANTIFRAUDE | C35: UN | D35: =+#REF! -> #REF! | E35: =+'[5]3,3'!$I$55 -> 221105 | F35: =+D35*E35 -> #REF!
B36: REDES MÓDULO VENTAS
A37: =+A35+0.01 -> 3.03 | B37: CAJA DE INSPECCION 1.00x1.00x1.00 EN LADRILLO TOLETE | C37: UN | D37: =+#REF! -> #REF! | E37: =+'[5]3,4'!$I$55 -> 844415 | F37: =+D37*E37 -> #REF!
A38: =+A37+0.01 -> 3.04 | B38: PUNTO HIDRAULICO PVC-P 1/2pulg. | C38: UN | D38: =+#REF! -> #REF! | E38: =+'[5]3,5'!$I$55 -> 29140 | F38: =+D38*E38 -> #REF!
A39: =+A38+0.01 -> 3.05 | B39: PUNTO SANITARIO TUBERIA PVC 2 PULG. | C39: UN | D39: =+#REF! -> #REF! | E39: =+'[5]3,7'!$I$55 -> 40224 | F39: =+D39*E39 -> #REF!
A40: =+A39+0.01 -> 3.06 | B40: PUNTO SANITARIO TUBERIA PVC 4 PULG. | C40: UN | D40: =+#REF! -> #REF! | E40: =+'[5]3,8'!$I$55 -> 65616 | F40: =+D40*E40 -> #REF!
A41: =+A40+0.01 -> 3.07 | B41: SIFON DE 3 pulg. | C41: UN | D41: =+#REF! -> #REF! | E41: =+'[5]3,9'!$I$55 -> 25783 | F41: =+D41*E41 -> #REF!
A42: =+A41+0.01 -> 3.08 | B42: PUNTO SANITARIO TUBERIA PVC 3 PULG. | C42: UN | D42: =+#REF! -> #REF! | E42: =+'[5]3,10'!$I$55 -> 51967 | F42: =+D42*E42 -> #REF!
A43: =+A42+0.01 -> 3.09 | B43: ACOMETIDA HIDRAULICA EN PVCP 1/2pulg. | C43: UN | D43: =+#REF! -> #REF! | E43: =+'[5]3,12'!$I$55 -> 113958 | F43: =+D43*E43 -> #REF!
A44: =+A43+0.01 -> 3.1 | B44: TUBERIA PVC-SANITARIA 2pulg. | C44: ML | D44: =+#REF! -> #REF! | E44: =+'[5]3,13'!$I$55 -> 31395 | F44: =+D44*E44 -> #REF!
A45: =+A44+0.01 -> 3.11 | B45: TUBERIA PVC-SANITARIA 3pulg. | C45: ML | D45: =+#REF! -> #REF! | E45: =+'[5]3,14'!$I$55 -> 29506 | F45: =+D45*E45 -> #REF!
A46: =+A45+0.01 -> 3.12 | B46: TUBERIA PVC-SANITARIA 4pulg. | C46: ML | D46: =+#REF! -> #REF! | E46: =+'[5]3,15'!$I$55 -> 42080 | F46: =+D46*E46 -> #REF!
A47: =+A46+0.01 -> 3.13 | B47: RED DE DISTRIBUCION PVC-P 1/2pulg. | C47: ML | D47: =+#REF! -> #REF! | E47: =+'[5]3,19'!$I$55 -> 10823 | F47: =+D47*E47 -> #REF!
E48: SUBTOTAL REDES HIDRAULICAS, SANITARIAS Y PLUVIALES | F48: =SUM(F34:F47) -> #REF!
A49: 4 | B49: SUBESTRUCTURAS, ESTRUCTURAS Y REFUERZOS
A50: =+A49+0.01 -> 4.01 | B50: MORTERO DE NIVELACION E=0.04 M | C50: M2 | D50: =+#REF! -> #REF! | E50: =+'[5]4,1'!$I$55 -> 23349 | F50: =+D50*E50 -> #REF!
A51: =+A50+0.01 -> 4.02 | B51: SARDINEL PREF.CCTO 3500 PSI(A-10) 20*50*80 | C51: ML | D51: 2021 | E51: =+'[5]4,2'!$I$55 -> 90925 | F51: =+D51*E51 -> 183759425
A52: =+A51+0.01 -> 4.03 | B52: SARDINEL PREF.CCTO 3500PSI-.35*.20*.80 M | C52: ML | D52: =+#REF! -> #REF! | E52: =+'[5]4,3'!$I$55 -> 82003 | F52: =+D52*E52 -> #REF!
A53: =+A52+0.01 -> 4.04 | B53: ESCALON EN C/CTO REF. (2 NIV.) H=0.30 M. | C53: ML | D53: =+#REF! -> #REF! | E53: =+'[5]4,6'!$I$55 -> 108852 | F53: =+D53*E53 -> #REF!
A54: =+A53+0.01 -> 4.05 | B54: RAMPA C/CTO 3000 PSI E=0.10 M REFORZADA | C54: M2 | D54: =+#REF! -> #REF! | E54: =+'[5]4,7'!$I$55 -> 105297 | F54: =+D54*E54 -> #REF!
A55: =+A54+0.01 -> 4.06 | B55: CONTENEDOR DE RAIZ CIRCULAR EN CONCRETO REFORZADO D=2.70 M. | C55: UN | D55: =+#REF! -> #REF! | E55: =+'[5]4,10'!$I$55 -> 636166 | F55: =+D55*E55 -> #REF!
B56: CANCHAS MULTIPLES
A57: =+A55+0.01 -> 4.07 | B57: CONCRETO DE LIMPIEZA E=0.05 M (SOLADO) | C57: M2 | D57: =+#REF! -> #REF! | E57: =+'[5]4,12'!$I$55 -> 29667 | F57: =+D57*E57 -> #REF!
A58: =+A57+0.01 -> 4.08 | B58: PLACA CONCRETO 3000 PSI E=0.10 M. INCL. | C58: M2 | D58: =+#REF! -> #REF! | E58: =+'[5]4,13'!$I$55 -> 91818 | F58: =+D58*E58 -> #REF!
A59: =+A58+0.01 -> 4.09 | B59: PINTURA DEMARCACION LINEAS DE CAMPO DEPORTIVO A=0.12 M. | C59: ML | D59: =+#REF! -> #REF! | E59: =+'[5]4,14'!$I$55 -> 6016 | F59: =+D59*E59 -> #REF!
A60: =+A59+0.01 -> 4.1 | B60: CANCHA MULTIPLE METALICA | C60: UND | D60: =+#REF! -> #REF! | E60: =+'[5]4,15'!$I$56 -> 5051028 | F60: =+D60*E60 -> #REF!
A61: =+A60+0.01 -> 4.11 | B61: CERRAMIENTO CANCHA EN MALLA DE NYLON | C61: M2 | D61: =+#REF! -> #REF! | E61: =+'[5]4,16'!$I$55 -> 12410 | F61: =+D61*E61 -> #REF!
A62: =+A61+0.01 -> 4.12 | B62: CONCRETO 3000 PSI CON FORMALETA PARA GRADERIAS | C62: M3 | D62: =+#REF! -> #REF! | E62: =+'[5]4,17'!$I$55 -> 1259531 | F62: =+D62*E62 -> #REF!
A63: =+A62+0.01 -> 4.13 | B63: BRAZO TENSOR EN TUBERIA METALICA REDONDA ESTRUCTURAL PARA MALLA DE NYLON | C63: ML | D63: =+#REF! -> #REF! | E63: =+'[5]4,18'!$I$55 -> 51959 | F63: =+D63*E63 -> #REF!
B64: PARQUE SKATE
A65: =+A63+0.01 -> 4.14 | B65: CONCRETO DE LIMPIEZA E=0.05 M (SOLADO) | C65: M2 | D65: =+#REF! -> #REF! | E65: =+'[5]4,20'!$I$55 -> 29667 | F65: =+D65*E65 -> #REF!
A66: =+A65+0.01 -> 4.15 | B66: PLACA CONCRETO 3000 PSI E=0.10 M. INCL. | C66: M2 | D66: =+#REF! -> #REF! | E66: =+'[5]4,21'!$I$55 -> 91818 | F66: =+D66*E66 -> #REF!
B67: ESTRUCTURA DE CONTENCION
A68: =+A66+0.01 -> 4.16 | B68: PILOTE PREEXCAVADO EN CONCRETO 4000 PSI 28 MPA. D=0,3 | C68: ML | D68: =+#REF! -> #REF! | E68: =+'[6]4,18'!$I$55 -> 363245 | F68: =+D68*E68 -> #REF! | H68: =2700*0.85 -> 2295
A69: =+A68+0.01 -> 4.17 | B69: CONCRETO PARA MURO DE CONTENCION DOS CARAS (1 VERTICAL 1 INCLINADA) 4000 PSI 28 MPA, H>= 6M, PARA PROTECCION ORILLA DE RIO, INCLUYE ANDAMIOS, BOMBA DE CONCRETO Y FORMALETA | C69: M3 | D69: =+#REF! -> #REF! | E69: =+'[6]4,19'!$I$57 -> 1339726 | F69: =+D69*E69 -> #REF!
A70: =+A69+0.01 -> 4.18 | B70: ACERO Fy : 60000 PSI. PARA MURO DE CONTENCION H=6 M | C70: KG | D70: =+#REF! -> #REF! | E70: =+'[6]4,20'!$I$57 -> 5428 | F70: =+D70*E70 -> #REF! | G70: =+E70*1.35 -> 7327.8 | H70: =+G70*0.4 -> 2931.12 | I70: 3000
A71: =+A70+0.01 -> 4.19 | B71: DESCABECE DE PILOTE D= 0,30 M | C71: UND | D71: =+#REF! -> #REF! | E71: =+'[6]4,21'!$I$57 -> 37078 | F71: =+D71*E71 -> #REF! | I71: =+I70/G70 -> 0.40939982
A72: =+A71+0.01 -> 4.2 | B72: CINTA P'VC 0-22 O SIMILAR (INSTALADA) | C72: ML | D72: =+#REF! -> #REF! | E72: =+'[5]4,26'!$I$55 -> 54532 | F72: =+D72*E72 -> #REF!
E73: SUBTOTAL SUBESTRUCTURAS, ESTRUCTURAS Y REFUERZOS | F73: =SUM(F50:F72) -> #REF!
A74: 5 | B74: ACABADOS DE URBANISMO
A75: =+A74+0.01 -> 5.01 | B75: LOSETA DE CONCRETO 6 RALLAS 0.40*0.40*0.06 M.-INCLUYE INSTALACION | C75: M2 | D75: =+#REF! -> #REF! | E75: =+'[5]5,01'!$I$55 -> 142714 | F75: =+D75*E75 -> #REF! | H75: =58000+15000+12000 -> 85000
A76: =+A75+0.01 -> 5.02 | B76: LOSETA PREFABRICADA DE CONCRETO TIPO A50 DE 40*40*6 CMS. | C76: M2 | D76: =+#REF! -> #REF! | E76: =+'[5]5,02'!$I$55 -> 149275 | F76: =+D76*E76 -> #REF!
A77: =+A76+0.01 -> 5.03 | B77: LOSETA DE CONCRETO TOPEROLES 0.40*0.40*0.06 M. INCLUYE INSTALACION | C77: M2 | D77: =+#REF! -> #REF! | E77: =+'[5]5,03'!$I$55 -> 149065 | F77: =+D77*E77 -> #REF! | G77: =+D75+D77 -> #REF!
A78: =+A77+0.01 -> 5.04 | B78: IMPRIMACION ASFALTICA | C78: M2 | D78: =+#REF! -> #REF! | E78: =+'[5]5,04'!$I$55 -> 8249 | F78: =+D78*E78 -> #REF!
A79: =+A78+0.01 -> 5.05 | B79: MEZCLA ASFALTICA EN CALIENTE SUM. Y COLO | C79: M3 | D79: =+#REF! -> #REF! | E79: 922266 | F79: =+D79*E79 -> #REF! | G79: 2019
A80: =+A79+0.01 -> 5.06 | B80: ANDEN EN CONCRETO ESTAMPADO 3000 PSI COLORES, E= 0.12 M INCL DILATACION | C80: M2 | D80: =+#REF! -> #REF! | E80: =+'[6]8,6'!$I$59 -> 187042 | F80: =+D80*E80 -> #REF! | H80: =1/G82 -> 50
A81: =+A80+0.01 -> 5.07 | B81: SELLADO DE JUNTA DE CONSTRUCCIÓN CON SIKAFLEX-401 PAVEMENT SL. | C81: ML | D81: =+#REF! -> #REF! | E81: =+'[5]5,07'!$I$54 -> 13148 | F81: =+D81*E81 -> #REF!
A82: =+A81+0.01 -> 5.08 | B82: PISO EN BLOQUE C/CTO T-ADOQUIN GRIS 0.06*0.10*0.20 M. | C82: M2 | D82: =+#REF! -> #REF! | E82: =+'[5]5,08'!$I$55 -> 155231 | F82: =+D82*E82 -> #REF! | G82: =0.1*0.2 -> 0.02
B83: PISOS MÓDULO VENTAS
A84: =+A82+0.01 -> 5.09 | B84: KIOSCO TIPO 1 - 5 MESAS SILLAS EN CONCRETO CUBIERTA EN POLICARBONATO CON ESTRUCTURA METALICA | C84: UND | D84: =+#REF! -> #REF! | E84: =+'[5]5,09'!$I$65 -> 7533676 | F84: =+D84*E84 -> #REF!
A85: =+A84+0.01 -> 5.1 | B85: MESON ACERO INOX 3*1 M. CON 2 POCETAS | C85: UND | D85: =+#REF! -> #REF! | E85: =+'[5]5,10'!$I$55 -> 2568601 | F85: =+D85*E85 -> #REF!
E86: SUBTOTAL ACABADOS DE URBANISMO | F86: =SUM(F75:F85) -> #REF!
A87: 6 | B87: CARPINTERÍAS, MOBILIARIO URBANO Y SEÑALIZACIÓN
A88: =+A87+0.01 -> 6.01 | B88: LINEAS DE DEMARCACION CON PINTURA EN FRIO | C88: M2 | D88: =+#REF! -> #REF! | E88: =+'[5]6,01'!$I$55 -> 25953 | F88: =+D88*E88 -> #REF!
A89: =+A88+0.01 -> 6.02 | B89: SEÑAL DE TRANSITO PREVENTIVA | C89: UN | D89: =+#REF! -> #REF! | E89: =+'[5]6,02'!$I$55 -> 259789 | F89: =+D89*E89 -> #REF!
A90: =+A89+0.01 -> 6.03 | B90: BANCA EN CONCRETO PREFABRICADA TIPO MC KONKRETUS | C90: UN | D90: =+#REF! -> #REF! | E90: =+'[5]6,03'!$I$55 -> 1919432 | F90: =+D90*E90 -> #REF!
A91: =+A90+0.01 -> 6.04 | B91: BANCA EN CONCRETO PREFABRICADA TIPO MALMO SIN ESPALDAR KONKRETUS - INCLUYE INSTALACION | C91: UN | D91: =+#REF! -> #REF! | E91: =+'[5]6,04'!$I$55 -> 2484510 | F91: =+D91*E91 -> #REF!
A92: =+A91+0.01 -> 6.05 | B92: BARANDA TUBO SCH-40 3p-PERF.IPE 220 PARA | C92: ML | D92: =+#REF! -> #REF! | E92: =+'[5]6,05'!$I$55 -> 461018 | F92: =+D92*E92 -> #REF!
A93: =+A92+0.01 -> 6.06 | B93: PASAMANOS EN TUBERIA DE ACERO INOXIDABLE 2 PULG.-PARALES 1+1/2 PULG. DISTANCIADORES DE 3/4 PULG. Y ESTERILLA 1/2 PULG. | C93: ML | D93: =+#REF! -> #REF! | E93: =+'[5]6,06'!$I$55 -> 689598 | F93: =+D93*E93 -> #REF!
A94: =+A93+0.01 -> 6.07 | B94: CANECA TIPO BARCELONA GRANDE INSTALADA | C94: UN | D94: =+#REF! -> #REF! | E94: =+'[5]6,07'!$I$55 -> 1228432 | F94: =+D94*E94 -> #REF!
A95: =+A94+0.01 -> 6.08 | B95: MODULO DE JUEGOS INFANTILES METALICOS CON ACCESORIOS EN FIBRA DE VIDRIO O SIMILAR,AREA APROX.8*9 M. TRES RESBALADEROS-DOS COLUMPIOS-DOS TORRES-UN TRICKIE-UN TUNEL Y PASAMANOS. | C95: UN | D95: =+#REF! -> #REF! | E95: =+'[5]6,08'!$I$55 -> 16590205 | F95: =+D95*E95 -> #REF!
A96: =+A95+0.01 -> 6.09 | B96: BALANCIN RESORTADO DE 1 PUESTO INCLUYE PEDESTAL EN CONCRETO DE 3000 PSI DE (0.80*0.80*0.15 M.) | C96: UN | D96: =+#REF! -> #REF! | E96: =+'[5]6,09'!$I$55 -> 1092713 | F96: =+D96*E96 -> #REF!
A97: =+A96+0.01 -> 6.1 | B97: CICLOPARQUEADERO TIPO IDU M-101 | C97: UN | D97: =+#REF! -> #REF! | E97: =+'[5]6,10'!$I$55 -> 483851 | F97: =+D97*E97 -> #REF!
A98: =+A97+0.01 -> 6.11 | B98: MODULO BIOSALUDABLE DISCAPACITADOS PECTO | C98: UN | D98: =+#REF! -> #REF! | E98: =+'[5]6,11'!$I$55 -> 7538612 | F98: =+D98*E98 -> #REF!
A99: =+A98+0.01 -> 6.12 | B99: MODULO BIOSALUDABLE DISCAPACITADOS BICIC | C99: UN | D99: =+#REF! -> #REF! | E99: =+'[5]6,12'!$I$55 -> 3854408 | F99: =+D99*E99 -> #REF!
A100: =+A99+0.01 -> 6.13 | B100: MODULO BIOSALUDABLE DISCAPACITADOS AUTOB | C100: UN | D100: =+#REF! -> #REF! | E100: =+'[5]6,13'!$I$55 -> 5736556 | F100: =+D100*E100 -> #REF!
A101: =+A100+0.01 -> 6.14 | B101: MODULO BIOSALUDABLE DORSAL ANCHO | C101: UN | D101: =+#REF! -> #REF! | E101: =+'[5]6,14'!$I$55 -> 10441082 | F101: =+D101*E101 -> #REF!
A102: =+A101+0.01 -> 6.15 | B102: MODULO BIOSALUDABLE DOBLE SWING REF. | C102: UN | D102: =+#REF! -> #REF! | E102: =+'[5]6,15'!$I$55 -> 7504336 | F102: =+D102*E102 -> #REF!
...

Sheet PROGRAMACION GENERAL DE OBRA
A1: REPÚBLICA DE COLOMBIA
A2: DEPARTAMENTO DE ARAUCA
A3: ALCALDIA DE ARAUCA
A4: SECRETARIA DE OBRAS PÚBLICAS MUNICIPAL
A5: PRESUPUESTO OFICIAL
A7: PROYECTO: "CONSTRUCCIÓN DE OBRAS DE PROTECCION CONTRA EROSION E INUNDACION, RECUPERACION DE ESPACIO PUBLICO MEDIANTE OBRAS DE URBANISMO, Y DOTACION DE MOBILIARIO URBANO EN EL MALECOM ECOTURISTICO EN EL MUNICIPIO DE ARAUCA, DEPARTAMENTO ARAUCA" | H7: MES 1 | I7: MES 2 | J7: MES 3 | K7: MES 4 | L7: MES 5 | M7: MES 6 | N7: MES 7 | O7: MES 8 | P7: MES 9 | Q7: MES 10 | R7: MES 11 | S7: MES 12 | T7: MES 13 | U7: MES 14
A9: ITEM | B9: DESCRIPCIÓN | C9: UNIDAD | D9: CANTIDAD | E9: PRECIO UNITARIO | F9: VALOR PARCIAL
A10: 1 | B10: PRELIMINARES, DESMONTES Y DEMOLICIONES
A11: =+A10+0.01 -> 1.01 | B11: LOCALIZACION Y REPLANTEO TOPOGRAFICO | C11: M2 | D11: =+'[7]INTERVENTORIA MALECOM'!G79 -> 0 | E11: =+#REF! -> #REF! | F11: =+D11*E11 -> #REF!
A12: =+A11+0.01 -> 1.02 | B12: DEMOLICION MANUAL PLACA DE CCTO-ANDEN | C12: M2 | D12: =+'[7]INTERVENTORIA MALECOM'!G159 -> 0 | E12: =+#REF! -> #REF! | F12: =+D12*E12 -> #REF!
A13: =+A12+0.01 -> 1.03 | B13: DEMOLICION DE SARDINEL 12X40 | C13: ML | D13: =+'[7]INTERVENTORIA MALECOM'!G179 -> 0 | E13: =+#REF! -> #REF! | F13: =+D13*E13 -> #REF!
A14: =+A13+0.01 -> 1.04 | B14: DEMOLICION MANUAL DE MURO EN BLOQUE DE ARCILLA N° 5 E=0.15 M. | C14: M2 | D14: =+'[7]INTERVENTORIA MALECOM'!G256 -> 0 | E14: =+#REF! -> #REF! | F14: =+D14*E14 -> #REF!
A15: =+A14+0.01 -> 1.05 | B15: DEMOLICION MECANICA DE ESTRUCTURAS EN CONCRETO INCLUYE RECOLECCION | C15: M3 | D15: =+'[7]INTERVENTORIA MALECOM'!G270 -> 0 | E15: =+#REF! -> #REF! | F15: =+D15*E15 -> #REF!
A16: =+A15+0.01 -> 1.06 | B16: DESMONTE DE CUBIERTA EXISTENTE EN ADBESTO CEMENTO-FIBROCEMENTO | C16: M2 | D16: =+'[7]INTERVENTORIA MALECOM'!G276 -> 0 | E16: =+#REF! -> #REF! | F16: =+D16*E16 -> #REF!
A17: =+A16+0.01 -> 1.07 | B17: DEMOLICION PISO EN ADOQUIN | C17: M2 | D17: =+'[7]INTERVENTORIA MALECOM'!G296 -> 0 | E17: =+#REF! -> #REF! | F17: =+D17*E17 -> #REF!
A18: =+A17+0.01 -> 1.08 | B18: DESMONTE DE SARDINEL EN LADRILLO PRENSADO | C18: ML | D18: =+'[7]INTERVENTORIA MALECOM'!G312 -> 0 | E18: =+#REF! -> #REF! | F18: =+D18*E18 -> #REF!
A19: =+A18+0.01 -> 1.09 | B19: DEMOLICION PAVIMENTO RIGIDO REFORZADO E=015 M. | C19: M2 | D19: =+'[7]INTERVENTORIA MALECOM'!G321 -> 0 | E19: =+#REF! -> #REF! | F19: =+D19*E19 -> #REF!
A20: =+A19+0.01 -> 1.1 | B20: DESMONTAJE RED ABIERTA B.T. MONOF. ACSR | C20: KM | D20: =+'[7]INTERVENTORIA MALECOM'!G342 -> 0 | E20: =+#REF! -> #REF! | F20: =+D20*E20 -> #REF!
A21: =+A20+0.01 -> 1.11 | B21: DESMONTE SEÑAL VIAL Y VALLAS INFORMATIVA | C21: UN | D21: =+'[7]INTERVENTORIA MALECOM'!G363 -> 0 | E21: =+#REF! -> #REF! | F21: =+D21*E21 -> #REF!
A22: =+A21+0.01 -> 1.12 | B22: DESMONTE POSTES METALICOS Y LAMPARAS | C22: UN | D22: =+'[7]INTERVENTORIA MALECOM'!G383 -> 0 | E22: =+#REF! -> #REF! | F22: =+D22*E22 -> #REF!
A23: =+A22+0.01 -> 1.13 | B23: CARGUE Y RETIRO DE ESCOMBROS MANUALMENTE | C23: M3 | D23: =+'[7]INTERVENTORIA MALECOM'!G393 -> 0 | E23: =+#REF! -> #REF! | F23: =+D23*E23 -> #REF!
E24: SUBTOTAL PRELIMINARES, DESMONTES Y DEMOLICIONES | F24: =+'PRESUPUESTO x CAPITULOS'!F24 -> #REF! | G24: =+F24*1.35 -> #REF! | H24: =+G24/6 -> #REF! | I24: =+H24 -> #REF! | M24: =+I24 -> #REF! | N24: =+M24 -> #REF! | R24: =+N24 -> #REF! | S24: =+R24 -> #REF!
A25: 2 | B25: MOVIMIENTOS DE TIERRAS, EXCAVACIONES Y RELLENOS
A26: =+A25+0.01 -> 2.01 | B26: EXCAVACION MANUAL EN MATERIAL COMUN ENTRE 0-2 M. DE PROFUNDIDAD | C26: M3 | D26: =+'[7]INTERVENTORIA MALECOM'!G510 -> 0 | E26: =+#REF! -> #REF! | F26: =+D26*E26 -> #REF! | G26: =+F26*1.35 -> #REF!
A27: =+A26+0.01 -> 2.02 | B27: NIVELADO DE PISO Y COMPATACION CON RANA | C27: M2 | D27: =+'[7]INTERVENTORIA MALECOM'!G516 -> 0 | E27: =+#REF! -> #REF! | F27: =+D27*E27 -> #REF! | G27: =+F27*1.35 -> #REF!
A28: =+A27+0.01 -> 2.03 | B28: RELLENO Y COMPACTACION CON RANA | C28: M3 | D28: =+'[7]INTERVENTORIA MALECOM'!G597 -> 0 | E28: =+#REF! -> #REF! | F28: =+D28*E28 -> #REF! | G28: =+F28*1.35 -> #REF!
A29: =+A28+0.01 -> 2.04 | B29: SUB BASE GRANULAR EXT. Y COMPACTADA | C29: M3 | D29: =+'[7]INTERVENTORIA MALECOM'!G678 -> 0 | E29: =+#REF! -> #REF! | F29: =+D29*E29 -> #REF! | G29: =+F29*1.35 -> #REF!
A30: =+A29+0.01 -> 2.05 | B30: =+B23 -> CARGUE Y RETIRO DE ESCOMBROS MANUALMENTE | C30: M3 | D30: =+'[7]INTERVENTORIA MALECOM'!G695 -> 0 | E30: =+#REF! -> #REF! | F30: =+D30*E30 -> #REF! | G30: =+F30*1.35 -> #REF!
A31: =+A30+0.01 -> 2.06 | B31: GEOTEXTIL TR 4000 O SIMILAR | C31: M2 | D31: =+'[7]INTERVENTORIA MALECOM'!G701 -> 0 | E31: =+#REF! -> #REF! | F31: =+D31*E31 -> #REF! | G31: =+F31*1.35 -> #REF!
E32: SUBTOTAL MOVIMIENTOS DE TIERRAS, EXCAVACIONES Y RELLENOS | F32: =+'PRESUPUESTO x CAPITULOS'!F32 -> #REF! | G32: =+F32*1.35 -> #REF! | H32: =+G32/9 -> #REF! | I32: =+H32 -> #REF! | J32: =+I32 -> #REF! | M32: =+J32 -> #REF! | N32: =+M32 -> #REF! | O32: =+N32 -> #REF! | R32: =+O32 -> #REF! | S32: =+R32 -> #REF! | T32: =+S32 -> #REF!
A33: 3 | B33: REDES HIDRAULICAS, SANITARIAS Y PLUVIALES
A34: =+A33+0.01 -> 3.01 | B34: DESMONTE DE MEDIDOR DE AGUA | C34: UN | D34: =+'[7]INTERVENTORIA MALECOM'!G722 -> 0 | E34: =+#REF! -> #REF! | F34: =+D34*E34 -> #REF! | G34: =+F34*1.35 -> #REF!
A35: =+A34+0.01 -> 3.02 | B35: MEDIDOR VOLUMETRICO 1/2 pulg. INSTALADO CON CAJA Y VALVULA ANTIFRAUDE | C35: UN | D35: =+'[7]INTERVENTORIA MALECOM'!G728 -> 0 | E35: =+#REF! -> #REF! | F35: =+D35*E35 -> #REF! | G35: =+F35*1.35 -> #REF!
B36: REDES MÓDULO VENTAS | G36: =+F36*1.35 -> 0
A37: =+A35+0.01 -> 3.03 | B37: CAJA DE INSPECCION 1.00x1.00x1.00 EN LADRILLO TOLETE | C37: UN | D37: =+'[7]INTERVENTORIA MALECOM'!G734 -> 0 | E37: =+#REF! -> #REF! | F37: =+D37*E37 -> #REF! | G37: =+F37*1.35 -> #REF!
A38: =+A37+0.01 -> 3.04 | B38: PUNTO HIDRAULICO PVC-P 1/2pulg. | C38: UN | D38: =+'[7]INTERVENTORIA MALECOM'!G739 -> 0 | E38: =+#REF! -> #REF! | F38: =+D38*E38 -> #REF! | G38: =+F38*1.35 -> #REF!
A39: =+A38+0.01 -> 3.05 | B39: PUNTO SANITARIO TUBERIA PVC 2 PULG. | C39: UN | D39: =+'[7]INTERVENTORIA MALECOM'!G750 -> 0 | E39: =+#REF! -> #REF! | F39: =+D39*E39 -> #REF! | G39: =+F39*1.35 -> #REF!
A40: =+A39+0.01 -> 3.06 | B40: PUNTO SANITARIO TUBERIA PVC 4 PULG. | C40: UN | E40: =+#REF! -> #REF! | F40: =+D40*E40 -> #REF! | G40: =+F40*1.35 -> #REF!
A41: =+A40+0.01 -> 3.07 | B41: SIFON DE 3 pulg. | C41: UN | D41: =+'[7]INTERVENTORIA MALECOM'!G761 -> 0 | E41: =+#REF! -> #REF! | F41: =+D41*E41 -> #REF! | G41: =+F41*1.35 -> #REF!
A42: =+A41+0.01 -> 3.08 | B42: PUNTO SANITARIO TUBERIA PVC 3 PULG. | C42: UN | D42: =+'[7]INTERVENTORIA MALECOM'!G766 -> 0 | E42: =+#REF! -> #REF! | F42: =+D42*E42 -> #REF! | G42: =+F42*1.35 -> #REF!
A43: =+A42+0.01 -> 3.09 | B43: ACOMETIDA HIDRAULICA EN PVCP 1/2pulg. | C43: UN | D43: =+'[7]INTERVENTORIA MALECOM'!G783 -> 0 | E43: =+#REF! -> #REF! | F43: =+D43*E43 -> #REF! | G43: =+F43*1.35 -> #REF!
A44: =+A43+0.01 -> 3.1 | B44: TUBERIA PVC-SANITARIA 2pulg. | C44: ML | D44: =+'[7]INTERVENTORIA MALECOM'!G788 -> 0 | E44: =+#REF! -> #REF! | F44: =+D44*E44 -> #REF! | G44: =+F44*1.35 -> #REF!
A45: =+A44+0.01 -> 3.11 | B45: TUBERIA PVC-SANITARIA 3pulg. | C45: ML | D45: =+'[7]INTERVENTORIA MALECOM'!G793 -> 0 | E45: =+#REF! -> #REF! | F45: =+D45*E45 -> #REF! | G45: =+F45*1.35 -> #REF!
A46: =+A45+0.01 -> 3.12 | B46: TUBERIA PVC-SANITARIA 4pulg. | C46: ML | D46: =+'[7]INTERVENTORIA MALECOM'!G798 -> 0 | E46: =+#REF! -> #REF! | F46: =+D46*E46 -> #REF! | G46: =+F46*1.35 -> #REF!
A47: =+A46+0.01 -> 3.13 | B47: RED DE DISTRIBUCION PVC-P 1/2pulg. | C47: ML | D47: =+'[7]INTERVENTORIA MALECOM'!G839 -> 0 | E47: =+#REF! -> #REF! | F47: =+D47*E47 -> #REF! | G47: =+F47*1.35 -> #REF!
E48: SUBTOTAL REDES HIDRAULICAS, SANITARIAS Y PLUVIALES | F48: =+'PRESUPUESTO x CAPITULOS'!F48 -> #REF! | G48: =+F48*1.35 -> #REF! | R48: =+G48 -> #REF!
A49: 4 | B49: SUBESTRUCTURAS, ESTRUCTURAS Y REFUERZOS
A50: =+A49+0.01 -> 4.01 | B50: MORTERO DE NIVELACION E=0.04 M | C50: M2 | D50: =+'[7]INTERVENTORIA MALECOM'!G882 -> 0 | E50: =+#REF! -> #REF! | F50: =+D50*E50 -> #REF! | G50: =+F50*1.35 -> #REF!
A51: =+A50+0.01 -> 4.02 | B51: SARDINEL PREF.CCTO 3500 PSI(A-10) 20*50*80 | C51: ML | D51: 2021 | E51: =+#REF! -> #REF! | F51: =+D51*E51 -> #REF! | G51: =+F51*1.35 -> #REF!
A52: =+A51+0.01 -> 4.03 | B52: SARDINEL PREF.CCTO 3500PSI-.35*.20*.80 M | C52: ML | D52: =+'[7]INTERVENTORIA MALECOM'!G893 -> 0 | E52: =+#REF! -> #REF! | F52: =+D52*E52 -> #REF! | G52: =+F52*1.35 -> #REF!
A53: =+A52+0.01 -> 4.04 | B53: ESCALON EN C/CTO REF. (2 NIV.) H=0.30 M. | C53: ML | D53: =+'[7]INTERVENTORIA MALECOM'!G1039 -> 0 | E53: =+#REF! -> #REF! | F53: =+D53*E53 -> #REF! | G53: =+F53*1.35 -> #REF!
A54: =+A53+0.01 -> 4.05 | B54: RAMPA C/CTO 3000 PSI E=0.10 M REFORZADA | C54: M2 | D54: =+'[7]INTERVENTORIA MALECOM'!G946 -> 0 | E54: =+#REF! -> #REF! | F54: =+D54*E54 -> #REF! | G54: =+F54*1.35 -> #REF!
A55: =+A54+0.01 -> 4.06 | B55: CONTENEDOR DE RAIZ CIRCULAR EN CONCRETO REFORZADO D=2.70 M. | C55: UN | D55: =+'[7]INTERVENTORIA MALECOM'!G978 -> 0 | E55: =+#REF! -> #REF! | F55: =+D55*E55 -> #REF! | G55: =+F55*1.35 -> #REF!
B56: CANCHAS MULTIPLES | G56: =+F56*1.35 -> 0
A57: =+A55+0.01 -> 4.07 | B57: CONCRETO DE LIMPIEZA E=0.05 M (SOLADO) | C57: M2 | D57: =+'[7]INTERVENTORIA MALECOM'!G996 -> 0 | E57: =+#REF! -> #REF! | F57: =+D57*E57 -> #REF! | G57: =+F57*1.35 -> #REF!
A58: =+A57+0.01 -> 4.08 | B58: PLACA CONCRETO 3000 PSI E=0.10 M. INCL. | C58: M2 | D58: =+'[7]INTERVENTORIA MALECOM'!G1002 -> 0 | E58: =+#REF! -> #REF! | F58: =+D58*E58 -> #REF! | G58: =+F58*1.35 -> #REF!
A59: =+A58+0.01 -> 4.09 | B59: PINTURA DEMARCACION LINEAS DE CAMPO DEPORTIVO A=0.12 M. | C59: ML | D59: =+'[7]INTERVENTORIA MALECOM'!G1012 -> 0 | E59: =+#REF! -> #REF! | F59: =+D59*E59 -> #REF! | G59: =+F59*1.35 -> #REF!
A60: =+A59+0.01 -> 4.1 | B60: CANCHA MULTIPLE METALICA | C60: UND | D60: =+'[7]INTERVENTORIA MALECOM'!G1018 -> 0 | E60: =+#REF! -> #REF! | F60: =+D60*E60 -> #REF! | G60: =+F60*1.35 -> #REF!
A61: =+A60+0.01 -> 4.11 | B61: CERRAMIENTO CANCHA EN MALLA DE NYLON | C61: M2 | D61: =+'[7]INTERVENTORIA MALECOM'!G1026 -> 0 | E61: =+#REF! -> #REF! | F61: =+D61*E61 -> #REF! | G61: =+F61*1.35 -> #REF!
A62: =+A61+0.01 -> 4.12 | B62: CONCRETO 3000 PSI CON FORMALETA PARA GRADERIAS | C62: M3 | D62: =+'[7]INTERVENTORIA MALECOM'!G1033 -> 0 | E62: =+#REF! -> #REF! | F62: =+D62*E62 -> #REF! | G62: =+F62*1.35 -> #REF!
A63: =+A62+0.01 -> 4.13 | B63: BRAZO TENSOR EN TUBERIA METALICA REDONDA ESTRUCTURAL PARA MALLA DE NYLON | C63: ML | D63: =+'[7]INTERVENTORIA MALECOM'!G1039 -> 0 | E63: =+#REF! -> #REF! | F63: =+D63*E63 -> #REF! | G63: =+F63*1.35 -> #REF!
B64: PARQUE SKATE | G64: =+F64*1.35 -> 0
A65: =+A63+0.01 -> 4.14 | B65: CONCRETO DE LIMPIEZA E=0.05 M (SOLADO) | C65: M2 | D65: =+'[7]INTERVENTORIA MALECOM'!G1059 -> 0 | E65: =+#REF! -> #REF! | F65: =+D65*E65 -> #REF! | G65: =+F65*1.35 -> #REF!
A66: =+A65+0.01 -> 4.15 | B66: PLACA CONCRETO 3000 PSI E=0.10 M. INCL. | C66: M2 | D66: =+'[7]INTERVENTORIA MALECOM'!G1071 -> 0 | E66: =+#REF! -> #REF! | F66: =+D66*E66 -> #REF! | G66: =+F66*1.35 -> #REF!
B67: ESTRUCTURA DE CONTENCION | G67: =+F67*1.35 -> 0
A68: =+A66+0.01 -> 4.16 | B68: PILOTE PREEXCAVADO EN CONCRETO 4000 PSI 28 MPA. D=0,3 | C68: ML | D68: =+'[7]INTERVENTORIA MALECOM'!G1082 -> 0 | E68: =+'[8]4,18'!$I$55 -> 363245 | F68: =+D68*E68 -> 0 | G68: =+F68*1.35 -> 0 | H68: =2700*0.85 -> 2295
A69: =+A68+0.01 -> 4.17 | B69: CONCRETO PARA MURO DE CONTENCION DOS CARAS (1 VERTICAL 1 INCLINADA) 4000 PSI 28 MPA, H>= 6M, PARA PROTECCION ORILLA DE RIO, INCLUYE ANDAMIOS, BOMBA DE CONCRETO Y FORMALETA | C69: M3 | D69: =+'[7]INTERVENTORIA MALECOM'!G1094 -> 0 | E69: =+'[8]4,19'!$I$57 -> 1339726 | F69: =+D69*E69 -> 0 | G69: =+F69*1.35 -> 0
A70: =+A69+0.01 -> 4.18 | B70: ACERO Fy : 60000 PSI. PARA MURO DE CONTENCION H=6 M | C70: KG | D70: =+'[7]INTERVENTORIA MALECOM'!G1104 -> 0 | E70: =+'[8]4,20'!$I$57 -> 5428 | F70: =+D70*E70 -> 0 | G70: =+F70*1.35 -> 0 | H70: =+G70*0.4 -> 0 | I70: 3000
A71: =+A70+0.01 -> 4.19 | B71: DESCABECE DE PILOTE D= 0,30 M | C71: UND | D71: =+'[7]INTERVENTORIA MALECOM'!G1109 -> 0 | E71: =+'[8]4,21'!$I$57 -> 37078 | F71: =+D71*E71 -> 0 | G71: =+F71*1.35 -> 0 | I71: =+I70/G70 -> #DIV/0!
A72: =+A71+0.01 -> 4.2 | B72: CINTA P'VC 0-22 O SIMILAR (INSTALADA) | C72: ML | D72: =+'[7]INTERVENTORIA MALECOM'!G1114 -> 0 | E72: =+#REF! -> #REF! | F72: =+D72*E72 -> #REF! | G72: =+F72*1.35 -> #REF!
E73: SUBTOTAL SUBESTRUCTURAS, ESTRUCTURAS Y REFUERZOS | F73: =+'PRESUPUESTO x CAPITULOS'!F73 -> #REF! | G73: =+F73*1.35 -> #REF! | L73: =+G73/7 -> #REF! | M73: =+L73 -> #REF! | N73: =+M73 -> #REF! | O73: =+N73 -> #REF! | P73: =+O73 -> #REF! | Q73: =+P73 -> #REF! | R73: =+Q73 -> #REF!
A74: 5 | B74: ACABADOS DE URBANISMO
A75: =+A74+0.01 -> 5.01 | B75: LOSETA DE CONCRETO 6 RALLAS 0.40*0.40*0.06 M.-INCLUYE INSTALACION | C75: M2 | D75: =+'[7]INTERVENTORIA MALECOM'!G1126 -> 0 | E75: =+#REF! -> #REF! | F75: =+D75*E75 -> #REF! | G75: =+F75*1.35 -> #REF! | H75: =58000+15000+12000 -> 85000
A76: =+A75+0.01 -> 5.02 | B76: LOSETA PREFABRICADA DE CONCRETO TIPO A50 DE 40*40*6 CMS. | C76: M2 | D76: =+'[7]INTERVENTORIA MALECOM'!G1167 -> 0 | E76: =+#REF! -> #REF! | F76: =+D76*E76 -> #REF! | G76: =+F76*1.35 -> #REF!
A77: =+A76+0.01 -> 5.03 | B77: LOSETA DE CONCRETO TOPEROLES 0.40*0.40*0.06 M. INCLUYE INSTALACION | C77: M2 | D77: =+'[7]INTERVENTORIA MALECOM'!G1187 -> 0 | E77: =+#REF! -> #REF! | F77: =+D77*E77 -> #REF! | G77: =+F77*1.35 -> #REF!
A78: =+A77+0.01 -> 5.04 | B78: IMPRIMACION ASFALTICA | C78: M2 | D78: =+'[7]INTERVENTORIA MALECOM'!G1193 -> 0 | E78: =+#REF! -> #REF! | F78: =+D78*E78 -> #REF! | G78: =+F78*1.35 -> #REF!
A79: =+A78+0.01 -> 5.05 | B79: MEZCLA ASFALTICA EN CALIENTE SUM. Y COLO | C79: M3 | D79: =+'[7]INTERVENTORIA MALECOM'!G1199 -> 0 | E79: 922266 | F79: =+D79*E79 -> 0 | G79: =+F79*1.35 -> 0
A80: =+A79+0.01 -> 5.06 | B80: ANDEN EN CONCRETO ESTAMPADO 3000 PSI COLORES, E= 0.12 M INCL DILATACION | C80: M2 | D80: =+'[7]INTERVENTORIA MALECOM'!G1210 -> 0 | E80: =+'[8]8,6'!$I$59 -> 187042 | F80: =+D80*E80 -> 0 | G80: =+F80*1.35 -> 0 | H80: =1/G82 -> #REF!
A81: =+A80+0.01 -> 5.07 | B81: SELLADO DE JUNTA DE CONSTRUCCIÓN CON SIKAFLEX-401 PAVEMENT SL. | C81: ML | D81: =+'[7]INTERVENTORIA MALECOM'!G1221 -> 0 | E81: =+#REF! -> #REF! | F81: =+D81*E81 -> #REF! | G81: =+F81*1.35 -> #REF!
A82: =+A81+0.01 -> 5.08 | B82: PISO EN BLOQUE C/CTO T-ADOQUIN GRIS 0.06*0.10*0.20 M. | C82: M2 | D82: =+'[7]INTERVENTORIA MALECOM'!G1240 -> 0 | E82: =+#REF! -> #REF! | F82: =+D82*E82 -> #REF! | G82: =+F82*1.35 -> #REF!
B83: MÓDULO VENTAS | G83: =+F83*1.35 -> 0
A84: =+A82+0.01 -> 5.09 | B84: KIOSCO TIPO 1 - 5 MESAS SILLAS EN CONCRETO CUBIERTA EN POLICARBONATO CON ESTRUCTURA METALICA | C84: UND | D84: =+'[7]INTERVENTORIA MALECOM'!G1245 -> 0 | E84: =+#REF! -> #REF! | F84: =+D84*E84 -> #REF! | G84: =+F84*1.35 -> #REF!
A85: =+A84+0.01 -> 5.1 | B85: MESON ACERO INOX 3*1 M. CON 2 POCETAS | C85: UND | D85: =+'[7]INTERVENTORIA MALECOM'!G1250 -> 0 | E85: =+#REF! -> #REF! | F85: =+D85*E85 -> #REF! | G85: =+F85*1.35 -> #REF!
E86: SUBTOTAL ACABADOS DE URBANISMO | F86: =+'PRESUPUESTO x CAPITULOS'!F86 -> #REF! | G86: =+F86*1.35 -> #REF! | K86: =+G86/11 -> #REF! | L86: =+K86 -> #REF! | M86: =+L86 -> #REF! | N86: =+M86 -> #REF! | O86: =+N86 -> #REF! | P86: =+O86 -> #REF! | Q86: =+P86 -> #REF! | R86: =+Q86 -> #REF! | S86: =+R86 -> #REF! | ... U86: =+T86 -> #REF!
A87: 6 | B87: CARPINTERÍAS, MOBILIARIO URBANO Y SEÑALIZACIÓN
A88: =+A87+0.01 -> 6.01 | B88: LINEAS DE DEMARCACION CON PINTURA EN FRIO | C88: M2 | D88: =+'[7]INTERVENTORIA MALECOM'!G1310 -> 0 | E88: =+#REF! -> #REF! | F88: =+D88*E88 -> #REF! | G88: =+F88*1.35 -> #REF!
A89: =+A88+0.01 -> 6.02 | B89: SEÑAL DE TRANSITO PREVENTIVA | C89: UN | D89: =+'[7]INTERVENTORIA MALECOM'!G1330 -> 0 | E89: =+#REF! -> #REF! | F89: =+D89*E89 -> #REF! | G89: =+F89*1.35 -> #REF!
A90: =+A89+0.01 -> 6.03 | B90: BANCA EN CONCRETO PREFABRICADA TIPO MC KONKRETUS | C90: UN | D90: =+'[7]INTERVENTORIA MALECOM'!G1350 -> 0 | E90: =+#REF! -> #REF! | F90: =+D90*E90 -> #REF! | G90: =+F90*1.35 -> #REF!
A91: =+A90+0.01 -> 6.04 | B91: BANCA EN CONCRETO PREFABRICADA TIPO MALMO SIN ESPALDAR KONKRETUS - INCLUYE INSTALACION | C91: UN | D91: =+'[7]INTERVENTORIA MALECOM'!G1370 -> 0 | E91: =+#REF! -> #REF! | F91: =+D91*E91 -> #REF! | G91: =+F91*1.35 -> #REF!
A92: =+A91+0.01 -> 6.05 | B92: BARANDA TUBO SCH-40 3p-PERF.IPE 220 PARA | C92: ML | D92: =+'[7]INTERVENTORIA MALECOM'!G1375 -> 0 | E92: =+#REF! -> #REF! | F92: =+D92*E92 -> #REF! | G92: =+F92*1.35 -> #REF!
A93: =+A92+0.01 -> 6.06 | B93: PASAMANOS EN TUBERIA DE ACERO INOXIDABLE 2 PULG.-PARALES 1+1/2 PULG. DISTANCIADORES DE 3/4 PULG. Y ESTERILLA 1/2 PULG. | C93: ML | D93: =+'[7]INTERVENTORIA MALECOM'!G1380 -> 0 | E93: =+#REF! -> #REF! | F93: =+D93*E93 -> #REF! | G93: =+F93*1.35 -> #REF!
A94: =+A93+0.01 -> 6.07 | B94: CANECA TIPO BARCELONA GRANDE INSTALADA | C94: UN | D94: =+'[7]INTERVENTORIA MALECOM'!G1405 -> 0 | E94: =+#REF! -> #REF! | F94: =+D94*E94 -> #REF! | G94: =+F94*1.35 -> #REF!
A95: =+A94+0.01 -> 6.08 | B95: MODULO DE JUEGOS INFANTILES METALICOS CON ACCESORIOS EN FIBRA DE VIDRIO O SIMILAR,AREA APROX.8*9 M. TRES RESBALADEROS-DOS COLUMPIOS-DOS TORRES-UN TRICKIE-UN TUNEL Y PASAMANOS. | C95: UN | D95: =+'[7]INTERVENTORIA MALECOM'!G1434 -> 0 | E95: =+#REF! -> #REF! | F95: =+D95*E95 -> #REF! | G95: =+F95*1.35 -> #REF!
A96: =+A95+0.01 -> 6.09 | B96: BALANCIN RESORTADO DE 1 PUESTO INCLUYE PEDESTAL EN CONCRETO DE 3000 PSI DE (0.80*0.80*0.15 M.) | C96: UN | D96: =+'[7]INTERVENTORIA MALECOM'!G1439 -> 0 | E96: =+#REF! -> #REF! | F96: =+D96*E96 -> #REF! | G96: =+F96*1.35 -> #REF!
A97: =+A96+0.01 -> 6.1 | B97: CICLOPARQUEADERO TIPO IDU M-101 | C97: UN | D97: =+'[7]INTERVENTORIA MALECOM'!G1445 -> 0 | E97: =+#REF! -> #REF! | F97: =+D97*E97 -> #REF! | G97: =+F97*1.35 -> #REF!
A98: =+A97+0.01 -> 6.11 | B98: MODULO BIOSALUDABLE DISCAPACITADOS PECTO | C98: UN | D98: =+'[7]INTERVENTORIA MALECOM'!G1450 -> 0 | E98: =+#REF! -> #REF! | F98: =+D98*E98 -> #REF! | G98: =+F98*1.35 -> #REF!
A99: =+A98+0.01 -> 6.12 | B99: MODULO BIOSALUDABLE DISCAPACITADOS BICIC | C99: UN | D99: =+'[7]INTERVENTORIA MALECOM'!G1455 -> 0 | E99: =+#REF! -> #REF! | F99: =+D99*E99 -> #REF! | G99: =+F99*1.35 -> #REF!
A100: =+A99+0.01 -> 6.13 | B100: MODULO BIOSALUDABLE DISCAPACITADOS AUTOB | C100: UN | D100: =+'[7]INTERVENTORIA MALECOM'!G1460 -> 0 | E100: =+#REF! -> #REF! | F100: =+D100*E100 -> #REF! | G100: =+F100*1.35 -> #REF!
A101: =+A100+0.01 -> 6.14 | B101: MODULO BIOSALUDABLE DORSAL ANCHO | C101: UN | D101: =+'[7]INTERVENTORIA MALECOM'!G1465 -> 0 | E101: =+#REF! -> #REF! | F101: =+D101*E101 -> #REF! | G101: =+F101*1.35 -> #REF!
A102: =+A101+0.01 -> 6.15 | B102: MODULO BIOSALUDABLE DOBLE SWING REF. | C102: UN | D102: =+'[7]INTERVENTORIA MALECOM'!G1470 -> 0 | E102: =+#REF! -> #REF! | F102: =+D102*E102 -> #REF! | G102: =+F102*1.35 -> #REF!
...
